Workbook
Name _A100243: #REF!
Name _A100243: #REF!
Name _A100801: #REF!
Name _A100801: #REF!
Name _A103801: #REF!
Name _A103801: #REF!
Name _A103809: #REF!
Name _A103809: #REF!
Name _A108102: #REF!
Name _A108102: #REF!
Name _A202005: #REF!
Name _A202005: #REF!
Name _A202007: #REF!
Name _A202007: #REF!
Name _A203202: #REF!
Name _A203202: #REF!
Name _A203217: #REF!
Name _A203217: #REF!
Name _A203913: #REF!
Name _A203913: #REF!
Name _A211003: #REF!
Name _A211003: #REF!
Name _A211014: #REF!
Name _A211014: #REF!
Name _ATU2: #REF!
Name _ATU2: #REF!
Name _ATU2: #REF!
Name A1000XX: #REF!
Name A1000XX: #REF!
Name A10020404: #REF!
Name A10020404: #REF!
Name A10020902: #REF!
Name A10020902: #REF!
Name A10021002: #REF!
Name A10021002: #REF!
Name A10022520: #REF!
Name A10022520: #REF!
Name A10030101: #REF!
Name A10030101: #REF!
Name A1015Cr: #REF!
Name A1015Cr: #REF!
Name A1017Cr: #REF!
Name A1017Cr: #REF!
Name A1035XX: #REF!
Name A1035XX: #REF!
Name A1082Cr: #REF!
Name A1082Cr: #REF!
Name A1090Cr: #REF!
Name A1090Cr: #REF!
Name A1098Cr: #REF!
Name A1098Cr: #REF!
Name A11Cr: #REF!
Name A11Cr: #REF!
Name A12Cr: #REF!
Name A12Cr: #REF!
Name A2003Cr: #REF!
Name A2003Cr: #REF!
Name A2010Cr: #REF!
Name A2010Cr: #REF!
Name A2040XX: #REF!

Sheet Ativo
C2: 2011 | D2: 2012 | E2: 2013 | F2: 2014 | G2: 2015 | H2: 2016 | I2: 2017 | K2: 2018 | P2: 2019 | U2: 2020 | Z2: 2021 | AE2: 2022 | AJ2: 2023 | AO2: 2024 | AT2: 2025 | AY2: 2026
C3: 4T2011 | D3: 4T2012 | E3: 4T2013 | F3: 4T2014 | G3: 4T2015 | H3: 4T2016 | I3: 4T2017 | K3: 1T2018 | L3: 2T2018 | M3: 3T2018 | N3: 4T2018 | P3: 1T2019 | Q3: 2T2019 | R3: 3T2019 | S3: 4T2019 | U3: 1T2020 | V3: 2T2020 | W3: 3T2020 | X3: 4T2020 | Z3: 1T2021 | AA3: 2T2021 | AB3: 3T2021 | AC3: 4T2021 | AE3: 1T2022 | AF3: 2T2022 | AG3: 3T2022 | AH3: 4T2022 | AJ3: 1T2023 | AK3: 2T2023 | AL3: 3T2023 | AM3: 4T2023 | AO3: 1T2024 | AP3: 2T2024 | AQ3: 3T2024 | AR3: 4T2024 | AT3: 1T2025 | AU3: 2T2025 | AV3: 3T2025 | AW3: 4T2025 | AY3: 1T2026 | AZ3: 2T2026 | BA3: 3T2026 | BB3: 4T2026
B5: Ativo | C5: 40908 | D5: 41274 | E5: 41639 | F5: 42004 | G5: 42369 | H5: 42735 | I5: 43100 | K5: 43190 | L5: 43281 | M5: 43373 | N5: 43465 | P5: 43555 | Q5: 43646 | R5: 43738 | S5: 43830 | U5: 43921 | V5: 44012 | W5: 44104 | X5: 44196 | Z5: 44286 | AA5: 44377 | AB5: 44469 | AC5: 44561 | AE5: 44651 | AF5: 44742 | AG5: 44834 | AH5: 44926 | AJ5: 45016 | AK5: 45107 | AL5: 45199 | AM5: 45291 | AO5: 45382 | AP5: 45473 | AQ5: 45565 | AR5: 45657 | AT5: 45747 | AU5: 45838 | AV5: 45930 | AW5: 46022 | AY5: 46112 | AZ5: 46203 | BA5: 46295 | BB5: 46387
B7: Ativo circulante | C7: 251595 | D7: 299824 | E7: 400965 | F7: 459802 | G7: 504548 | H7: 528142 | I7: 607228 | K7: 927303 | L7: 1121081 | M7: 1135234 | N7: 772074 | P7: 1261547 | Q7: 1209756 | R7: 1214120 | S7: 1146288 | U7: 1694427 | V7: 1224709 | W7: 1607446 | X7: 1770014 | Z7: 2535501 | AA7: 3079581 | AB7: 3555877 | AC7: 3354305 | AE7: 3833602 | AF7: 4196889 | AG7: 4229096 | AH7: 4257219 | AJ7: 4452987.7 | AK7: 4120910 | AL7: 4266606 | AM7: 4422008 | AO7: 4849333 | AP7: 5878986 | AQ7: =SUM(AQ8:AQ10,AQ11:AQ15) -> 5873922 | AR7: =SUM(AR8:AR10,AR11:AR15) -> 5776390 | AT7: =SUM(AT8:AT10,AT11:AT15) -> 6427671 | AU7: =SUM(AU8:AU10,AU11:AU15) -> 7670246 | AV7: =SUM(AV8:AV10,AV11:AV15) -> 7973507 | AW7: =SUM(AW8:AW10,AW11:AW15) -> 8134041 | AY7: =SUM(AY8:AY10,AY11:AY15) -> 9233628 | AZ7: =SUM(AZ8:AZ10,AZ11:AZ15) -> 8774829 | BA7: =SUM(BA8:BA10,BA11:BA15) -> 0 | BB7: =SUM(BB8:BB10,BB11:BB15) -> 0
B8: Caixa e equivalentes de caixa | C8: 19270 | D8: 49476 | E8: 49705 | F8: 37300 | G8: 39030 | H8: 37252 | I8: 35870 | K8: 41403 | L8: 20448 | M8: 61382 | N8: 136847 | P8: 71307 | Q8: 54899 | R8: 80420 | S8: 168910 | U8: 101248 | V8: 91402 | W8: 135262 | X8: 252692 | Z8: 547193 | AA8: 161896 | AB8: 560333 | AC8: 351590 | AE8: 720271 | AF8: 500991 | AG8: 872401 | AH8: 724314 | AJ8: 931919.37 | AK8: 646950 | AL8: 914435 | AM8: 1028483 | AO8: 935238 | AP8: 1448705 | AQ8: 1635124 | AR8: 1696858 | AT8: 1539875 | AU8: 1686809 | AV8: 2123163 | AW8: 2560066 | AY8: 2386696 | AZ8: 1309345
B9: Aplicações Financeiras | C9: 0 | D9: 0 | E9: 0 | F9: 0 | G9: 0 | H9: 0 | I9: 0 | K9: 0 | L9: 0 | M9: 0 | N9: 0 | P9: 0 | Q9: 0 | R9: 0 | S9: 0 | U9: 0 | V9: 0 | W9: 0 | X9: 0 | Z9: 0 | AA9: 0 | AB9: 769428 | AC9: 739002 | AE9: 590375 | AF9: 403780 | AG9: 357875 | AH9: 154841 | AJ9: 159987.61 | AK9: 164897 | AL9: 231655 | AM9: 197451 | AO9: 146480 | AP9: 185149 | AQ9: 10793 | AR9: 75404 | AT9: 115009 | AU9: 159980 | AV9: 46513 | AW9: 195360 | AY9: 203753 | AZ9: 112705
B10: Contas a receber | C10: 68930 | D10: 74485 | E10: 100332 | F10: 149543 | G10: 166141 | H10: 206358 | I10: 244097 | K10: 431120 | L10: 300313 | M10: 316835 | N10: 278666 | P10: 479114 | Q10: 247233 | R10: 217094 | S10: 394392 | U10: 643294 | V10: 220228 | W10: 515749 | X10: 634246 | Z10: 847782 | AA10: 68131 | AB10: 249281 | AC10: 701919 | AE10: 865658 | AF10: 192913 | AG10: 310559 | AH10: 1037931 | AJ10: 998931.8 | AK10: 473988 | AL10: 567379 | AM10: 1238679 | AO10: 1539829 | AP10: 747027 | AQ10: 865931 | AR10: 1396538 | AT10: 1496356 | AU10: 1126424 | AV10: 1865576 | AW10: 2147422 | AY10: 2651096 | AZ10: 1616842
B11: Estoques | C11: 93441 | D11: 80616 | E11: 166412 | F11: 163159 | G11: 190098 | H11: 252790 | I11: 292143 | K11: 365833 | L11: 589625 | M11: 492785 | N11: 282871 | P11: 541047 | Q11: 697612 | R11: 645947 | S11: 487036 | U11: 842575 | V11: 816939 | W11: 852388 | X11: 783523 | Z11: 949111 | AA11: 2494391 | AB11: 1818822 | AC11: 1426503 | AE11: 1417953 | AF11: 2884855 | AG11: 2402766 | AH11: 2030031 | AJ11: 2059084.5 | AK11: 2551994 | AL11: 2086615 | AM11: 1516014 | AO11: 1857696 | AP11: 3086614 | AQ11: 2731157 | AR11: 1920988 | AT11: 2749063 | AU11: 3826264 | AV11: 2500191 | AW11: 2158891 | AY11: 2763892 | AZ11: 4216678
B12: Imposto de Renda e Contribuição Social | AR12: 41909 | AT12: 40754 | AU12: 5398 | AV12: 65343 | AW12: 7866 | AY12: 12826 | AZ12: 55086
B13: Tributos a recuperar | C13: 2542 | D13: 4259 | E13: 8174 | F13: 20961 | G13: 22259 | H13: 5574 | I13: 10261 | K13: 16944 | L13: 28629 | M13: 42501 | N13: 18466 | P13: 24588 | Q13: 35736 | R13: 30100 | S13: 27591 | U13: 34539 | V13: 42114 | W13: 53445 | X13: 45169 | Z13: 45140 | AA13: 50576 | AB13: 67794 | AC13: 63576 | AE13: 84454 | AF13: 122568 | AG13: 180087 | AH13: 134967 | AJ13: 147690 | AK13: 135599 | AL13: 180116 | AM13: 207054 | AO13: 220938 | AP13: 213212 | AQ13: 227302 | AR13: 167431 | AT13: 120040 | AU13: 255342 | AV13: 334095 | AW13: 325253 | AY13: 351595 | AZ13: 368540
B14: Despesas antecipadas | C14: 775 | D14: 1661 | E14: 2141 | F14: 4804 | G14: 699 | H14: 502 | I14: 1342 | K14: 2811 | L14: 1919 | M14: 4201 | N14: 899 | P14: 7291 | Q14: 8114 | R14: 10679 | S14: 3753 | U14: 11253 | V14: 790 | W14: 664 | X14: 1395 | Z14: 10796 | AA14: 23411 | AB14: 20191 | AC14: 9662 | AE14: 7908 | AF14: 16795 | AG14: 3839 | AH14: 5955 | AJ14: 12121 | AK14: 13580 | AL14: 10132 | AM14: 9525 | AO14: 11495 | AP14: 5447 | AQ14: 15828 | AR14: 8829 | AT14: 8006 | AU14: 16796 | AV14: 78833 | AW14: 62348 | AY14: 149538 | AZ14: 182472
B15: Outros ativos circulantes | C15: =SUM(C16:C19) -> 66637 | D15: =SUM(D16:D19) -> 89327 | E15: =SUM(E16:E19) -> 74201 | F15: =SUM(F16:F19) -> 84035 | G15: =SUM(G16:G19) -> 86321 | H15: =SUM(H16:H19) -> 25666 | I15: =SUM(I16:I19) -> 23515 | K15: 69192 | L15: 180147 | M15: 217530 | N15: 54325 | P15: 138200 | Q15: 166162 | R15: 229880 | S15: 64606 | U15: 61518 | V15: 53236 | W15: 49938 | X15: 52989 | Z15: 135479 | AA15: 281176 | AB15: 70028 | AC15: 62053 | AE15: 146983 | AF15: 74987 | AG15: 101569 | AH15: 169180 | AJ15: 143253.33 | AK15: 133902 | AL15: 276274 | AM15: 224802 | AO15: 137657 | AP15: 192832 | AQ15: =SUM(AQ16:AQ19) -> 387787 | AR15: =SUM(AR16:AR19) -> 468433 | AT15: =SUM(AT16:AT19) -> 358568 | AU15: =SUM(AU16:AU19) -> 593233 | AV15: =SUM(AV16:AV19) -> 959793 | AW15: =SUM(AW16:AW19) -> 676835 | AY15: =SUM(AY16:AY19) -> 714232 | AZ15: =SUM(AZ16:AZ19) -> 913161 | BA15: =SUM(BA16:BA19) -> 0 | BB15: =SUM(BB16:BB19) -> 0
B16: Adiantamentos | C16: 17320 | D16: 9347 | E16: 6603 | F16: 19203 | G16: 9084 | H16: 5853 | I16: 6735 | K16: 5900 | L16: 102294 | M16: 94973 | N16: 7733 | P16: 34114 | Q16: 55888 | R16: 73136 | S16: 18123 | U16: 15531 | V16: 20002 | W16: 21854 | X16: 12392 | Z16: 3845 | AA16: 7445 | AB16: 4777 | AC16: 686 | AE16: 143 | AF16: 607 | AG16: 1088 | AH16: 9470 | AJ16: 4389.1739 | AK16: 8822 | AL16: 592 | AM16: 1649 | AO16: 900 | AP16: 1550 | AQ16: 1215 | AR16: 3934 | AT16: 3674 | AU16: 2099 | AV16: 327985 | AW16: 129283 | AY16: 161571 | AZ16: 409086
B17: Instrumentos financeiros derivativos | C17: 49265 | D17: 79930 | E17: 67216 | F17: 50827 | G17: 70747 | H17: 8720 | I17: 2614 | K17: 47452 | L17: 64359 | M17: 109350 | N17: 19848 | P17: 79510 | Q17: 72937 | R17: 104789 | S17: 13888 | U17: 1450 | V17: 12367 | W17: 14110 | X17: 6869 | Z17: 86194 | AA17: 231065 | AB17: 29801 | AC17: 25089 | AE17: 95693 | AF17: 17293 | AG17: 47599 | AH17: 83048 | AJ17: 53593.381 | AK17: 43820 | AL17: 195506 | AM17: 166912 | AO17: 66853 | AP17: 126330 | AQ17: 314865 | AR17: 402092 | AT17: 294367 | AU17: 528823 | AV17: 568600 | AW17: 508095 | AY17: 502535 | AZ17: 451485
B18: Partes Relacionadas | C18: 0 | D18: 0 | E18: 0 | F18: 0 | G18: 5846 | H18: 7381 | I18: 8944 | K18: 8946 | L18: 8944 | M18: 8942 | N18: 8944 | P18: 8944 | Q18: 8944 | R18: 8944 | S18: 8944 | U18: 8944 | V18: 8944 | W18: 8944 | X18: 7267 | Z18: 7488 | AA18: 7629 | AB18: 7841 | AC18: 5733 | AE18: 5879 | AF18: 6057 | AG18: 6035 | AH18: 16490 | AJ18: 16820.252 | AK18: 17082 | AL18: 17128 | AM18: 13467 | AO18: 13504 | AP18: 13639 | AQ18: 13717 | AR18: 9909 | AT18: 10103 | AU18: 10229 | AV18: 10269 | AW18: 0 | AY18: 0 | AZ18: 0
B19: Outros ativos | C19: 52 | D19: 50 | E19: 382 | F19: 14005 | G19: 644 | H19: 3712 | I19: 5222 | K19: 6894 | L19: 4550 | M19: 4265 | N19: 17800 | P19: 15632 | Q19: 28393 | R19: 43011 | S19: 23651 | U19: 35593 | V19: 11923 | W19: 5030 | X19: 26461 | Z19: 37952 | AA19: 35037 | AB19: 27609 | AC19: 30545 | AE19: 45268 | AF19: 51030 | AG19: 46847 | AH19: 60172 | AJ19: 68450.696 | AK19: 64178 | AL19: 63048 | AM19: 42774 | AO19: 56400 | AP19: 51313 | AQ19: 57990 | AR19: 52498 | AT19: 50424 | AU19: 52082 | AV19: 52939 | AW19: 39457 | AY19: 50126 | AZ19: 52590
B21: Ativo não circulante | C21: 142060 | D21: 183523 | E21: 218862 | F21: 244281 | G21: 278932 | H21: 260518 | I21: 281879 | K21: 282311 | L21: 282750 | M21: 286271 | N21: 376759 | P21: 318398 | Q21: 347429 | R21: 362178 | S21: 491326 | U21: 519257 | V21: 537267 | W21: 549567 | X21: 551359 | Z21: 598441 | AA21: 651766 | AB21: 797259 | AC21: 1041296 | AE21: 1182922 | AF21: 1329257 | AG21: 1598937 | AH21: 1824770 | AJ21: 1983047.1 | AK21: 2141793 | AL21: 2356053 | AM21: 2461781 | AO21: 2593178 | AP21: 2651233 | AQ21: =SUM(AQ23:AQ34,AQ37) -> 2664887 | AR21: =SUM(AR22:AR34,AR37) -> 3113033 | AT21: =SUM(AT22:AT34,AT37,AT38) -> 3405682 | AU21: =SUM(AU22:AU34,AU37,AU38) -> 3914162 | AV21: =SUM(AV22:AV34,AV37,AV38) -> 4408046 | AW21: =SUM(AW22:AW34,AW37,AW38) -> 4970314 | AY21: =SUM(AY22:AY34,AY37,AY38) -> 5412463 | AZ21: =SUM(AZ22:AZ34,AZ37,AZ38) -> 5705269 | BA21: =SUM(BA22:BA34,BA37,BA38) -> 0 | BB21: =SUM(BB22:BB34,BB37,BB38) -> 0
B22: Imposto de Renda e Contribuição Social | AR22: 146604 | AT22: 150987 | AU22: 105353 | AV22: 109256 | AW22: 113181 | AY22: 114494 | AZ22: 114494
B23: Impostos a recuperar | C23: 0 | D23: 0 | E23: 0 | F23: 0 | G23: 0 | H23: 0 | I23: 31746 | K23: 0 | L23: 0 | M23: 0 | N23: 81383 | P23: 9313 | Q23: 9313 | R23: 9313 | S23: 122987 | U23: 123039 | V23: 123039 | W23: 123039 | X23: 121959 | Z23: 129110 | AA23: 119301 | AB23: 119828 | AC23: 122059 | AE23: 124260 | AF23: 127873 | AG23: 132100 | AH23: 173137 | AJ23: 177560 | AK23: 181982 | AL23: 186647 | AM23: 193794 | AO23: 196737 | AP23: 207057 | AQ23: 206511 | AR23: 70701 | AT23: 86912 | AU23: 100576 | AV23: 109184 | AW23: 122866 | AY23: 190903 | AZ23: 220843
B24: Contas a receber clientes | C24: 0 | D24: 0 | E24: 0 | F24: 0 | G24: 0 | H24: 0 | I24: 0 | K24: 0 | L24: 0 | M24: 0 | N24: 0 | P24: 0 | Q24: 0 | R24: 0 | S24: 0 | U24: 0 | V24: 0 | W24: 0 | X24: 0 | Z24: 0 | AA24: 0 | AB24: 0 | AC24: 14757 | AE24: 17115 | AF24: 2156 | AG24: 1066 | AH24: 1528 | AJ24: 9142.49 | AK24: 3453 | AL24: 5636 | AM24: 7212 | AO24: 7816 | AP24: 6000 | AQ24: 4437 | AR24: 5574 | AT24: 28593 | AU24: 104986 | AV24: 39442 | AW24: 56418 | AY24: 67613 | AZ24: 143919
B25: Depósitos Judiciais | C25: 0 | D25: 0 | E25: 0 | F25: 0 | G25: 0 | H25: 0 | I25: 0 | K25: 0 | L25: 0 | M25: 0 | N25: 255 | P25: 255 | Q25: 255 | R25: 255 | S25: 274 | U25: 290 | V25: 290 | W25: 290 | X25: 290 | Z25: 290 | AA25: 214 | AB25: 214 | AC25: 214 | AE25: 198 | AF25: 198.42775 | AG25: 188 | AH25: 121 | AJ25: 172.05946 | AK25: 100 | AL25: 118 | AM25: 116 | AO25: 133 | AP25: 180 | AQ25: 180 | AR25: 168 | AT25: 139 | AU25: 135 | AV25: 122 | AW25: 201 | AY25: 249 | AZ25: 216
B26: Despesas antecipadas | C26: 0 | D26: 0 | E26: 0 | F26: 0 | G26: 0 | H26: 0 | I26: 0 | K26: 7147 | L26: 4185 | M26: 4089 | N26: 293 | P26: 4063 | Q26: 3895 | R26: 4813 | S26: 149 | U26: 318 | V26: 84 | W26: 54 | X26: 0 | Z26: 0 | AA26: 0 | AB26: 0 | AC26: 0 | AE26: 0 | AF26: 0 | AG26: 0 | AH26: 0 | AJ26: 0 | AK26: 0 | AL26: 0 | AM26: 0 | AO26: 0 | AP26: 0 | AQ26: 0 | AR26: 0 | AT26: 0 | AU26: 0 | AV26: 0 | AW26: - | AY26: 0 | AZ26: 0
B27: Impostos diferidos | C27: 0 | D27: 0 | E27: 0 | F27: 0 | G27: 18472 | H27: 5198 | I27: 0 | K27: 23 | L27: 23 | M27: 23 | N27: 11644 | P27: 6681 | Q27: 6681 | R27: 6681 | S27: 6276 | U27: 12352 | V27: 10641 | W27: 9231 | X27: 0 | Z27: 6005 | AA27: 0 | AB27: 11336 | AC27: 92187 | AE27: 105910 | AF27: 77135 | AG27: 125405 | AH27: 123194 | AJ27: 132364 | AK27: 153242 | AL27: 257596 | AM27: 273664 | AO27: 257469 | AP27: 192969 | AQ27: 90879 | AR27: 167859 | AT27: 112847 | AU27: 0 | AV27: 1406 | AW27: 38619 | AY27: 89627 | AZ27: 38957
B28: Contas a receber de partes relacionadas | C28: 0 | D28: 0 | E28: 0 | F28: 0 | G28: 41669 | H28: 38577 | I28: 33548 | K28: 33548 | L28: 33548 | M28: 33548 | N28: 28548 | P28: 28548 | Q28: 28548 | R28: 28548 | S28: 23548 | U28: 23548 | V28: 23548 | W28: 23548 | X28: 19786 | Z28: 20388 | AA28: 20771 | AB28: 21348 | AC28: 17400 | AE28: 17842 | AF28: 18384 | AG28: 18315 | AH28: 0 | AJ28: 0 | AK28: 0 | AL28: 0 | AM28: 0 | AO28: 0 | AP28: 0 | AQ28: 0 | AR28: 0 | AT28: 0 | AU28: 0 | AV28: 0 | AW28: - | AY28: 0 | AZ28: 0
B29: Instrumentos financeiros | C29: 0 | D29: 0 | E29: 0 | F29: 0 | G29: 0 | H29: 0 | I29: 0 | K29: 0 | L29: 0 | M29: 0 | N29: 0 | P29: 0 | Q29: 0 | R29: 0 | S29: 0 | U29: 0 | V29: 0 | W29: 0 | X29: 0 | Z29: 0 | AA29: 0 | AB29: 0 | AC29: 0 | AE29: 1114 | AF29: 2974 | AG29: 1987 | AH29: 1387 | AJ29: 0 | AK29: 0 | AL29: 0 | AM29: 0 | AO29: 0 | AP29: 9176 | AQ29: 8488 | AR29: 0 | AT29: 0 | AU29: 0 | AV29: 2750 | AW29: 71 | AY29: 0 | AZ29: 0
B30: Outros valores a receber | C30: 0 | D30: 0 | E30: 0 | F30: 36000 | G30: 417 | H30: 1064 | I30: 3255 | K30: 3511 | L30: 3790 | M30: 3703 | N30: 3471 | P30: 3748 | Q30: 3494 | R30: 3732 | S30: 3500 | U30: 0 | V30: 3328 | W30: 3517 | X30: 1504 | Z30: 1898 | AA30: 2201 | AB30: 2301 | AC30: 1092 | AE30: 989 | AF30: 1266 | AG30: 1366 | AH30: 1486 | AJ30: 1613 | AK30: 1774 | AL30: 1892 | AM30: 2041 | AO30: 792 | AP30: 1021 | AQ30: 1021 | AR30: 1035 | AT30: 0 | AU30: 1066 | AV30: 1066 | AW30: 1088 | AY30: 1080 | AZ30: 1107
B31: Despesas a apropriar | C31: 0 | D31: 0 | E31: 1786 | F31: 1530 | G31: 12 | H31: 0 | I31: 0 | K31: 0 | L31: 0 | M31: 0 | N31: 0 | P31: 0 | Q31: 0 | R31: 0 | S31: 0 | U31: 0 | V31: 0 | W31: 0 | X31: 0 | Z31: 0 | AA31: 0 | AB31: 0 | AC31: 0 | AE31: 0 | AF31: 0 | AG31: 0 | AH31: 0 | AJ31: 0 | AK31: 0 | AL31: 0 | AM31: 0 | AO31: 0 | AP31: 0 | AQ31: 0 | AR31: 0 | AT31: 1041 | AU31: 0 | AV31: 0 | AW31: 0 | AY31: 0 | AZ31: 0
AZ32: 0
B33: Investimentos | C33: 13336 | D33: 13778 | E33: 14081 | F33: 69 | G33: 0 | H33: 0 | I33: 0 | K33: 0 | L33: 0 | M33: 0 | N33: 0 | P33: 0 | Q33: 0 | R33: 0 | S33: 0 | U33: 0 | V33: 0 | W33: 0 | X33: 0 | Z33: 0 | AA33: 0 | AB33: 0 | AC33: 0 | AE33: 0 | AF33: 45.594 | AG33: 0 | AH33: 0 | AJ33: 0 | AK33: 0 | AL33: 0 | AM33: 0 | AO33: 1792 | AP33: 5183 | AQ33: 5105 | AR33: 5179 | AT33: 4949 | AU33: 18592 | AV33: 18298 | AW33: 18515 | AY33: 16486 | AZ33: 16947
B34: Imobilizado | C34: 128261 | D34: 168993 | E34: 202172 | F34: 206237 | G34: 217893 | H34: 215117 | I34: 212881 | K34: 237537 | L34: 240561 | M34: 244269 | N34: 250561 | P34: 265098 | Q34: 294598 | R34: 308223 | S34: 334037 | U34: 359214 | V34: 375895 | W34: 389511 | X34: 407490 | Z34: 440234 | AA34: 508728 | AB34: 641725 | AC34: 793132 | AE34: 915085 | AF34: 1098838 | AG34: 1318124 | AH34: 1523576 | AJ34: 1657842.2 | AK34: 1794415 | AL34: 1888609 | AM34: 1965621 | AO34: 2100046 | AP34: 2188395 | AQ34: =SUM(AQ35:AQ36) -> 2299430 | AR34: =SUM(AR35:AR36) -> 2660660 | AT34: =SUM(AT35:AT36) -> 2957266 | AU34: =SUM(AU35:AU36) -> 3512163 | AV34: =SUM(AV35:AV36) -> 4042950 | AW34: =AW35+AW36 -> 4516503 | AY34: =AY35+AY36 -> 4809722 | AZ34: =AZ35+AZ36 -> 5038694
B35: Imobilizado em operação | C35: 128261 | D35: 168993 | E35: 202172 | F35: 206237 | G35: 217893 | H35: 215117 | I35: 212881 | K35: 237537 | L35: 240561 | M35: 244269 | N35: 250561 | P35: 265098 | Q35: 294598 | R35: 308223 | S35: 330210 | U35: 356865 | V35: 373962 | W35: 388073 | X35: 406564 | Z35: 438471 | AA35: 497774 | AB35: 631917 | AC35: 779552 | AE35: 899207 | AF35: 1082037 | AG35: 1302570 | AH35: 1500239 | AJ35: 1635997.1 | AK35: 1774354 | AL35: 1869071 | AM35: 1947515 | AO35: 2083895 | AP35: 2170953 | AQ35: 2283714 | AR35: 2638711 | AT35: 2933499 | AU35: 3489386 | AV35: 4007526 | AW35: 4472432 | AY35: 4767146 | AZ35: 4992527
B36: Direito de uso em arrendamentos | C36: 0 | D36: 0 | E36: 0 | F36: 0 | G36: 0 | H36: 0 | I36: 0 | K36: 0 | L36: 0 | M36: 0 | N36: 0 | P36: 0 | Q36: 0 | R36: 0 | S36: 3827 | U36: 2349 | V36: 1933 | W36: 1438 | X36: 926 | Z36: 1763 | AA36: 10954 | AB36: 9808 | AC36: 13580 | AE36: 15878 | AF36: 16801 | AG36: 15554 | AH36: 23337 | AJ36: 21845.141 | AK36: 20061 | AL36: 19538 | AM36: 18106 | AO36: 16151 | AP36: 17442 | AQ36: 15716 | AR36: 21949 | AT36: 23767 | AU36: 22777 | AV36: 35424 | AW36: 44071 | AY36: 42576 | AZ36: 46167
B37: Intangível | C37: 463 | D37: 752 | E37: 823 | F37: 445 | G37: 469 | H37: 562 | I37: 449 | K37: 545 | L37: 643 | M37: 639 | N37: 604 | P37: 692 | Q37: 645 | R37: 613 | S37: 555 | U37: 496 | V37: 442 | W37: 377 | X37: 330 | Z37: 516 | AA37: 551 | AB37: 507 | AC37: 455 | AE37: 409 | AF37: 387 | AG37: 386 | AH37: 341 | AJ37: 4353.5226 | AK37: 6827 | AL37: 15555 | AM37: 19333 | AO37: 28393 | AP37: 41252 | AQ37: 48836 | AR37: 55253 | AT37: 62474 | AU37: 70401 | AV37: 80725 | AW37: 86863 | AY37: 91237 | AZ37: 87371
B38: Ativo Biológico | AT38: 474 | AU38: 890 | AV38: 2847 | AW38: 15989 | AY38: 31052 | AZ38: 42721
B40: TOTAL DO ATIVO | C40: =C7+C21 -> 393655 | D40: =D7+D21 -> 483347 | E40: =E7+E21 -> 619827 | F40: =F7+F21 -> 704083 | G40: =G7+G21 -> 783480 | H40: =H7+H21 -> 788660 | I40: =I7+I21 -> 889107 | K40: 1209614 | L40: 1403831 | M40: 1421505 | N40: 1148833 | P40: 1579945 | Q40: 1557185 | R40: 1576298 | S40: 1637614 | U40: 2213684 | V40: 1761976 | W40: 2157013 | X40: 2321373 | Z40: 3133942 | AA40: 3731347 | AB40: 4353136 | AC40: 4395601 | AE40: 5016524 | AF40: 5526146 | AG40: 5828033 | AH40: 6081989 | AJ40: 6436034.7 | AK40: 6262703 | AL40: 6622659 | AM40: 6883789 | AO40: =AO7+AO21 -> 7442511 | AP40: =AP7+AP21 -> 8530219 | AQ40: =AQ7+AQ21 -> 8538809 | AR40: =AR7+AR21 -> 8889423 | AT40: =AT7+AT21 -> 9833353 | AU40: =AU7+AU21 -> 11584408 | AV40: =AV7+AV21 -> 12381553 | AW40: =AW7+AW21 -> 13104355 | AY40: =AY7+AY21 -> 14646091 | AZ40: =AZ7+AZ21 -> 14480098 | BA40: =BA7+BA21 -> 0 | BB40: =BB7+BB21 -> 0

Sheet Passivo
C2: 2011 | D2: 2012 | E2: 2013 | F2: 2014 | G2: 2015 | H2: 2016 | I2: 2017 | K2: 2018 | P2: 2019 | U2: 2020 | Z2: 2021 | AE2: 2022 | AJ2: 2023 | AO2: 2024 | AT2: 2025 | AY2: 2026
C3: 4T2011 | D3: 4T2012 | E3: 4T2013 | F3: 4T2014 | G3: 4T2015 | H3: 4T2016 | I3: 4T2017 | K3: 1T2018 | L3: 2T2018 | M3: 3T2018 | N3: 4T2018 | P3: 1T2019 | Q3: 2T2019 | R3: 3T2019 | S3: 4T2019 | U3: 1T2020 | V3: 2T2020 | W3: 3T2020 | X3: 4T2020 | Z3: 1T2021 | AA3: 2T2021 | AB3: 3T2021 | AC3: 4T2021 | AE3: 1T2022 | AF3: 2T2022 | AG3: 3T2022 | AH3: 4T2022 | AJ3: 1T2023 | AK3: 2T2023 | AL3: 3T2023 | AM3: 4T2023 | AO3: 1T2024 | AP3: 2T2024 | AQ3: 3T2024 | AR3: 4T2024 | AT3: 1T2025 | AU3: 2T2025 | AV3: 3T2025 | AW3: 4T2025 | AY3: 1T2026 | AZ3: 2T2026 | BA3: 3T2026 | BB3: 4T2026
B5: Passivo | C5: 40908 | D5: 41274 | E5: 41639 | F5: 42004 | G5: 42369 | H5: 42735 | I5: 43100 | K5: 43190 | L5: 43281 | M5: 43373 | N5: 43465 | P5: 43555 | Q5: 43646 | R5: 43738 | S5: 43830 | U5: 43921 | V5: 44012 | W5: 44104 | X5: 44196 | Z5: 44286 | AA5: 44377 | AB5: 44469 | AC5: 44561 | AE5: 44651 | AF5: 44742 | AG5: 44834 | AH5: 44926 | AJ5: 45016 | AK5: 45107 | AL5: 45199 | AM5: 45291 | AO5: 45382 | AP5: 45473 | AQ5: 45565 | AR5: 45657 | AT5: 45747 | AU5: 45838 | AV5: 45930 | AW5: 46022 | AY5: 46112 | AZ5: 46203 | BA5: 46295 | BB5: 46387
B7: Passivo circulante | C7: 240908 | D7: 299539 | E7: 393609 | F7: 407756 | G7: 503418 | H7: 577251 | I7: 640463 | K7: 906379 | L7: 1073672 | M7: 1066281 | N7: 750850 | P7: 1234202 | Q7: 1161982 | R7: 1140315 | S7: 1013811 | U7: 1585889 | V7: 1109383 | W7: 1345950 | X7: 1365036 | Z7: 2094893 | AA7: 2616403 | AB7: 2044177 | AC7: 1831275 | AE7: 1984736 | AF7: 2417447 | AG7: 2629101 | AH7: 2739186 | AJ7: 2929521 | AK7: 2578445 | AL7: 2799379 | AM7: 2784746 | AO7: =SUM(AO8:AO16,AO17:AO19) -> 3164288 | AP7: =SUM(AP8:AP16,AP17:AP19) -> 3569024 | AQ7: =SUM(AQ8:AQ16,AQ17:AQ19) -> 3391423 | AR7: =SUM(AR8:AR16,AR17:AR19) -> 3666344 | AT7: =SUM(AT8:AT16,AT17:AT19) -> 4442020 | AU7: =SUM(AU8:AU16,AU17:AU19) -> 4712806 | AV7: =SUM(AV8:AV16,AV17:AV19) -> 5451379 | AW7: =SUM(AW8:AW16,AW17:AW19) -> 6000713 | AY7: =SUM(AY8:AY16,AY17:AY19) -> 7328659 | AZ7: =SUM(AZ8:AZ16,AZ17:AZ19) -> 6467916 | BA7: =SUM(BA8:BA16,BA17:BA19) -> 0 | BB7: =SUM(BB8:BB16,BB17:BB19) -> 0
B8: Obrigações sociais e trabalhistas | C8: 1162 | D8: 1495 | E8: 2817 | F8: 3910 | G8: 5340 | H8: 5749 | I8: 6784 | K8: 8387 | L8: 9157 | M8: 11142 | N8: 9374 | P8: 10506 | Q8: 12180 | R8: 14671 | S8: 13071 | U8: 14748 | V8: 13769 | W8: 16788 | X8: 19513 | Z8: 15706 | AA8: 19388 | AB8: 24039 | AC8: 28503 | AE8: 23701 | AF8: 29948 | AG8: 33484 | AH8: 39612 | AJ8: 32657.389 | AK8: 38062 | AL8: 44251 | AM8: 48610 | AO8: 38205 | AP8: 47882 | AQ8: 53938 | AR8: 80669 | AT8: 49532 | AU8: 59138 | AV8: 67712 | AW8: 98477 | AY8: 64866 | AZ8: 75083
B9: Fornecedores | C9: 34235 | D9: 67560 | E9: 84163 | F9: 98861 | G9: 175587 | H9: 337537 | I9: 397863 | K9: 338301 | L9: 236097 | M9: 312654 | N9: 444230 | P9: 455591 | Q9: 363459 | R9: 453075 | S9: 643460 | U9: 1156323 | V9: 509895 | W9: 801750 | X9: 866549 | Z9: 1173576 | AA9: 1282911 | AB9: 1218823 | AC9: 1225903 | AE9: 1270958 | AF9: 1544499 | AG9: 1907106 | AH9: 1966774 | AJ9: 2066913.1 | AK9: 1698076 | AL9: 1871853 | AM9: 2032130 | AO9: 2323632 | AP9: 2430176 | AQ9: 2199118 | AR9: 2073245 | AT9: 3098436 | AU9: 2471890 | AV9: 2692276 | AW9: 2816665 | AY9: 4043474 | AZ9: 3289804
B10: Imposto de Renda e Contribuição Social a Recolher | AR10: 87180 | AT10: 146 | AU10: 4363 | AV10: 74074 | AW10: 23249 | AY10: 55177 | AZ10: 377
B11: Obrigações fiscais | C11: 140 | D11: 153 | E11: 1114 | F11: 5283 | G11: 1444 | H11: 362 | I11: 2271 | K11: 4281 | L11: 4393 | M11: 9909 | N11: 7619 | P11: 1406 | Q11: 2079 | R11: 10296 | S11: 16663 | U11: 1887 | V11: 1493 | W11: 13887 | X11: 17441 | Z11: 9668 | AA11: 26897 | AB11: 14162 | AC11: 13803 | AE11: 16919 | AF11: 20208 | AG11: 19493 | AH11: 17923 | AJ11: 18914.525 | AK11: 13257 | AL11: 9792 | AM11: 12613 | AO11: 19285 | AP11: 17842 | AQ11: 43111 | AR11: 17499 | AT11: 25922 | AU11: 6580 | AV11: 20129 | AW11: 23841 | AY11: 35438 | AZ11: 25009
B12: Empréstimos e financiamentos | C12: 94083 | D12: 167054 | E12: 229663 | F12: 227567 | G12: 265251 | H12: 224643 | I12: 223740 | K12: 227213 | L12: 272141 | M12: 249699 | N12: 267741 | P12: 243355 | Q12: 291275 | R12: 339793 | S12: 303666 | U12: 361417 | V12: 452770 | W12: 424616 | X12: 406155 | Z12: 695608 | AA12: 719340 | AB12: 672549 | AC12: 488866 | AE12: 574275 | AF12: 740273 | AG12: 567206 | AH12: 599144 | AJ12: 694044.33 | AK12: 658850 | AL12: 651830 | AM12: 562129 | AO12: 608856 | AP12: 649752 | AQ12: 785800 | AR12: 921068 | AT12: 1009119 | AU12: 1718506 | AV12: 1923309 | AW12: 2344340 | AY12: 2308979 | AZ12: 2162826
B13: Instrumentos financeiros derivativos | C13: 55740 | D13: 39124 | E13: 46176 | F13: 43156 | G13: 18994 | H13: 7071 | I13: 5355 | K13: 286266 | L13: 327694 | M13: 160304 | N13: 1014 | P13: 506252 | Q13: 421301 | R13: 262116 | S13: 994 | U13: 20685 | V13: 48645 | W13: 67050 | X13: 26788 | Z13: 162762 | AA13: 302519 | AB13: 25217 | AC13: 39402 | AE13: 39382 | AF13: 26072 | AG13: 24130 | AH13: 39739 | AJ13: 48188.075 | AK13: 71483 | AL13: 131910 | AM13: 77445 | AO13: 63195 | AP13: 307908 | AQ13: 147648 | AR13: 330591 | AT13: 111201 | AU13: 114835 | AV13: 221842 | AW13: 200348 | AY13: 431160 | AZ13: 328630
B14: Adiantamentos de clientes | C14: 52394 | D14: 20318 | E14: 28089 | F14: 28114 | G14: 36295 | H14: 917 | I14: 2983 | K14: 4831 | L14: 86553 | M14: 66582 | N14: 11642 | P14: 12425 | Q14: 52775 | R14: 30337 | S14: 18615 | U14: 23578 | V14: 66761 | W14: 6666 | X14: 5331 | Z14: 10174 | AA14: 235422 | AB14: 54260 | AC14: 8789 | AE14: 13316 | AF14: 9048 | AG14: 12823 | AH14: 16455 | AJ14: 30981.838 | AK14: 63357 | AL14: 50940 | AM14: 22451 | AO14: 74217 | AP14: 84041 | AQ14: 62041 | AR14: 23716 | AT14: 60123 | AU14: 243553 | AV14: 329762 | AW14: 256005 | AY14: 232023 | AZ14: 491713
B15: Arrendamentos a pagar | C15: 0 | D15: 0 | E15: 0 | F15: 0 | G15: 0 | H15: 0 | I15: 0 | K15: 0 | L15: 0 | M15: 0 | N15: 0 | P15: 0 | Q15: 0 | R15: 0 | S15: 2950 | U15: 2058 | V15: 1674 | W15: 1166 | X15: 687 | Z15: 399 | AA15: 5623 | AB15: 3260 | AC15: 4204 | AE15: 4429 | AF15: 4609 | AG15: 4756 | AH15: 6936 | AJ15: 7208.2206 | AK15: 6457 | AL15: 6098 | AM15: 5802 | AO15: 5213 | AP15: 5275 | AQ15: 5168 | AR15: 7416 | AT15: 8293 | AU15: 6612 | AV15: 6730 | AW15: 8096 | AY15: 8537 | AZ15: 9247
B16: Parcelamentos Tributários | C16: 0 | D16: 0 | E16: 0 | F16: 0 | G16: 0 | H16: 0 | I16: 0 | K16: 0 | L16: 0 | M16: 0 | N16: 0 | P16: 0 | Q16: 0 | R16: 0 | S16: 0 | U16: 711 | V16: 401 | W16: 5535 | X16: 1459 | Z16: 1366 | AA16: 1296 | AB16: 1296 | AC16: 1314 | AE16: 1331 | AF16: 1351 | AG16: 1374 | AH16: 1396 | AJ16: 1419.0275 | AK16: 1442 | AL16: 1466 | AM16: 1487 | AO16: 1506 | AP16: 1524 | AQ16: 1282 | AR16: 1092 | AT16: 864 | AU16: 628 | AV16: 383 | AW16: 383 | AY16: 383 | AZ16: 383
B17: Vendas entrega futura | C17: 0 | D17: 0 | E17: 0 | F17: 0 | G17: 0 | H17: 0 | I17: 0 | K17: 34249 | L17: 127871 | M17: 251890 | N17: 0 | P17: 0 | Q17: 0 | R17: 0 | S17: 0 | U17: 0 | V17: 0 | W17: 0 | X17: 0 | Z17: 0 | AA17: 0 | AB17: 0 | AC17: 0 | AE17: 0 | AF17: 0 | AG17: 0 | AH17: - | AJ17: 0 | AK17: 0 | AL17: 0 | AM17: 0 | AO17: 0 | AP17: 0 | AQ17: 0 | AR17: 0 | AT17: 0 | AU17: 0 | AV17: 0 | AW17: 0 | AY17: 0 | AZ17: 0
B18: Dividendos a distribuir | C18: 1500 | D18: 0 | E18: 0 | F18: 0 | G18: 0 | H18: 0 | I18: 0 | K18: 0 | L18: 0 | M18: 0 | N18: 0 | P18: 0 | Q18: 0 | R18: 0 | S18: 0 | U18: 0 | V18: 0 | W18: 0 | X18: 0 | Z18: 0 | AA18: 0 | AB18: 0 | AC18: 0 | AE18: 0 | AF18: 0 | AG18: 0 | AH18: 4173 | AJ18: 0 | AK18: 0 | AL18: 0 | AM18: 0 | AO18: 113 | AP18: 113 | AQ18: 113 | AR18: 26184 | AT18: 6 | AU18: 0 | AV18: 0 | AW18: 91015 | AY18: 0 | AZ18: 0
B19: Outras obrigações | C19: 1654 | D19: 3835 | E19: 1587 | F19: 865 | G19: 507 | H19: 972 | I19: 1467 | K19: 2851 | L19: 9766 | M19: 4101 | N19: 9230 | P19: 4667 | Q19: 18913 | R19: 30027 | S19: 14392 | U19: 4482 | V19: 13975 | W19: 8492 | X19: 21113 | Z19: 25634 | AA19: 23007 | AB19: 30571 | AC19: 20491 | AE19: 40425 | AF19: 41439 | AG19: 58729 | AH19: 47034 | AJ19: 29195 | AK19: 27461 | AL19: 31239 | AM19: 22079 | AO19: 30066 | AP19: 24511 | AQ19: 93204 | AR19: 97684 | AT19: 78378 | AU19: 86701 | AV19: 115162 | AW19: 138294 | AY19: 148622 | AZ19: 84844
B21: Passivo não circulante | C21: 94143 | D21: 110258 | E21: 140590 | F21: 214162 | G21: 216305 | H21: 93820 | I21: 64779 | K21: 113231 | L21: 112358 | M21: 117236 | N21: 70046 | P21: 61967 | Q21: 96414 | R21: 106769 | S21: 177977 | U21: 181272 | V21: 174666 | W21: 212402 | X21: 244205 | Z21: 286347 | AA21: 257894 | AB21: 243768 | AC21: 328086 | AE21: 728334 | AF21: 688578 | AG21: 605839 | AH21: 524248 | AJ21: 630739 | AK21: 729338 | AL21: 649073 | AM21: 747152 | AO21: =SUM(AO22:AO29) -> 838478 | AP21: =SUM(AP22:AP29) -> 1360870 | AQ21: =SUM(AQ22:AQ29) -> 1221052 | AR21: =SUM(AR22:AR29) -> 1177361 | AT21: =SUM(AT22:AT29) -> 1228894 | AU21: =SUM(AU22:AU29) -> 2377308 | AV21: =SUM(AV22:AV29) -> 2227103 | AW21: =SUM(AW22:AW29) -> 2403728 | AY21: =SUM(AY22:AY29) -> 2536818 | AZ21: =SUM(AZ22:AZ29) -> 3005489 | BA21: =SUM(BA22:BA29) -> 0 | BB21: =SUM(BB22:BB29) -> 0
B22: Fornecedores | C22: 14889 | D22: 3776 | E22: 0 | F22: 0 | G22: 0 | H22: 0 | I22: 12970 | K22: 12970 | L22: 0 | M22: 0 | N22: 6382 | P22: 9320 | Q22: 8885 | R22: 8885 | S22: 0 | U22: 0 | V22: 0 | W22: 0 | X22: 0 | Z22: 0 | AA22: 0 | AB22: 0 | AC22: 0 | AE22: 0 | AF22: 0 | AG22: 0 | AH22: - | AJ22: 3238.0123 | AK22: 178 | AL22: 154 | AM22: 137 | AO22: 1175 | AP22: 76 | AQ22: 222 | AR22: 26 | AT22: 0 | AU22: 0 | AV22: 476 | AW22: 37953 | AY22: 65639 | AZ22: 22
B23: Empréstimos e financiamentos | C23: 70162 | D23: 99892 | E23: 94559 | F23: 166925 | G23: 176809 | H23: 91565 | I23: 42791 | K23: 40793 | L23: 52987 | M23: 57961 | N23: 57048 | P23: 46461 | Q23: 74276 | R23: 87045 | S23: 169778 | U23: 172482 | V23: 164881 | W23: 191967 | X23: 235400 | Z23: 274456 | AA23: 237644 | AB23: 229325 | AC23: 310834 | AE23: 708646 | AF23: 667683 | AG23: 585863 | AH23: 496926 | AJ23: 590503.72 | AK23: 690043 | AL23: 610594 | AM23: 710383 | AO23: 800629 | AP23: 1322890 | AQ23: 1184777 | AR23: 1145811 | AT23: 1199140 | AU23: 2345835 | AV23: 2172510 | AW23: 2316623 | AY23: 2426768 | AZ23: 2958338
B24: Impostos diferidos | C24: 6154 | D24: 5872 | E24: 4831 | F24: 5306 | G24: 0 | H24: 0 | I24: 2341 | K24: 1573 | L24: 1573 | M24: 1573 | N24: 775 | P24: 442 | Q24: 7605 | R24: 5288 | S24: 2022 | U24: 3327 | V24: 4390 | W24: 15136 | X24: 145 | Z24: 0 | AA24: 3040 | AB24: 0 | AC24: 0 | AE24: 0 | AF24: 0 | AH24: - | AJ24: 0 | AK24: 0 | AL24: 0 | AM24: 0 | AO24: 0 | AP24: 0 | AQ24: 0 | AR24: 0 | AT24: 0 | AU24: 2664 | AV24: 13631 | AW24: 0 | AY24: 0 | AZ24: 0
B25: Provisões para litígios | C25: 0 | D25: 290 | E25: 85 | F25: 822 | G25: 732 | H25: 1029 | I25: 1556 | K25: 1556 | L25: 1556 | M25: 1556 | N25: 1556 | P25: 1556 | Q25: 1556 | R25: 1556 | S25: 1584 | U25: 1584 | V25: 1584 | W25: 1584 | X25: 1568 | Z25: 4038 | AA25: 2669 | AB25: 2496 | AC25: 2307 | AE25: 2284 | AF25: 4528 | AG25: 4636 | AH25: 6336 | AJ25: 6404.2749 | AK25: 10229 | AL25: 11872 | AM25: 11550 | AO25: 13723 | AP25: 14421 | AQ25: 14993 | AR25: 6664 | AT25: 5282 | AU25: 4481 | AV25: 4028 | AW25: 5237 | AY25: 4175 | AZ25: 3828
B26: Arrendamentos a pagar | C26: 0 | D26: 0 | E26: 0 | F26: 0 | G26: 0 | H26: 0 | I26: 0 | K26: 0 | L26: 0 | M26: 0 | N26: 0 | P26: 0 | Q26: 0 | R26: 0 | S26: 1019 | U26: 401 | V26: 364 | W26: 364 | X26: 307 | Z26: 1410 | AA26: 6404 | AB26: 6399 | AC26: 9669 | AE26: 12251 | AF26: 11667 | AG26: 10931 | AH26: 16881 | AJ26: 15716.88 | AK26: 15077 | AL26: 13718 | AM26: 13191 | AO26: 12407 | AP26: 14051 | AQ26: 12715 | AR26: 15843 | AT26: 16544 | AU26: 15886 | AV26: 28498 | AW26: 37412 | AY26: 36932 | AZ26: 40833
B27: Instrumentos financeiros | C27: 0 | D27: 0 | E27: 40749 | F27: 41109 | G27: 35841 | H27: 0 | I27: 0 | K27: 51314 | L27: 51313 | M27: 51312 | N27: 0 | P27: 0 | Q27: 0 | R27: 0 | S27: 0 | U27: 0 | V27: 0 | W27: 0 | X27: 0 | Z27: 0 | AA27: 2265 | AB27: 0 | AC27: 0 | AE27: 165 | AF27: 0 | AG27: 0 | AH27: 0 | AJ27: 0 | AK27: 0 | AL27: 0 | AM27: 0 | AO27: 0 | AP27: 0 | AQ27: 0 | AR27: 1539 | AT27: 1284 | AU27: 2633 | AV27: 2986 | AW27: 2364 | AY27: 0 | AZ27: 0
B28: Parcelamentos tributários | C28: 199 | D28: 428 | E28: 366 | F28: 0 | G28: 2923 | H28: 1226 | I28: 5121 | K28: 5025 | L28: 4929 | M28: 4834 | N28: 4285 | P28: 4188 | Q28: 4092 | R28: 3995 | S28: 3574 | U28: 3478 | V28: 3447 | W28: 3351 | X28: 6785 | Z28: 6443 | AA28: 5872 | AB28: 5548 | AC28: 5276 | AE28: 4988 | AF28: 4700 | AG28: 4409 | AH28: 4105 | AJ28: 3789.8683 | AK28: 3464 | AL28: 3127 | AM28: 2776 | AO28: 2414 | AP28: 2042 | AQ28: 1693 | AR28: 1565 | AT28: 1470 | AU28: 1374 | AV28: 1278 | AW28: 1182 | AY28: 1086 | AZ28: 990
B29: Outras obrigações | C29: 2739 | D29: 0 | E29: 0 | F29: 0 | G29: 0 | H29: 0 | I29: 0 | K29: 0 | L29: 0 | M29: 0 | N29: 0 | P29: 0 | Q29: 0 | R29: 0 | S29: 0 | U29: 0 | V29: 0 | W29: 0 | X29: 0 | Z29: 0 | AA29: 0 | AB29: 0 | AC29: 0 | AE29: 0 | AF29: 0 | AG29: 0 | AH29: 0 | AJ29: 11086.237 | AK29: 10347 | AL29: 9608 | AM29: 9115 | AO29: 8130 | AP29: 7390 | AQ29: 6652 | AR29: 5913 | AT29: 5174 | AU29: 4435 | AV29: 3696 | AW29: 2957 | AY29: 2218 | AZ29: 1478
B31: Patrimônio líquido | C31: 58604 | D31: 73550 | E31: 85628 | F31: 82165 | G31: 63757 | H31: 117589 | I31: 183865 | K31: 190004 | L31: 217801 | M31: 237988 | N31: 327937 | P31: 283776 | Q31: 298789 | R31: 329214 | S31: 445826 | U31: 446523 | V31: 477927 | W31: 598661 | X31: 712132 | Z31: 752702 | AA31: 857050 | AB31: 2065191 | AC31: 2236240 | AE31: 2303454 | AF31: 2420121 | AG31: 2593093 | AH31: 2818555 | AJ31: 2875775.2 | AK31: 2954920 | AL31: 3174207 | AM31: 3351891 | AO31: =SUM(AO32:AO44) -> 3439745 | AP31: =SUM(AP32:AP44) -> 3600325 | AQ31: =SUM(AQ32:AQ44) -> 3926334 | AR31: =SUM(AR32:AR43) -> 4045718 | AT31: =SUM(AT32:AT43) -> 4162439 | AU31: =SUM(AU32:AU43) -> 4494294 | AV31: =SUM(AV32:AV43) -> 4703071 | AW31: =SUM(AW32:AW43) -> 4699914 | AY31: =SUM(AY32:AY43) -> 4780614 | AZ31: =SUM(AZ32:AZ43) -> 5006693 | BA31: =SUM(BA32:BA43) -> 0 | BB31: =SUM(BB32:BB43) -> 0
B32: Capital social | C32: 20000 | D32: 20000 | E32: 20000 | F32: 50000 | G32: 51500 | H32: 53500 | I32: 55500 | K32: 55600 | L32: 55600 | M32: 55600 | N32: 55600 | P32: 56500 | Q32: 101000 | R32: 101000 | S32: 201000 | U32: 201000 | V32: 201000 | W32: 201000 | X32: 400000 | Z32: 400000 | AA32: 400000 | AB32: 1506212 | AC32: 1506212 | AE32: 1513903 | AF32: 1513904 | AG32: 1514652 | AH32: 1515504 | AJ32: 1520811 | AK32: 1518662 | AL32: 1518662 | AM32: 1518662 | AO32: 1518662 | AP32: 1518662 | AQ32: 1518662 | AR32: 1565587 | AT32: 1518662 | AU32: 1521350 | AV32: 1521350 | AW32: 3478385 | AY32: 3481513 | AZ32: 3481513
B33: Despesas da oferta | C33: 0 | D33: 0 | E33: 0 | F33: 0 | G33: 0 | H33: 0 | I33: 0 | K33: 0 | L33: 0 | M33: 0 | N33: 0 | P33: 0 | Q33: 0 | R33: 0 | S33: 0 | U33: 0 | V33: 0 | W33: 0 | X33: 0 | Z33: 0 | AA33: 0 | AB33: 0 | AC33: 0 | AE33: 0 | AF33: 0 | AG33: 0 | AH33: 0 | AJ33: 0 | AK33: 0 | AL33: 0 | AM33: 0 | AO33: 0 | AP33: 0 | AQ33: 0 | AR33: 0 | AT33: 0 | AU33: 0 | AV33: 0 | AW33: 0 | AY33: 0 | AZ33: 0
B34: Ajustes de avaliação patrimonial | C34: 24936 | D34: 24386 | E34: 23480 | F34: -4266 | G34: -33236 | H34: -7160 | I34: 7689 | K34: 7689 | L34: 7689 | M34: 7689 | N34: 6742 | P34: 6742 | Q34: 6742 | R34: 6742 | S34: 5794 | U34: 5794 | V34: 5321 | W34: 5084 | X34: 4847 | Z34: 4610 | AA34: 4373 | AB34: 4136 | AC34: 3900 | AE34: 3663 | AF34: 3426 | AG34: 3189 | AH34: 2952 | AJ34: 2715.353 | AK34: 2479 | AL34: 2241 | AM34: 2005 | AO34: 1768 | AP34: 1532 | AQ34: 1294 | AR34: 1058 | AT34: 821 | AU34: 583 | AV34: 347 | AW34: 111 | AY34: 0 | AZ34: 0
B35: Ajuste acumulado de conversão | AT35: 0 | AU35: 0 | AV35: 0 | AW35: - | AY35: 0 | AZ35: 0
B36: Ações em tesouraria | C36: 0 | D36: 0 | E36: 0 | F36: 0 | G36: 0 | H36: 0 | I36: 0 | K36: 0 | L36: 0 | M36: 0 | N36: 0 | P36: 0 | Q36: 0 | R36: 0 | S36: 0 | U36: 0 | V36: 0 | W36: 0 | X36: 0 | Z36: 0 | AA36: 0 | AB36: 0 | AC36: 0 | AE36: 0 | AF36: 0 | AG36: 0 | AH36: 0 | AJ36: 0 | AK36: -949 | AL36: -949 | AM36: -1474 | AO36: -15532 | AP36: -7526 | AQ36: -1166 | AR36: -1166 | AT36: -4318 | AU36: -3165 | AV36: -220 | AW36: -220 | AY36: -13402 | AZ36: -4701
B37: Reserva de capital | C37: 557 | D37: 1215 | E37: 0 | F37: 0 | G37: 0 | H37: 0 | I37: 3045 | K37: 6680 | L37: 6680 | M37: 6681 | N37: 0 | P37: 10684 | Q37: 10684 | R37: 10684 | S37: 0 | U37: 0 | V37: 0 | W37: 0 | X37: 0 | Z37: 1331 | AA37: 5324 | AB37: 9318 | AC37: 13311 | AE37: 16052 | AF37: 19090 | AG37: 22155 | AH37: 25086 | AJ37: 27070.865 | AK37: 29315 | AL37: 31874 | AM37: 34266 | AO37: 35888 | AP37: 37293 | AQ37: 38643 | AR37: -6331 | AT37: 41564 | AU37: 42592 | AV37: 43547 | AW37: -1954 | AY37: -1441 | AZ37: 10825
B38: Reserva doações e subvenções e investimentos | C38: 0 | D38: 0 | E38: 0 | F38: 0 | G38: 0 | H38: 0 | I38: 0 | K38: 0 | L38: 0 | M38: 0 | N38: 0 | P38: 24928 | Q38: 9896 | R38: 9896 | S38: 0 | U38: 0 | V38: 0 | W38: 0 | X38: 0 | Z38: 0 | AA38: 0 | AB38: 0 | AC38: 0 | AE38: 0 | AF38: 0 | AG38: 0 | AK38: 0 | AL38: 0 | AM38: 0 | AO38: 0 | AP38: 0 | AQ38: 0 | AR38: 0 | AT38: 0 | AU38: 0 | AV38: 0 | AW38: 0 | AY38: 0 | AZ38: 0
B39: Reserva de lucros | C39: 13111 | D39: 27949 | E39: 42148 | F39: 36431 | G39: 45493 | H39: 71249 | I39: 117631 | K39: 120035 | L39: 147832 | M39: 168018 | N39: 265595 | P39: 184922 | Q39: 170467 | R39: 200892 | S39: 239032 | U39: 239729 | V39: 271606 | W39: 392577 | X39: 295485 | Z39: 346761 | AA39: 447353 | AB39: 545525 | AC39: 712817 | AE39: 769836 | AF39: 883701 | AG39: 1053097 | AH39: 1220368 | AJ39: 1325178 | AK39: 1403773 | AL39: 1623154 | AM39: 1738078 | AO39: 1895739 | AP39: 2042253 | AQ39: 2361225 | AR39: 2402702 | AT39: 2595272 | AU39: 2927065 | AV39: 3130822 | AW39: 1218191 | AY39: 1307421 | AZ39: 1514799
B40: Transações de capital com controladas | C40: 0 | D40: 0 | E40: 0 | F40: 0 | G40: 0 | H40: 0 | I40: 0 | K40: 0 | L40: 0 | M40: 0 | N40: 0 | P40: 0 | Q40: 0 | R40: 0 | S40: 0 | U40: 0 | V40: 0 | W40: 0 | X40: 0 | Z40: 0 | AA40: 0 | AB40: 0 | AC40: 0 | AE40: 0 | AF40: 0 | AG40: 0 | AH40: 0 | AJ40: 0 | AK40: 0 | AL40: -2041 | AM40: -2041 | AO40: -2041 | AP40: -2041 | AQ40: -2041 | AR40: -2969 | AT40: -2565 | AU40: -2565 | AV40: -2565 | AW40: -2565 | AY40: -2565 | AZ40: -2565
B41: Ajuste acumulado de conversão | C41: 0 | D41: 0 | E41: 0 | F41: 0 | G41: 0 | H41: 0 | I41: 0 | K41: 0 | L41: 0 | M41: 0 | N41: 0 | P41: 0 | Q41: 0 | R41: 0 | S41: 0 | U41: 0 | V41: 0 | W41: 0 | X41: 0 | Z41: 0 | AA41: 0 | AB41: 0 | AC41: 0 | AE41: 0 | AF41: 0 | AG41: 0 | AH41: 0 | AJ41: 0 | AK41: 0 | AL41: 1 | AM41: -283 | AO41: 738 | AP41: 4461 | AQ41: 3485 | AR41: 9958 | AT41: 3600 | AU41: -998 | AV41: 99 | AW41: 2669 | AY41: 1904 | AZ41: 652
B42: Dividendos adicionais propostos | C42: 0 | D42: 0 | E42: 0 | F42: 0 | G42: 0 | H42: 0 | I42: 0 | K42: 0 | L42: 0 | M42: 0 | N42: 0 | P42: 0 | Q42: 0 | R42: 0 | S42: 0 | U42: 0 | V42: 0 | W42: 0 | X42: 11800 | Z42: 0 | AA42: 0 | AB42: 0 | AC42: 0 | AE42: 0 | AF42: 0 | AG42: 0 | AH42: 53066 | AJ42: 0 | AK42: 0 | AL42: 0 | AM42: 58524 | AO42: 0 | AP42: 0 | AQ42: 0 | AR42: 68875 | AT42: 0 | AU42: 0 | AV42: 0 | AW42: 0 | AY42: 0 | AZ42: 0
B43: Participações de não controladores | C43: 0 | D43: 0 | E43: 0 | F43: 0 | G43: 0 | H43: 0 | I43: 0 | K43: 0 | L43: 0 | M43: 0 | N43: 0 | P43: 0 | Q43: 0 | R43: 0 | S43: 0 | T43: 0 | U43: 0 | V43: 0 | W43: 0 | X43: 0 | Z43: 0 | AA43: 0 | AB43: 0 | AC43: 0 | AE43: 0 | AF43: 0 | AG43: 0 | AH43: 1579 | AJ43: 0 | AK43: 1640 | AL43: 1265 | AM43: 4154 | AO43: 4523 | AP43: 5691 | AQ43: 6232 | AR43: 8004 | AT43: 9403 | AU43: 9432 | AV43: 9691 | AW43: 5297 | AY43: 7184 | AZ43: 6170
B45: TOTAL DO PASSIVO E PATRIMÔNIO LÍQUIDO | C45: =C31+C21+C7 -> 393655 | D45: =D31+D21+D7 -> 483347 | E45: =E31+E21+E7 -> 619827 | F45: =F31+F21+F7 -> 704083 | G45: =G31+G21+G7 -> 783480 | H45: =H31+H21+H7 -> 788660 | I45: =I31+I21+I7 -> 889107 | K45: 1209614 | L45: 1403831 | M45: 1421505 | N45: 1148833 | P45: 1579945 | Q45: 1557185 | R45: 1576298 | S45: 1637614 | U45: 2213684 | V45: 1761976 | W45: 2157013 | X45: 2321373 | Z45: 3133942 | AA45: 3731347 | AB45: 4353136 | AC45: 4395601 | AE45: 5016524 | AF45: 5526146 | AG45: 5828033 | AH45: 6081989 | AJ45: 6436035 | AK45: 6262703 | AL45: 6622659 | AM45: 6883789 | AO45: =AO31+AO21+AO7 -> 7442511 | AP45: =AP31+AP21+AP7 -> 8530219 | AQ45: =AQ31+AQ21+AQ7 -> 8538809 | AR45: =AR31+AR21+AR7 -> 8889423 | AT45: =AT31+AT21+AT7 -> 9833353 | AU45: =AU31+AU21+AU7 -> 11584408 | AV45: =AV31+AV21+AV7 -> 12381553 | AW45: =AW31+AW21+AW7 -> 13104355 | AY45: =AY31+AY21+AY7 -> 14646091 | AZ45: =AZ31+AZ21+AZ7 -> 14480098 | BA45: =BA31+BA21+BA7 -> 0 | BB45: =BB31+BB21+BB7 -> 0

Sheet DRE_ACM
C2: 2011 | D2: 2012 | E2: 2013 | F2: 2014 | G2: 2015 | H2: 2016 | I2: 2017 | K2: 2018 | P2: 2019 | U2: 2020 | Z2: 2021 | AE2: 2022 | AJ2: 2023 | AO2: 2024 | AT2: 2025 | AY2: 2026
C3: 12M11 | D3: 12M12 | E3: 12M13 | F3: 12M14 | G3: 12M15 | H3: 12M16 | I3: 12M17 | K3: 3M18 | L3: 6M18 | M3: 9M18 | N3: 12M18 | P3: 3M19 | Q3: 6M19 | R3: 9M19 | S3: 12M19 | U3: 3M20 | V3: 6M20 | W3: 9M20 | X3: 12M20 | Z3: 3M21 | AA3: 6M21 | AB3: 9M21 | AC3: 12M21 | AE3: 3M22 | AF3: 6M22 | AG3: 9M22 | AH3: 12M22 | AJ3: 3M23 | AK3: 6M23 | AL3: 9M23 | AM3: 12M23 | AO3: 3M24 | AP3: 6M24 | AQ3: 9M24 | AR3: 12M24 | AT3: 3M25 | AU3: 6M25 | AV3: 9M25 | AW3: 12M25 | AY3: 3M26 | AZ3: 6M26 | BA3: 9M26 | BB3: 12M26
K4: =COLUMN() -> 11 | L4: =COLUMN() -> 12 | M4: =COLUMN() -> 13 | N4: =COLUMN() -> 14 | O4: =COLUMN() -> 15 | P4: =COLUMN() -> 16 | Q4: =COLUMN() -> 17 | R4: =COLUMN() -> 18 | ... AH4: =COLUMN() -> 34
B5: Demonstração do Resultado | C5: 40908 | D5: 41274 | E5: 41639 | F5: 42004 | G5: 42369 | H5: 42735 | I5: 43100 | K5: 43190 | L5: 43281 | M5: 43373 | N5: 43465 | P5: 43555 | Q5: 43646 | R5: 43738 | S5: 43830 | U5: 43921 | V5: 44012 | W5: 44104 | X5: 44196 | Z5: 44286 | AA5: 44377 | AB5: 44469 | AC5: 44561 | AE5: 44651 | AF5: 44742 | AG5: 44834 | AH5: 44926 | AJ5: 45016 | AK5: 45107 | AL5: 45199 | AM5: 45291 | AO5: 45382 | AP5: 45473 | AQ5: 45565 | AR5: 45657 | AT5: 45747 | AU5: 45838 | AV5: 45930 | AW5: 46022 | AY5: 46112 | AZ5: 46203 | BA5: 46295 | BB5: 46387
B7: Receita operacional líquida | C7: 391714 | D7: 480981 | E7: 901692 | F7: 917302 | G7: 1113738 | H7: 1140102 | I7: 1326097 | K7: 334635 | L7: 803835 | M7: 1334041 | N7: 1921574 | P7: 448708 | Q7: 960712 | R7: 1553070 | S7: 2239573 | U7: 513864 | V7: 1254331 | W7: 2102364 | X7: 3110407 | Z7: 769273 | AA7: 1974653 | AB7: 3704198 | AC7: 5339317 | AE7: 1273235 | AF7: 2770538 | AG7: 4729450 | AH7: 6885839 | AJ7: 1804695.8 | AK7: 3565055 | AL7: 5969395 | AM7: 8998985 | AO7: 2679222 | AP7: 5475691 | AQ7: 8972251 | AR7: 12825771 | AT7: 3499108 | AU7: 7061985 | AV7: 12056864 | AW7: 16423694 | AY7: 4206948 | AZ7: 8907348
B8: Custo das mercadorias e produtos vendidos | C8: -329161 | D8: -418781 | E8: -809967 | F8: -768371 | G8: -943746 | H8: -980114 | I8: -1134837 | K8: -276066 | L8: -649161 | M8: -1099952 | N8: -1586216 | P8: -394538 | Q8: -850061 | R8: -1337336 | S8: -1876596 | U8: -445610 | V8: -1056850 | W8: -1708771 | X8: -2515200 | Z8: -662028 | AA8: -1681870 | AB8: -3198415 | AC8: -4638263 | AE8: -1115042 | AF8: -2359253 | AG8: -4076931 | AH8: -5842540 | AJ8: -1544539.9 | AK8: -3120651 | AL8: -5150117 | AM8: -7752979 | AO8: -2178441 | AP8: -4258710 | AQ8: -7124716 | AR8: -10294268 | AT8: -2987775 | AU8: -5826956 | AV8: -10276758 | AW8: -13939323 | AY8: -3555875 | AZ8: -7460903
B9: Lucro bruto | C9: 62553 | D9: 62200 | E9: 91725 | F9: 148931 | G9: 169992 | H9: 159988 | I9: 191260 | K9: 58569 | L9: 154674 | M9: 234089 | N9: 335358 | P9: 54170 | Q9: 110651 | R9: 215734 | S9: 362977 | U9: 68254 | V9: 197481 | W9: 393593 | X9: 595207 | Z9: 107245 | AA9: 292783 | AB9: 505783 | AC9: 701054 | AE9: 158193 | AF9: 411285 | AG9: 652519 | AH9: 1043299 | AJ9: 260155.95 | AK9: 444404 | AL9: 819278 | AM9: 1246006 | AO9: 500781 | AP9: 1216981 | AQ9: =AQ7+AQ8 -> 1847535 | AR9: =AR7+AR8 -> 2531503 | AT9: =AT7+AT8 -> 511333 | AU9: =AU7+AU8 -> 1235029 | AV9: =AV7+AV8 -> 1780106 | AW9: 2484371 | AY9: =AY7+AY8 -> 651073 | AZ9: =AZ7+AZ8 -> 1446445
B10: Despesas com Vendas, Gerais e Admin. | C10: -26009 | D10: -28447 | E10: -40662 | F10: -69873 | G10: -76853 | H10: -90091 | I10: -117393 | K10: -26143 | L10: -66024 | M10: -106058 | N10: -157132 | P10: -36614 | Q10: -76913 | R10: -139459 | S10: -190159 | U10: -39675 | V10: -95363 | W10: -164902 | X10: -199412 | Z10: -57271 | AA10: -127300 | AB10: -228027 | AC10: -347460 | AE10: -111693 | AF10: -210995 | AG10: -353210 | AH10: -505648 | AJ10: -149493.99 | AK10: -292902 | AL10: -506050 | AM10: -804316 | AO10: -314877 | AP10: -652463 | AQ10: =SUM(AQ11:AQ13) -> -941815 | AR10: =SUM(AR11:AR13) -> -1286205 | AT10: =SUM(AT11:AT13) -> -374396 | AU10: =SUM(AU11:AU13) -> -797175 | AV10: =SUM(AV11:AV13) -> -1338505 | AW10: -1945383 | AY10: =SUM(AY11:AY13) -> -548459 | AZ10: =SUM(AZ11:AZ13) -> -1185388
B11: Despesas com vendas | C11: -9028 | D11: -11180 | E11: -14788 | F11: -56870 | G11: -77742 | H11: -88319 | I11: -119411 | K11: -23260 | L11: -61824 | M11: -106617 | N11: -152412 | P11: -33136 | Q11: -83342 | R11: -143636 | S11: -197749 | U11: -42989 | V11: -93294 | W11: -164502 | X11: -203404 | Z11: -48913 | AA11: -113399 | AB11: -205426 | AC11: -319965 | AE11: -98014 | AF11: -192364 | AG11: -320650 | AH11: -462094 | AJ11: -139027.2 | AK11: -271656 | AL11: -474076 | AM11: -764746 | AO11: -303018 | AP11: -601738 | AQ11: -871593 | AR11: -1183262 | AT11: -352095 | AU11: -735129 | AV11: -1213736 | AW11: -1785330 | AY11: -496444 | AZ11: -1074913
B12: Despesas Gerais e Administrativas | C12: -17985 | D12: -21819 | E12: -29933 | F12: -17549 | G12: -6811 | H12: -8838 | I12: -18111 | K12: -5169 | L12: -7172 | M12: -10556 | N12: -12325 | P12: -3996 | Q12: -8119 | R12: -12495 | S12: -19236 | U12: -4246 | V12: -7876 | W12: -12035 | X12: -22003 | Z12: -10682 | AA12: -22170 | AB12: -39928 | AC12: -55707 | AE12: -17456 | AF12: -29840 | AG12: -46087 | AH12: -68374 | AJ12: -16100.712 | AK12: -32572 | AL12: -51640 | AM12: -71818 | AO12: -18957 | AP12: -40931 | AQ12: -65571 | AR12: -106824 | AT12: -23209 | AU12: -54513 | AV12: -95341 | AW12: -137153 | AY12: -44199 | AZ12: -97221
B13: Outras Receitas e Despesas Operacionais | C13: 1034 | D13: 4112 | E13: 3397 | F13: 4606 | G13: 7700 | H13: 7066 | I13: 20129 | K13: 2286 | L13: 2972 | M13: 11115 | N13: 7605 | P13: 518 | Q13: 14548 | R13: 16672 | S13: 26826 | U13: 7560 | V13: 5807 | W13: 11635 | X13: 25995 | Z13: 2324 | AA13: 8269 | AB13: 17327 | AC13: 28212 | AE13: 3777 | AF13: 11209 | AG13: 13527 | AH13: 24820 | AJ13: 5633.9188 | AK13: 11326 | AL13: 19666 | AM13: 32248 | AO13: 7098 | AP13: -9794 | AQ13: -4651 | AR13: 3881 | AT13: 908 | AU13: -7533 | AV13: -29428 | AW13: -22900 | AY13: -7816 | AZ13: -13254
B14: Resultado com Equivalencia Patrimonial | C14: -30 | D14: 440 | E14: 662 | F14: -60 | G14: 0 | H14: 0 | I14: 0
B15: Resultado operacional | C15: 36544 | D15: 33753 | E15: 51063 | F15: 79058 | G15: 93139 | H15: 69897 | I15: 73867 | K15: 32426 | L15: 88650 | M15: 128031 | N15: 178226 | P15: 17556 | Q15: 33738 | R15: 76275 | S15: 172818 | U15: 28579 | V15: 102118 | W15: 228691 | X15: 395795 | Z15: 49974 | AA15: 165483 | AB15: 277756 | AC15: 353594 | AE15: 46500 | AF15: 200290 | AG15: 299309 | AH15: 537651 | AJ15: 110661.95 | AK15: 151502 | AL15: 313228 | AM15: 441690 | AO15: 185904 | AP15: 564518 | AQ15: =AQ9+AQ10 -> 905720 | AR15: =AR9+AR10 -> 1245298 | AT15: =AT9+AT10 -> 136937 | AU15: =AU9+AU10 -> 437854 | AV15: =AV9+AV10 -> 441601 | AW15: 538988 | AY15: =AY9+AY10 -> 102614 | AZ15: =AZ9+AZ10 -> 261057
B16: Resultado financeiro | C16: -22115 | D16: -18347 | E16: -36963 | F16: -42068 | G16: -77137 | H16: -28956 | I16: -46555 | K16: -12656 | L16: -39683 | M16: -56514 | N16: -40205 | P16: -2653 | Q16: 6708 | R16: -4321 | S16: -23394 | U16: -21470 | V16: -59367 | W16: -46607 | X16: -73492 | Z16: -5085 | AA16: 19382 | AB16: 4074 | AC16: 26243 | AE16: 5764 | AF16: 12162 | AG16: 14742 | AH16: 2670 | AJ16: -16454.876 | AK16: 675 | AL16: -45733 | AM16: -12970 | AO16: -9064 | AP16: -171169 | AQ16: =SUM(AQ17:AQ18) -> -57818 | AR16: =SUM(AR17:AR18) -> -244272 | AT16: =SUM(AT17:AT18) -> 111585 | AU16: =SUM(AU17:AU18) -> 261816 | AV16: =SUM(AV17:AV18) -> 511023 | AW16: 497036 | AY16: =AY17+AY18 -> -10399 | AZ16: =AZ17+AZ18 -> 58726
B17: Receitas financeiras líquidas | C17: 27695 | D17: 43560 | E17: 45048 | F17: 60297 | G17: 47607 | H17: 52415 | I17: 37152 | K17: 7604 | L17: 34350 | M17: 41230 | N17: 49390 | P17: 17030 | Q17: 43603 | R17: 67903 | S17: 73083 | U17: 32403 | V17: 58015 | W17: 105107 | X17: 118480 | Z17: 30470 | AA17: 103135 | AB17: 155766 | AC17: 207769 | AE17: 80077 | AF17: 191917 | AG17: 255181 | AH17: 318952 | AJ17: 62275 | AK17: 176059 | AL17: 272012 | AM17: 382546 | AO17: 90811 | AP17: 247900 | AQ17: 212677 | AR17: 762260 | AT17: 331660 | AU17: 587915 | AV17: 837030 | AW17: 855886 | AY17: 252742 | AZ17: 387634
B18: Despesas financeiras líquidas | C18: -49810 | D18: -61907 | E18: -82011 | F18: -102365 | G18: -124744 | H18: -81371 | I18: -83707 | K18: -20260 | L18: -74033 | M18: -97744 | N18: -89595 | P18: -19683 | Q18: -36895 | R18: -72224 | S18: -96477 | U18: -53873 | V18: -117382 | W18: -151714 | X18: -191972 | Z18: -35555 | AA18: -83753 | AB18: -151692 | AC18: -181526 | AE18: -74313 | AF18: -179755 | AG18: -240439 | AH18: -316282 | AJ18: -78730.387 | AK18: -175384 | AL18: -317745 | AM18: -395516 | AO18: -99875 | AP18: -419069 | AQ18: -270495 | AR18: -1006532 | AT18: -220075 | AU18: -326099 | AV18: -326007 | AW18: -358850 | AY18: -263141 | AZ18: -328908
B19: Resultado antes dos impostos e contribuições | C19: 14429 | D19: 15406 | E19: 14100 | F19: 36990 | G19: 16002 | H19: 40941 | I19: 27312 | K19: 19770 | L19: 48967 | M19: 71517 | N19: 138021 | P19: 14903 | Q19: 40446 | R19: 71954 | S19: 149424 | U19: 7109 | V19: 42751 | W19: 182084 | X19: 322303 | Z19: 44889 | AA19: 184865 | AB19: 281830 | AC19: 379837 | AE19: 52264 | AF19: 212452 | AG19: 314051 | AH19: 540321 | AJ19: 94207.079 | AK19: 152177 | AL19: 267495 | AM19: 428720 | AO19: 176840 | AP19: 393349 | AQ19: =AQ15+AQ16 -> 847902 | AR19: =AR15+AR16 -> 1001026 | AT19: =AT15+AT16 -> 248522 | AU19: =AU15+AU16 -> 699670 | AV19: =AV15+AV16 -> 952624 | AW19: 1036024 | AY19: =AY15+AY16 -> 92215 | AZ19: =AZ15+AZ16 -> 319783
B20: Imposto de renda e contribuição social | C20: -3294 | D20: -2242 | E20: -2022 | F20: -12469 | G20: -3772 | H20: -16017 | I20: 21168 | K20: 0 | L20: 0 | M20: 0 | N20: 5572 | P20: 0 | Q20: -7163 | R20: -4846 | S20: -7913 | U20: 2585 | V20: 1401 | W20: -13599 | X20: -29056 | Z20: 6150 | AA20: -19550 | AB20: -18580 | AC20: 50469 | AE20: 4518 | AF20: -34448 | AG20: 33113 | AH20: 30853 | AJ20: 9132.1158 | AK20: 28111 | AL20: 130658 | AM20: 145082 | AO20: -20402 | AP20: -91267 | AQ20: =SUM(AQ21:AQ22) -> -227445 | AR20: =SUM(AR21:AR22) -> -244661 | AT20: =SUM(AT21:AT22) -> -56103 | AU20: =SUM(AU21:AU22) -> -176404 | AV20: =SUM(AV21:AV22) -> -226314 | AW20: -227325 | AY20: =AY21+AY22 -> -7040 | AZ20: =AZ21+AZ22 -> -28720
B21: Corrente | C21: -3294 | D21: -3312 | E21: -1993 | F21: -14065 | G21: -4069 | H21: -16338 | I21: 20388 | K21: 0 | L21: 0 | M21: 0 | N21: -7669 | P21: 0 | Q21: 0 | R21: 0 | S21: -1297 | U21: 0 | V21: 0 | W21: -2844 | X21: -24491 | Z21: 0 | AA21: -16655 | AB21: -5989 | AC21: -17791 | AE21: -13109 | AF21: -27668 | AG21: -4 | AH21: -154 | AJ21: -37.76767 | AK21: -1937 | AL21: -3744 | AM21: -5388 | AO21: -4152 | AP21: -10572 | AQ21: -44660 | AR21: -138855 | AT21: -1092 | AU21: -5881 | AV21: -81009 | AW21: -132865 | AY21: -58047 | AZ21: -29058
B22: Diferido | C22: 0 | D22: 1070 | E22: -29 | F22: 1596 | G22: 297 | H22: 321 | I22: 780 | K22: 0 | L22: 0 | M22: 0 | N22: 13241 | P22: 0 | Q22: -7163 | R22: -4846 | S22: -6616 | U22: 2585 | V22: 1401 | W22: -10755 | X22: -4565 | Z22: 6150 | AA22: -2895 | AB22: -12591 | AC22: 68260 | AE22: 17627 | AF22: -6780 | AG22: 33117 | AH22: 31007 | AJ22: 9169.8834 | AK22: 30048 | AL22: 134402 | AM22: 150470 | AO22: -16250 | AP22: -80695 | AQ22: -182785 | AR22: -105806 | AT22: -55011 | AU22: -170523 | AV22: -145305 | AW22: -94460 | AY22: 51007 | AZ22: 338
B23: Lucro líquido do exercício | C23: 11135 | D23: 13164 | E23: 12078 | F23: 24521 | G23: 12230 | H23: 24924 | I23: 48480 | K23: 19770 | L23: 48967 | M23: 71517 | N23: 143593 | P23: 14903 | Q23: 33283 | R23: 67108 | S23: 141511 | U23: 9694 | V23: 44152 | W23: 168485 | X23: 293247 | Z23: 51039 | AA23: 165315 | AB23: 263250 | AC23: 430306 | AE23: 56782 | AF23: 178004 | AG23: 347164 | AH23: 571174 | AJ23: 103339.19 | AK23: 180288 | AL23: 398153 | AM23: 573802 | AO23: 156438 | AP23: 302082 | AQ23: =AQ19+AQ20 -> 620457 | AR23: =AR19+AR20 -> 756365 | AT23: =AT19+AT20 -> 192419 | AU23: =AU19+AU20 -> 523266 | AV23: =AV19+AV20 -> 726310 | AW23: 808699 | AY23: =AY19+AY20 -> 85175 | AZ23: =AZ19+AZ20 -> 291063
B24: Lucro por Ação | U24: 0.008 | V24: 0.0979 | W24: 0.3457 | X24: 0.6301 | Z24: 0.1276 | AA24: 0.4133 | AB24: 0.6127 | AC24: 0.965 | AE24: 0.1148 | AF24: 0.35931 | AG24: 0.70038 | AH24: 1.15194 | AJ24: 0.2078 | AK24: 0.36221 | AL24: 0.79961 | AM24: 1.15216 | AO24: 0.31394 | AP24: 0.60623 | AQ24: 1.24515 | AR24: 1.5179 | AT24: 0.38615 | AU24: 1.0498 | AV24: 1.45612 | AW24: 1.62126 | AY24: 0.17049 | AZ24: 0.58194
B25: Depreciação | C25: 3584 | D25: 2011 | E25: 5922 | F25: 10106 | G25: 10954 | H25: 10471 | I25: 10901 | K25: 0 | L25: 0 | M25: 0 | N25: 12692 | P25: 287 | Q25: 683 | R25: 1154 | S25: 16788 | U25: 5947 | V25: 11053 | W25: 16018 | X25: 21642 | Z25: 5759 | AA25: 12589 | AB25: 19752 | AC25: 27464 | AE25: 8060 | AF25: 16944.926 | AG25: 26914 | AH25: 37746 | AJ25: 11823 | AK25: 24489 | AL25: 40451 | AM25: 57597 | AO25: 22867 | AP25: 44785 | AQ25: 68980 | AR25: 95363 | AT25: 27784 | AU25: 57020 | AV25: 87270 | AW25: 119388 | AY25: 36099 | AZ25: 82252
B27: EBITDA | C27: 40128 | D27: 35764 | E27: 56985 | F27: 89164 | G27: 104093 | H27: 80368 | I27: 84768 | K27: 32426 | L27: 88651 | M27: 128031 | N27: 190918 | P27: 17843 | Q27: 34421 | R27: 76997 | S27: 189605 | U27: 34526 | V27: 113171 | W27: 244709 | X27: 417437 | Z27: 55733 | AA27: 178072 | AB27: 297508 | AC27: 381058 | AE27: 54560 | AF27: 217234.93 | AG27: 326223 | AH27: 575397 | AJ27: 122484.95 | AK27: 175991 | AL27: 353679 | AM27: 499287 | AO27: 208771 | AP27: =AP15+AP25 -> 609303 | AQ27: 974700 | AR27: 1340661 | AT27: 164721 | AU27: =AU15+AU25 -> 494874 | AV27: =AV15+AV25 -> 528871 | AW27: 658376 | AY27: =AY15+AY25 -> 138713 | AZ27: =AZ15+AZ25 -> 343309
B28: Ajuste a valor justo | C28: 5149 | D28: -3180 | E28: 4945 | F28: -8658 | G28: -7623 | H28: -13966 | I28: 7988 | K28: 0 | L28: 0 | M28: 0 | N28: -32535 | P28: -1450 | Q28: 3464 | R28: -722 | S28: -328 | U28: -8426 | V28: 13058 | W28: 28036 | X28: 15823 | Z28: -14653 | AA28: 7974 | AB28: -20147 | AC28: -113871 | AE28: -41559 | AF28: 24030 | AG28: -2157.0398 | AH28: -47700 | AJ28: 14754.778 | AK28: 24409 | AL28: 85750 | AM28: 15872 | AO28: 70920 | AP28: 388046 | AQ28: 411414 | AR28: 367063.09 | AT28: -124148.88 | AU28: 23617 | AV28: -108670 | AW28: -60460 | AY28: -157124 | AZ28: 108606
B29: EBITDA AJUSTADO | C29: 34979 | D29: 38944 | E29: 52040 | F29: 97822 | G29: 111716 | H29: 94334 | I29: 76780 | K29: 32426 | L29: 88651 | M29: 128031 | N29: 223453 | P29: 19293 | Q29: 30957 | R29: 76997 | S29: 189934 | U29: 42952 | V29: 100113 | W29: 216673 | X29: 401614 | Z29: 70386 | AA29: 170098 | AB29: 317655 | AC29: 494929 | AE29: 96119 | AF29: 193204.93 | AG29: 328380.04 | AH29: 623097 | AJ29: 107730.18 | AK29: 151582 | AL29: 267929 | AM29: 483415 | AO29: 137851 | AP29: =AP27-AP28 -> 221257 | AQ29: 563286 | AR29: 973597.91 | AT29: 288869.88 | AU29: =AU27-AU28 -> 471257 | AV29: =AV27-AV28 -> 637541 | AW29: 718836 | AY29: =AY27-AY28 -> 295837 | AZ29: =AZ27-AZ28 -> 234703

Sheet DRE_TRI
C2: 2018 | H2: 2019 | M2: 2020 | R2: 2021 | W2: 2022 | AB2: 2023 | AG2: 2024 | AL2: 2025 | AQ2: 2026
C3: 1T18 | D3: 2T18 | E3: 3T18 | F3: 4T18 | H3: 1T19 | I3: 2T19 | J3: 3T19 | K3: 4T19 | M3: 1T20 | N3: 2T20 | O3: 3T20 | P3: 4T20 | R3: 1T21 | S3: 2T21 | T3: 3T21 | U3: 4T21 | W3: 1T22 | X3: 2T22 | Y3: 3T22 | Z3: 4T22 | AB3: 1T23 | AC3: 2T23 | AD3: 3T23 | AE3: 4T23 | AG3: 1T24 | AH3: 2T24 | AI3: 3T24 | AJ3: 4T24 | AL3: 1T25 | AM3: 2T25 | AN3: 3T25 | AO3: 4T25 | AQ3: 1T2026 | AR3: 2T2026 | AS3: 3T2026 | AT3: 4T2026
C4: =COLUMN() -> 3 | D4: =COLUMN() -> 4 | E4: =COLUMN() -> 5 | F4: =COLUMN() -> 6 | G4: =COLUMN() -> 7 | H4: =COLUMN() -> 8 | I4: =COLUMN() -> 9 | J4: =COLUMN() -> 10 | ... Z4: =COLUMN() -> 26
B5: Demonstração do Resultado | C5: 43190 | D5: 43281 | E5: 43373 | F5: 43465 | H5: 43555 | I5: 43646 | J5: 43738 | K5: 43830 | M5: 43921 | N5: 44012 | O5: 44104 | P5: 44196 | R5: 44286 | S5: 44377 | T5: 44469 | U5: 44561 | W5: 44651 | X5: 44742 | Y5: 44834 | Z5: 44926 | AB5: 45016 | AC5: 45107 | AD5: 45199 | AE5: 45291 | AG5: 45382 | AH5: 45473 | AI5: 45565 | AJ5: 45657 | AL5: 45747 | AM5: 45838 | AN5: 45930 | AO5: 46022 | AQ5: 46112 | AR5: 46203 | AS5: 46295 | AT5: 46387
B7: Receita operacional líquida | C7: =DRE_ACM!K7 -> 334635 | D7: =DRE_ACM!L7-DRE_ACM!K7 -> 469200 | E7: =DRE_ACM!M7-DRE_ACM!L7 -> 530206 | F7: =DRE_ACM!N7-DRE_ACM!M7 -> 587533 | H7: =DRE_ACM!P7 -> 448708 | I7: =DRE_ACM!Q7-DRE_ACM!P7 -> 512004 | J7: =DRE_ACM!R7-DRE_ACM!Q7 -> 592358 | K7: =DRE_ACM!S7-DRE_ACM!R7 -> 686503 | M7: =DRE_ACM!U7 -> 513864 | N7: =DRE_ACM!V7-DRE_ACM!U7 -> 740467 | O7: =DRE_ACM!W7-DRE_ACM!V7 -> 848033 | P7: =DRE_ACM!X7-DRE_ACM!W7 -> 1008043 | R7: =DRE_ACM!Z7 -> 769273 | S7: =DRE_ACM!AA7-DRE_ACM!Z7 -> 1205380 | T7: =DRE_ACM!AB7-DRE_ACM!AA7 -> 1729545 | U7: =DRE_ACM!AC7-DRE_ACM!AB7 -> 1635119 | W7: =DRE_ACM!AE7 -> 1273235 | X7: =DRE_ACM!AF7-DRE_ACM!AE7 -> 1497303 | Y7: =DRE_ACM!AG7-DRE_ACM!AF7 -> 1958912 | Z7: =DRE_ACM!AH7-DRE_ACM!AG7 -> 2156389 | AB7: 1804695.8 | AC7: =DRE_ACM!AK7-DRE_ACM!AJ7 -> 1760359.2 | AD7: =DRE_ACM!AL7-DRE_ACM!AK7 -> 2404340 | AE7: =DRE_ACM!AM7-DRE_ACM!AL7 -> 3029590 | AG7: 2679222 | AH7: =DRE_ACM!AP7-DRE_ACM!AO7 -> 2796469 | AI7: =DRE_ACM!AQ7-DRE_ACM!AP7 -> 3496560 | AJ7: =DRE_ACM!AR7-DRE_ACM!AQ7 -> 3853520 | AL7: =DRE_ACM!AT7-DRE_ACM!AS7 -> 3499108 | AM7: =DRE_ACM!AU7-DRE_ACM!AT7 -> 3562877 | AN7: =DRE_ACM!AV7-DRE_ACM!AU7 -> 4994879 | AO7: =DRE_ACM!AW7-DRE_ACM!AV7 -> 4366830 | AQ7: =DRE_ACM!AY7-DRE_ACM!AX7 -> 4206948 | AR7: =DRE_ACM!AZ7-DRE_ACM!AY7 -> 4700400
B8: Custo das mercadorias e produtos vendidos | C8: =DRE_ACM!K8 -> -276066 | D8: =DRE_ACM!L8-DRE_ACM!K8 -> -373095 | E8: =DRE_ACM!M8-DRE_ACM!L8 -> -450791 | F8: =DRE_ACM!N8-DRE_ACM!M8 -> -486264 | H8: =DRE_ACM!P8 -> -394538 | I8: =DRE_ACM!Q8-DRE_ACM!P8 -> -455523 | J8: =DRE_ACM!R8-DRE_ACM!Q8 -> -487275 | K8: =DRE_ACM!S8-DRE_ACM!R8 -> -539260 | M8: =DRE_ACM!U8 -> -445610 | N8: =DRE_ACM!V8-DRE_ACM!U8 -> -611240 | O8: =DRE_ACM!W8-DRE_ACM!V8 -> -651921 | P8: =DRE_ACM!X8-DRE_ACM!W8 -> -806429 | R8: =DRE_ACM!Z8 -> -662028 | S8: =DRE_ACM!AA8-DRE_ACM!Z8 -> -1019842 | T8: =DRE_ACM!AB8-DRE_ACM!AA8 -> -1516545 | U8: =DRE_ACM!AC8-DRE_ACM!AB8 -> -1439848 | W8: =DRE_ACM!AE8 -> -1115042 | X8: =DRE_ACM!AF8-DRE_ACM!AE8 -> -1244211 | Y8: =DRE_ACM!AG8-DRE_ACM!AF8 -> -1717678 | Z8: =DRE_ACM!AH8-DRE_ACM!AG8 -> -1765609 | AB8: -1544539.9 | AC8: =DRE_ACM!AK8-DRE_ACM!AJ8 -> -1576111.1 | AD8: =DRE_ACM!AL8-DRE_ACM!AK8 -> -2029466 | AE8: =DRE_ACM!AM8-DRE_ACM!AL8 -> -2602862 | AG8: -2178441 | AH8: =DRE_ACM!AP8-DRE_ACM!AO8 -> -2080269 | AI8: =DRE_ACM!AQ8-DRE_ACM!AP8 -> -2866006 | AJ8: =DRE_ACM!AR8-DRE_ACM!AQ8 -> -3169552 | AL8: =DRE_ACM!AT8-DRE_ACM!AS8 -> -2987775 | AM8: =DRE_ACM!AU8-DRE_ACM!AT8 -> -2839181 | AN8: =DRE_ACM!AV8-DRE_ACM!AU8 -> -4449802 | AO8: =DRE_ACM!AW8-DRE_ACM!AV8 -> -3662565 | AQ8: =DRE_ACM!AY8-DRE_ACM!AX8 -> -3555875 | AR8: =DRE_ACM!AZ8-DRE_ACM!AY8 -> -3905028
B9: Lucro bruto | C9: =DRE_ACM!K9 -> 58569 | D9: =DRE_ACM!L9-DRE_ACM!K9 -> 96105 | E9: =DRE_ACM!M9-DRE_ACM!L9 -> 79415 | F9: =DRE_ACM!N9-DRE_ACM!M9 -> 101269 | H9: =DRE_ACM!P9 -> 54170 | I9: =DRE_ACM!Q9-DRE_ACM!P9 -> 56481 | J9: =DRE_ACM!R9-DRE_ACM!Q9 -> 105083 | K9: =DRE_ACM!S9-DRE_ACM!R9 -> 147243 | M9: =DRE_ACM!U9 -> 68254 | N9: =DRE_ACM!V9-DRE_ACM!U9 -> 129227 | O9: =DRE_ACM!W9-DRE_ACM!V9 -> 196112 | P9: =DRE_ACM!X9-DRE_ACM!W9 -> 201614 | R9: =DRE_ACM!Z9 -> 107245 | S9: =DRE_ACM!AA9-DRE_ACM!Z9 -> 185538 | T9: =DRE_ACM!AB9-DRE_ACM!AA9 -> 213000 | U9: =DRE_ACM!AC9-DRE_ACM!AB9 -> 195271 | W9: =DRE_ACM!AE9 -> 158193 | X9: =DRE_ACM!AF9-DRE_ACM!AE9 -> 253092 | Y9: =DRE_ACM!AG9-DRE_ACM!AF9 -> 241234 | Z9: =DRE_ACM!AH9-DRE_ACM!AG9 -> 390780 | AB9: 260155.95 | AC9: =DRE_ACM!AK9-DRE_ACM!AJ9 -> 184248.05 | AD9: =DRE_ACM!AL9-DRE_ACM!AK9 -> 374874 | AE9: =DRE_ACM!AM9-DRE_ACM!AL9 -> 426728 | AG9: 500781 | AH9: =DRE_ACM!AP9-DRE_ACM!AO9 -> 716200 | AI9: =DRE_ACM!AQ9-DRE_ACM!AP9 -> 630554 | AJ9: =DRE_ACM!AR9-DRE_ACM!AQ9 -> 683968 | AL9: =DRE_ACM!AT9-DRE_ACM!AS9 -> 511333 | AM9: =DRE_ACM!AU9-DRE_ACM!AT9 -> 723696 | AN9: =DRE_ACM!AV9-DRE_ACM!AU9 -> 545077 | AO9: =DRE_ACM!AW9-DRE_ACM!AV9 -> 704265 | AQ9: =DRE_ACM!AY9-DRE_ACM!AX9 -> 651073 | AR9: =DRE_ACM!AZ9-DRE_ACM!AY9 -> 795372
B10: Despesas com Vendas, Gerais e Admin. | C10: =DRE_ACM!K10 -> -26143 | D10: =DRE_ACM!L10-DRE_ACM!K10 -> -39881 | E10: =DRE_ACM!M10-DRE_ACM!L10 -> -40034 | F10: =DRE_ACM!N10-DRE_ACM!M10 -> -51074 | H10: =DRE_ACM!P10 -> -36614 | I10: =DRE_ACM!Q10-DRE_ACM!P10 -> -40299 | J10: =DRE_ACM!R10-DRE_ACM!Q10 -> -62546 | K10: =DRE_ACM!S10-DRE_ACM!R10 -> -50700 | M10: =DRE_ACM!U10 -> -39675 | N10: =DRE_ACM!V10-DRE_ACM!U10 -> -55688 | O10: =DRE_ACM!W10-DRE_ACM!V10 -> -69539 | P10: =DRE_ACM!X10-DRE_ACM!W10 -> -34510 | R10: =DRE_ACM!Z10 -> -57271 | S10: =DRE_ACM!AA10-DRE_ACM!Z10 -> -70029 | T10: =DRE_ACM!AB10-DRE_ACM!AA10 -> -100727 | U10: =DRE_ACM!AC10-DRE_ACM!AB10 -> -119433 | W10: =DRE_ACM!AE10 -> -111693 | X10: =DRE_ACM!AF10-DRE_ACM!AE10 -> -99302 | Y10: =DRE_ACM!AG10-DRE_ACM!AF10 -> -142215 | Z10: =DRE_ACM!AH10-DRE_ACM!AG10 -> -152438 | AB10: -149493.99 | AC10: =DRE_ACM!AK10-DRE_ACM!AJ10 -> -143408.01 | AD10: =DRE_ACM!AL10-DRE_ACM!AK10 -> -213148 | AE10: =DRE_ACM!AM10-DRE_ACM!AL10 -> -298266 | AG10: -314877 | AH10: =DRE_ACM!AP10-DRE_ACM!AO10 -> -337586 | AI10: =DRE_ACM!AQ10-DRE_ACM!AP10 -> -289352 | AJ10: =DRE_ACM!AR10-DRE_ACM!AQ10 -> -344390 | AL10: =DRE_ACM!AT10-DRE_ACM!AS10 -> -374396 | AM10: =DRE_ACM!AU10-DRE_ACM!AT10 -> -422779 | AN10: =DRE_ACM!AV10-DRE_ACM!AU10 -> -541330 | AO10: =DRE_ACM!AW10-DRE_ACM!AV10 -> -606878 | AQ10: =DRE_ACM!AY10-DRE_ACM!AX10 -> -548459 | AR10: =DRE_ACM!AZ10-DRE_ACM!AY10 -> -636929
B11: Despesas com vendas | C11: =DRE_ACM!K11 -> -23260 | D11: =DRE_ACM!L11-DRE_ACM!K11 -> -38564 | E11: =DRE_ACM!M11-DRE_ACM!L11 -> -44793 | F11: =DRE_ACM!N11-DRE_ACM!M11 -> -45795 | H11: =DRE_ACM!P11 -> -33136 | I11: =DRE_ACM!Q11-DRE_ACM!P11 -> -50206 | J11: =DRE_ACM!R11-DRE_ACM!Q11 -> -60294 | K11: =DRE_ACM!S11-DRE_ACM!R11 -> -54113 | M11: =DRE_ACM!U11 -> -42989 | N11: =DRE_ACM!V11-DRE_ACM!U11 -> -50305 | O11: =DRE_ACM!W11-DRE_ACM!V11 -> -71208 | P11: =DRE_ACM!X11-DRE_ACM!W11 -> -38902 | R11: =DRE_ACM!Z11 -> -48913 | S11: =DRE_ACM!AA11-DRE_ACM!Z11 -> -64486 | T11: =DRE_ACM!AB11-DRE_ACM!AA11 -> -92027 | U11: =DRE_ACM!AC11-DRE_ACM!AB11 -> -114539 | W11: =DRE_ACM!AE11 -> -98014 | X11: =DRE_ACM!AF11-DRE_ACM!AE11 -> -94350 | Y11: =DRE_ACM!AG11-DRE_ACM!AF11 -> -128286 | Z11: =DRE_ACM!AH11-DRE_ACM!AG11 -> -141444 | AB11: -139027.2 | AC11: =DRE_ACM!AK11-DRE_ACM!AJ11 -> -132628.8 | AD11: =DRE_ACM!AL11-DRE_ACM!AK11 -> -202420 | AE11: =DRE_ACM!AM11-DRE_ACM!AL11 -> -290670 | AG11: -303018 | AH11: =DRE_ACM!AP11-DRE_ACM!AO11 -> -298720 | AI11: =DRE_ACM!AQ11-DRE_ACM!AP11 -> -269855 | AJ11: =DRE_ACM!AR11-DRE_ACM!AQ11 -> -311669 | AL11: =DRE_ACM!AT11-DRE_ACM!AS11 -> -352095 | AM11: =DRE_ACM!AU11-DRE_ACM!AT11 -> -383034 | AN11: =DRE_ACM!AV11-DRE_ACM!AU11 -> -478607 | AO11: =DRE_ACM!AW11-DRE_ACM!AV11 -> -571594 | AQ11: =DRE_ACM!AY11-DRE_ACM!AX11 -> -496444 | AR11: =DRE_ACM!AZ11-DRE_ACM!AY11 -> -578469
B12: Despesas Gerais e Administrativas | C12: =DRE_ACM!K12 -> -5169 | D12: =DRE_ACM!L12-DRE_ACM!K12 -> -2003 | E12: =DRE_ACM!M12-DRE_ACM!L12 -> -3384 | F12: =DRE_ACM!N12-DRE_ACM!M12 -> -1769 | H12: =DRE_ACM!P12 -> -3996 | I12: =DRE_ACM!Q12-DRE_ACM!P12 -> -4123 | J12: =DRE_ACM!R12-DRE_ACM!Q12 -> -4376 | K12: =DRE_ACM!S12-DRE_ACM!R12 -> -6741 | M12: =DRE_ACM!U12 -> -4246 | N12: =DRE_ACM!V12-DRE_ACM!U12 -> -3630 | O12: =DRE_ACM!W12-DRE_ACM!V12 -> -4159 | P12: =DRE_ACM!X12-DRE_ACM!W12 -> -9968 | R12: =DRE_ACM!Z12 -> -10682 | S12: =DRE_ACM!AA12-DRE_ACM!Z12 -> -11488 | T12: =DRE_ACM!AB12-DRE_ACM!AA12 -> -17758 | U12: =DRE_ACM!AC12-DRE_ACM!AB12 -> -15779 | W12: =DRE_ACM!AE12 -> -17456 | X12: =DRE_ACM!AF12-DRE_ACM!AE12 -> -12384 | Y12: =DRE_ACM!AG12-DRE_ACM!AF12 -> -16247 | Z12: =DRE_ACM!AH12-DRE_ACM!AG12 -> -22287 | AB12: -16100.712 | AC12: =DRE_ACM!AK12-DRE_ACM!AJ12 -> -16471.288 | AD12: =DRE_ACM!AL12-DRE_ACM!AK12 -> -19068 | AE12: =DRE_ACM!AM12-DRE_ACM!AL12 -> -20178 | AG12: -18957 | AH12: =DRE_ACM!AP12-DRE_ACM!AO12 -> -21974 | AI12: =DRE_ACM!AQ12-DRE_ACM!AP12 -> -24640 | AJ12: =DRE_ACM!AR12-DRE_ACM!AQ12 -> -41253 | AL12: =DRE_ACM!AT12-DRE_ACM!AS12 -> -23209 | AM12: =DRE_ACM!AU12-DRE_ACM!AT12 -> -31304 | AN12: =DRE_ACM!AV12-DRE_ACM!AU12 -> -40828 | AO12: =DRE_ACM!AW12-DRE_ACM!AV12 -> -41812 | AQ12: =DRE_ACM!AY12-DRE_ACM!AX12 -> -44199 | AR12: =DRE_ACM!AZ12-DRE_ACM!AY12 -> -53022
B13: Outras Receitas e Despesas Operacionais | C13: =DRE_ACM!K13 -> 2286 | D13: =DRE_ACM!L13-DRE_ACM!K13 -> 686 | E13: =DRE_ACM!M13-DRE_ACM!L13 -> 8143 | F13: =DRE_ACM!N13-DRE_ACM!M13 -> -3510 | H13: =DRE_ACM!P13 -> 518 | I13: =DRE_ACM!Q13-DRE_ACM!P13 -> 14030 | J13: =DRE_ACM!R13-DRE_ACM!Q13 -> 2124 | K13: =DRE_ACM!S13-DRE_ACM!R13 -> 10154 | M13: =DRE_ACM!U13 -> 7560 | N13: =DRE_ACM!V13-DRE_ACM!U13 -> -1753 | O13: =DRE_ACM!W13-DRE_ACM!V13 -> 5828 | P13: =DRE_ACM!X13-DRE_ACM!W13 -> 14360 | R13: =DRE_ACM!Z13 -> 2324 | S13: =DRE_ACM!AA13-DRE_ACM!Z13 -> 5945 | T13: =DRE_ACM!AB13-DRE_ACM!AA13 -> 9058 | U13: =DRE_ACM!AC13-DRE_ACM!AB13 -> 10885 | W13: =DRE_ACM!AE13 -> 3777 | X13: =DRE_ACM!AF13-DRE_ACM!AE13 -> 7432 | Y13: =DRE_ACM!AG13-DRE_ACM!AF13 -> 2318 | Z13: =DRE_ACM!AH13-DRE_ACM!AG13 -> 11293 | AB13: 5633.9188 | AC13: =DRE_ACM!AK13-DRE_ACM!AJ13 -> 5692.0812 | AD13: =DRE_ACM!AL13-DRE_ACM!AK13 -> 8340 | AE13: =DRE_ACM!AM13-DRE_ACM!AL13 -> 12582 | AG13: 7098 | AH13: =DRE_ACM!AP13-DRE_ACM!AO13 -> -16892 | AI13: =DRE_ACM!AQ13-DRE_ACM!AP13 -> 5143 | AJ13: =DRE_ACM!AR13-DRE_ACM!AQ13 -> 8532 | AL13: =DRE_ACM!AT13-DRE_ACM!AS13 -> 908 | AM13: =DRE_ACM!AU13-DRE_ACM!AT13 -> -8441 | AN13: =DRE_ACM!AV13-DRE_ACM!AU13 -> -21895 | AO13: =DRE_ACM!AW13-DRE_ACM!AV13 -> 6528 | AQ13: =DRE_ACM!AY13-DRE_ACM!AX13 -> -7816 | AR13: =DRE_ACM!AZ13-DRE_ACM!AY13 -> -5438
B14: Resultado operacional | C14: =DRE_ACM!K15 -> 32426 | D14: =DRE_ACM!L15-DRE_ACM!K15 -> 56224 | E14: =DRE_ACM!M15-DRE_ACM!L15 -> 39381 | F14: =DRE_ACM!N15-DRE_ACM!M15 -> 50195 | H14: =DRE_ACM!P15 -> 17556 | I14: =DRE_ACM!Q15-DRE_ACM!P15 -> 16182 | J14: =DRE_ACM!R15-DRE_ACM!Q15 -> 42537 | K14: =DRE_ACM!S15-DRE_ACM!R15 -> 96543 | M14: =DRE_ACM!U15 -> 28579 | N14: =DRE_ACM!V15-DRE_ACM!U15 -> 73539 | O14: =DRE_ACM!W15-DRE_ACM!V15 -> 126573 | P14: =DRE_ACM!X15-DRE_ACM!W15 -> 167104 | R14: =DRE_ACM!Z15 -> 49974 | S14: =DRE_ACM!AA15-DRE_ACM!Z15 -> 115509 | T14: =DRE_ACM!AB15-DRE_ACM!AA15 -> 112273 | U14: =DRE_ACM!AC15-DRE_ACM!AB15 -> 75838 | W14: =DRE_ACM!AE15 -> 46500 | X14: =DRE_ACM!AF15-DRE_ACM!AE15 -> 153790 | Y14: =DRE_ACM!AG15-DRE_ACM!AF15 -> 99019 | Z14: =DRE_ACM!AH15-DRE_ACM!AG15 -> 238342 | AB14: 110661.95 | AC14: =DRE_ACM!AK15-DRE_ACM!AJ15 -> 40840.045 | AD14: =DRE_ACM!AL15-DRE_ACM!AK15 -> 161726 | AE14: =DRE_ACM!AM15-DRE_ACM!AL15 -> 128462 | AG14: 185904 | AH14: =DRE_ACM!AP15-DRE_ACM!AO15 -> 378614 | AI14: =DRE_ACM!AQ15-DRE_ACM!AP15 -> 341202 | AJ14: =DRE_ACM!AR15-DRE_ACM!AQ15 -> 339578 | AL14: =DRE_ACM!AT15-DRE_ACM!AS15 -> 136937 | AM14: =DRE_ACM!AU15-DRE_ACM!AT15 -> 300917 | AN14: =DRE_ACM!AV15-DRE_ACM!AU15 -> 3747 | AO14: =DRE_ACM!AW15-DRE_ACM!AV15 -> 97387 | AQ14: =DRE_ACM!AY15-DRE_ACM!AX15 -> 102614 | AR14: =DRE_ACM!AZ15-DRE_ACM!AY15 -> 158443
B15: Resultado financeiro | C15: =DRE_ACM!K16 -> -12656 | D15: =DRE_ACM!L16-DRE_ACM!K16 -> -27027 | E15: =DRE_ACM!M16-DRE_ACM!L16 -> -16831 | F15: =DRE_ACM!N16-DRE_ACM!M16 -> 16309 | H15: =DRE_ACM!P16 -> -2653 | I15: =DRE_ACM!Q16-DRE_ACM!P16 -> 9361 | J15: =DRE_ACM!R16-DRE_ACM!Q16 -> -11029 | K15: =DRE_ACM!S16-DRE_ACM!R16 -> -19073 | M15: =DRE_ACM!U16 -> -21470 | N15: =DRE_ACM!V16-DRE_ACM!U16 -> -37897 | O15: =DRE_ACM!W16-DRE_ACM!V16 -> 12760 | P15: =DRE_ACM!X16-DRE_ACM!W16 -> -26885 | R15: =DRE_ACM!Z16 -> -5085 | S15: =DRE_ACM!AA16-DRE_ACM!Z16 -> 24467 | T15: =DRE_ACM!AB16-DRE_ACM!AA16 -> -15308 | U15: =DRE_ACM!AC16-DRE_ACM!AB16 -> 22169 | W15: =DRE_ACM!AE16 -> 5764 | X15: =DRE_ACM!AF16-DRE_ACM!AE16 -> 6398 | Y15: =DRE_ACM!AG16-DRE_ACM!AF16 -> 2580 | Z15: =DRE_ACM!AH16-DRE_ACM!AG16 -> -12072 | AB15: -16454.876 | AC15: =DRE_ACM!AK16-DRE_ACM!AJ16 -> 17129.876 | AD15: =DRE_ACM!AL16-DRE_ACM!AK16 -> -46408 | AE15: =DRE_ACM!AM16-DRE_ACM!AL16 -> 32763 | AG15: -9064 | AH15: =DRE_ACM!AP16-DRE_ACM!AO16 -> -162105 | AI15: =AI16+AI17 -> 113351 | AJ15: =DRE_ACM!AR16-DRE_ACM!AQ16 -> -186454 | AL15: =DRE_ACM!AT16-DRE_ACM!AS16 -> 111585 | AM15: =DRE_ACM!AU16-DRE_ACM!AT16 -> 150231 | AN15: =DRE_ACM!AV16-DRE_ACM!AU16 -> 249207 | AO15: =DRE_ACM!AW16-DRE_ACM!AV16 -> -13987 | AQ15: =DRE_ACM!AY16-DRE_ACM!AX16 -> -10399 | AR15: =DRE_ACM!AZ16-DRE_ACM!AY16 -> 69125
B16: Receitas financeiras líquidas | C16: =DRE_ACM!K17 -> 7604 | D16: =DRE_ACM!L17-DRE_ACM!K17 -> 26746 | E16: =DRE_ACM!M17-DRE_ACM!L17 -> 6880 | F16: =DRE_ACM!N17-DRE_ACM!M17 -> 8160 | H16: =DRE_ACM!P17 -> 17030 | I16: =DRE_ACM!Q17-DRE_ACM!P17 -> 26573 | J16: =DRE_ACM!R17-DRE_ACM!Q17 -> 24300 | K16: =DRE_ACM!S17-DRE_ACM!R17 -> 5180 | M16: =DRE_ACM!U17 -> 32403 | N16: =DRE_ACM!V17-DRE_ACM!U17 -> 25612 | O16: =DRE_ACM!W17-DRE_ACM!V17 -> 47092 | P16: =DRE_ACM!X17-DRE_ACM!W17 -> 13373 | R16: =DRE_ACM!Z17 -> 30470 | S16: =DRE_ACM!AA17-DRE_ACM!Z17 -> 72665 | T16: =DRE_ACM!AB17-DRE_ACM!AA17 -> 52631 | U16: =DRE_ACM!AC17-DRE_ACM!AB17 -> 52003 | W16: =DRE_ACM!AE17 -> 80077 | X16: =DRE_ACM!AF17-DRE_ACM!AE17 -> 111840 | Y16: =DRE_ACM!AG17-DRE_ACM!AF17 -> 63264 | Z16: =DRE_ACM!AH17-DRE_ACM!AG17 -> 63771 | AB16: 62275 | AC16: =DRE_ACM!AK17-DRE_ACM!AJ17 -> 113784 | AD16: =DRE_ACM!AL17-DRE_ACM!AK17 -> 95953 | AE16: =DRE_ACM!AM17-DRE_ACM!AL17 -> 110534 | AG16: 90811 | AH16: =DRE_ACM!AP17-DRE_ACM!AO17 -> 157089 | AI16: 303231 | AJ16: =DRE_ACM!AR17-DRE_ACM!AQ17 -> 549583 | AL16: =DRE_ACM!AT17-DRE_ACM!AS17 -> 331660 | AM16: 301359 | AN16: 331739 | AO16: =DRE_ACM!AW17-DRE_ACM!AV17 -> 18856 | AQ16: =DRE_ACM!AY17-DRE_ACM!AX17 -> 252742 | AR16: 265921
B17: Despesas financeiras líquidas | C17: =DRE_ACM!K18 -> -20260 | D17: =DRE_ACM!L18-DRE_ACM!K18 -> -53773 | E17: =DRE_ACM!M18-DRE_ACM!L18 -> -23711 | F17: =DRE_ACM!N18-DRE_ACM!M18 -> 8149 | H17: =DRE_ACM!P18 -> -19683 | I17: =DRE_ACM!Q18-DRE_ACM!P18 -> -17212 | J17: =DRE_ACM!R18-DRE_ACM!Q18 -> -35329 | K17: =DRE_ACM!S18-DRE_ACM!R18 -> -24253 | M17: =DRE_ACM!U18 -> -53873 | N17: =DRE_ACM!V18-DRE_ACM!U18 -> -63509 | O17: =DRE_ACM!W18-DRE_ACM!V18 -> -34332 | P17: =DRE_ACM!X18-DRE_ACM!W18 -> -40258 | R17: =DRE_ACM!Z18 -> -35555 | S17: =DRE_ACM!AA18-DRE_ACM!Z18 -> -48198 | T17: =DRE_ACM!AB18-DRE_ACM!AA18 -> -67939 | U17: =DRE_ACM!AC18-DRE_ACM!AB18 -> -29834 | W17: =DRE_ACM!AE18 -> -74313 | X17: =DRE_ACM!AF18-DRE_ACM!AE18 -> -105442 | Y17: =DRE_ACM!AG18-DRE_ACM!AF18 -> -60684 | Z17: =DRE_ACM!AH18-DRE_ACM!AG18 -> -75843 | AB17: -78730.387 | AC17: =DRE_ACM!AK18-DRE_ACM!AJ18 -> -96653.613 | AD17: =DRE_ACM!AL18-DRE_ACM!AK18 -> -142361 | AE17: =DRE_ACM!AM18-DRE_ACM!AL18 -> -77771 | AG17: -99875 | AH17: =DRE_ACM!AP18-DRE_ACM!AO18 -> -319194 | AI17: -189880 | AJ17: =DRE_ACM!AR18-DRE_ACM!AQ18 -> -736037 | AL17: =DRE_ACM!AT18-DRE_ACM!AS18 -> -220075 | AM17: -151128 | AN17: -82532 | AO17: =DRE_ACM!AW18-DRE_ACM!AV18 -> -32843 | AQ17: =DRE_ACM!AY18-DRE_ACM!AX18 -> -263141 | AR17: -196796
B18: Resultado antes dos impostos e contribuições | C18: =DRE_ACM!K19 -> 19770 | D18: =DRE_ACM!L19-DRE_ACM!K19 -> 29197 | E18: =DRE_ACM!M19-DRE_ACM!L19 -> 22550 | F18: =DRE_ACM!N19-DRE_ACM!M19 -> 66504 | H18: =DRE_ACM!P19 -> 14903 | I18: =DRE_ACM!Q19-DRE_ACM!P19 -> 25543 | J18: =DRE_ACM!R19-DRE_ACM!Q19 -> 31508 | K18: =DRE_ACM!S19-DRE_ACM!R19 -> 77470 | M18: =DRE_ACM!U19 -> 7109 | N18: =DRE_ACM!V19-DRE_ACM!U19 -> 35642 | O18: =DRE_ACM!W19-DRE_ACM!V19 -> 139333 | P18: =DRE_ACM!X19-DRE_ACM!W19 -> 140219 | R18: =DRE_ACM!Z19 -> 44889 | S18: =DRE_ACM!AA19-DRE_ACM!Z19 -> 139976 | T18: =DRE_ACM!AB19-DRE_ACM!AA19 -> 96965 | U18: =DRE_ACM!AC19-DRE_ACM!AB19 -> 98007 | W18: =DRE_ACM!AE19 -> 52264 | X18: =DRE_ACM!AF19-DRE_ACM!AE19 -> 160188 | Y18: =DRE_ACM!AG19-DRE_ACM!AF19 -> 101599 | Z18: =DRE_ACM!AH19-DRE_ACM!AG19 -> 226270 | AB18: 94207.079 | AC18: =DRE_ACM!AK19-DRE_ACM!AJ19 -> 57969.921 | AD18: =DRE_ACM!AL19-DRE_ACM!AK19 -> 115318 | AE18: =DRE_ACM!AM19-DRE_ACM!AL19 -> 161225 | AG18: 176840 | AH18: =DRE_ACM!AP19-DRE_ACM!AO19 -> 216509 | AI18: =DRE_ACM!AQ19-DRE_ACM!AP19 -> 454553 | AJ18: =DRE_ACM!AR19-DRE_ACM!AQ19 -> 153124 | AL18: =DRE_ACM!AT19-DRE_ACM!AS19 -> 248522 | AM18: =DRE_ACM!AU19-DRE_ACM!AT19 -> 451148 | AN18: =DRE_ACM!AV19-DRE_ACM!AU19 -> 252954 | AO18: =DRE_ACM!AW19-DRE_ACM!AV19 -> 83400 | AQ18: =DRE_ACM!AY19-DRE_ACM!AX19 -> 92215 | AR18: =DRE_ACM!AZ19-DRE_ACM!AY19 -> 227568
B19: Imposto de renda e contribuição social | C19: =DRE_ACM!K20 -> 0 | D19: =DRE_ACM!L20-DRE_ACM!K20 -> 0 | E19: =DRE_ACM!M20-DRE_ACM!L20 -> 0 | F19: =DRE_ACM!N20-DRE_ACM!M20 -> 5572 | H19: =DRE_ACM!P20 -> 0 | I19: =DRE_ACM!Q20-DRE_ACM!P20 -> -7163 | J19: =DRE_ACM!R20-DRE_ACM!Q20 -> 2317 | K19: =DRE_ACM!S20-DRE_ACM!R20 -> -3067 | M19: =DRE_ACM!U20 -> 2585 | N19: =DRE_ACM!V20-DRE_ACM!U20 -> -1184 | O19: =DRE_ACM!W20-DRE_ACM!V20 -> -15000 | P19: =DRE_ACM!X20-DRE_ACM!W20 -> -15457 | R19: =DRE_ACM!Z20 -> 6150 | S19: =DRE_ACM!AA20-DRE_ACM!Z20 -> -25700 | T19: =DRE_ACM!AB20-DRE_ACM!AA20 -> 970 | U19: =DRE_ACM!AC20-DRE_ACM!AB20 -> 69049 | W19: =DRE_ACM!AE20 -> 4518 | X19: =DRE_ACM!AF20-DRE_ACM!AE20 -> -38966 | Y19: =DRE_ACM!AG20-DRE_ACM!AF20 -> 67561 | Z19: =DRE_ACM!AH20-DRE_ACM!AG20 -> -2260 | AB19: 9132.1158 | AC19: =DRE_ACM!AK20-DRE_ACM!AJ20 -> 18978.884 | AD19: =DRE_ACM!AL20-DRE_ACM!AK20 -> 102547 | AE19: =DRE_ACM!AM20-DRE_ACM!AL20 -> 14424 | AG19: -20402 | AH19: =DRE_ACM!AP20-DRE_ACM!AO20 -> -70865 | AI19: =DRE_ACM!AQ20-DRE_ACM!AP20 -> -136178 | AJ19: =DRE_ACM!AR20-DRE_ACM!AQ20 -> -17216 | AL19: =DRE_ACM!AT20-DRE_ACM!AS20 -> -56103 | AM19: =DRE_ACM!AU20-DRE_ACM!AT20 -> -120301 | AN19: =DRE_ACM!AV20-DRE_ACM!AU20 -> -49910 | AO19: =DRE_ACM!AW20-DRE_ACM!AV20 -> -1011 | AQ19: =DRE_ACM!AY20-DRE_ACM!AX20 -> -7040 | AR19: =DRE_ACM!AZ20-DRE_ACM!AY20 -> -21680
B20: Corrente | C20: =DRE_ACM!K21 -> 0 | D20: =DRE_ACM!L21-DRE_ACM!K21 -> 0 | E20: =DRE_ACM!M21-DRE_ACM!L21 -> 0 | F20: =DRE_ACM!N21-DRE_ACM!M21 -> -7669 | H20: =DRE_ACM!P21 -> 0 | I20: =DRE_ACM!Q21-DRE_ACM!P21 -> 0 | J20: =DRE_ACM!R21-DRE_ACM!Q21 -> 0 | K20: =DRE_ACM!S21-DRE_ACM!R21 -> -1297 | M20: =DRE_ACM!U21 -> 0 | N20: =DRE_ACM!V21-DRE_ACM!U21 -> 0 | O20: =DRE_ACM!W21-DRE_ACM!V21 -> -2844 | P20: =DRE_ACM!X21-DRE_ACM!W21 -> -21647 | R20: =DRE_ACM!Z21 -> 0 | S20: =DRE_ACM!AA21-DRE_ACM!Z21 -> -16655 | T20: =DRE_ACM!AB21-DRE_ACM!AA21 -> 10666 | U20: =DRE_ACM!AC21-DRE_ACM!AB21 -> -11802 | W20: =DRE_ACM!AE21 -> -13109 | X20: =DRE_ACM!AF21-DRE_ACM!AE21 -> -14559 | Y20: =DRE_ACM!AG21-DRE_ACM!AF21 -> 27664 | Z20: =DRE_ACM!AH21-DRE_ACM!AG21 -> -150 | AB20: -37.76767 | AC20: =DRE_ACM!AK21-DRE_ACM!AJ21 -> -1899.2323 | AD20: =DRE_ACM!AL21-DRE_ACM!AK21 -> -1807 | AE20: =DRE_ACM!AM21-DRE_ACM!AL21 -> -1644 | AG20: -4152 | AH20: =DRE_ACM!AP21-DRE_ACM!AO21 -> -6420 | AI20: =DRE_ACM!AQ21-DRE_ACM!AP21 -> -34088 | AJ20: =DRE_ACM!AR21-DRE_ACM!AQ21 -> -94195 | AL20: =DRE_ACM!AT21-DRE_ACM!AS21 -> -1092 | AM20: =DRE_ACM!AU21-DRE_ACM!AT21 -> -4789 | AN20: =DRE_ACM!AV21-DRE_ACM!AU21 -> -75128 | AO20: =DRE_ACM!AW21-DRE_ACM!AV21 -> -51856 | AQ20: =DRE_ACM!AY21-DRE_ACM!AX21 -> -58047 | AR20: =DRE_ACM!AZ21-DRE_ACM!AY21 -> 28989
B21: Diferido | C21: =DRE_ACM!K22 -> 0 | D21: =DRE_ACM!L22-DRE_ACM!K22 -> 0 | E21: =DRE_ACM!M22-DRE_ACM!L22 -> 0 | F21: =DRE_ACM!N22-DRE_ACM!M22 -> 13241 | H21: =DRE_ACM!P22 -> 0 | I21: =DRE_ACM!Q22-DRE_ACM!P22 -> -7163 | J21: =DRE_ACM!R22-DRE_ACM!Q22 -> 2317 | K21: =DRE_ACM!S22-DRE_ACM!R22 -> -1770 | M21: =DRE_ACM!U22 -> 2585 | N21: =DRE_ACM!V22-DRE_ACM!U22 -> -1184 | O21: =DRE_ACM!W22-DRE_ACM!V22 -> -12156 | P21: =DRE_ACM!X22-DRE_ACM!W22 -> 6190 | R21: =DRE_ACM!Z22 -> 6150 | S21: =DRE_ACM!AA22-DRE_ACM!Z22 -> -9045 | T21: =DRE_ACM!AB22-DRE_ACM!AA22 -> -9696 | U21: =DRE_ACM!AC22-DRE_ACM!AB22 -> 80851 | W21: =DRE_ACM!AE22 -> 17627 | X21: =DRE_ACM!AF22-DRE_ACM!AE22 -> -24407 | Y21: =DRE_ACM!AG22-DRE_ACM!AF22 -> 39897 | Z21: =DRE_ACM!AH22-DRE_ACM!AG22 -> -2110 | AB21: 9169.8834 | AC21: =DRE_ACM!AK22-DRE_ACM!AJ22 -> 20878.117 | AD21: =DRE_ACM!AL22-DRE_ACM!AK22 -> 104354 | AE21: =DRE_ACM!AM22-DRE_ACM!AL22 -> 16068 | AG21: -16250 | AH21: =DRE_ACM!AP22-DRE_ACM!AO22 -> -64445 | AI21: =DRE_ACM!AQ22-DRE_ACM!AP22 -> -102090 | AJ21: =DRE_ACM!AR22-DRE_ACM!AQ22 -> 76979 | AL21: =DRE_ACM!AT22-DRE_ACM!AS22 -> -55011 | AM21: =DRE_ACM!AU22-DRE_ACM!AT22 -> -115512 | AN21: =DRE_ACM!AV22-DRE_ACM!AU22 -> 25218 | AO21: =DRE_ACM!AW22-DRE_ACM!AV22 -> 50845 | AQ21: =DRE_ACM!AY22-DRE_ACM!AX22 -> 51007 | AR21: =DRE_ACM!AZ22-DRE_ACM!AY22 -> -50669
B22: Lucro líquido do exercício | C22: =DRE_ACM!K23 -> 19770 | D22: =DRE_ACM!L23-DRE_ACM!K23 -> 29197 | E22: =DRE_ACM!M23-DRE_ACM!L23 -> 22550 | F22: =DRE_ACM!N23-DRE_ACM!M23 -> 72076 | H22: =DRE_ACM!P23 -> 14903 | I22: =DRE_ACM!Q23-DRE_ACM!P23 -> 18380 | J22: =DRE_ACM!R23-DRE_ACM!Q23 -> 33825 | K22: =DRE_ACM!S23-DRE_ACM!R23 -> 74403 | M22: =DRE_ACM!U23 -> 9694 | N22: =DRE_ACM!V23-DRE_ACM!U23 -> 34458 | O22: =DRE_ACM!W23-DRE_ACM!V23 -> 124333 | P22: =DRE_ACM!X23-DRE_ACM!W23 -> 124762 | R22: =DRE_ACM!Z23 -> 51039 | S22: =DRE_ACM!AA23-DRE_ACM!Z23 -> 114276 | T22: =DRE_ACM!AB23-DRE_ACM!AA23 -> 97935 | U22: =DRE_ACM!AC23-DRE_ACM!AB23 -> 167056 | W22: =DRE_ACM!AE23 -> 56782 | X22: =DRE_ACM!AF23-DRE_ACM!AE23 -> 121222 | Y22: =DRE_ACM!AG23-DRE_ACM!AF23 -> 169160 | Z22: =DRE_ACM!AH23-DRE_ACM!AG23 -> 224010 | AB22: 103339.19 | AC22: =DRE_ACM!AK23-DRE_ACM!AJ23 -> 76948.805 | AD22: =DRE_ACM!AL23-DRE_ACM!AK23 -> 217865 | AE22: =DRE_ACM!AM23-DRE_ACM!AL23 -> 175649 | AG22: 156438 | AH22: =DRE_ACM!AP23-DRE_ACM!AO23 -> 145644 | AI22: =DRE_ACM!AQ23-DRE_ACM!AP23 -> 318375 | AJ22: =DRE_ACM!AR23-DRE_ACM!AQ23 -> 135908 | AL22: =DRE_ACM!AT23-DRE_ACM!AS23 -> 192419 | AM22: =DRE_ACM!AU23-DRE_ACM!AT23 -> 330847 | AN22: =DRE_ACM!AV23-DRE_ACM!AU23 -> 203044 | AO22: =DRE_ACM!AW23-DRE_ACM!AV23 -> 82389 | AQ22: =DRE_ACM!AY23-DRE_ACM!AX23 -> 85175 | AR22: =DRE_ACM!AZ23-DRE_ACM!AY23 -> 205888
B24: Depreciação | C24: =DRE_ACM!K25 -> 0 | D24: =DRE_ACM!L25-DRE_ACM!K25 -> 0 | E24: =DRE_ACM!M25-DRE_ACM!L25 -> 0 | F24: =DRE_ACM!N25-DRE_ACM!M25 -> 12692 | H24: =DRE_ACM!P25 -> 287 | I24: =DRE_ACM!Q25-DRE_ACM!P25 -> 396 | J24: =DRE_ACM!R25-DRE_ACM!Q25 -> 471 | K24: =DRE_ACM!S25-DRE_ACM!R25 -> 15634 | M24: =DRE_ACM!U25 -> 5947 | N24: =DRE_ACM!V25-DRE_ACM!U25 -> 5106 | O24: =DRE_ACM!W25-DRE_ACM!V25 -> 4965 | P24: =DRE_ACM!X25-DRE_ACM!W25 -> 5624 | R24: =DRE_ACM!Z25 -> 5759 | S24: =DRE_ACM!AA25-DRE_ACM!Z25 -> 6830 | T24: =DRE_ACM!AB25-DRE_ACM!AA25 -> 7163 | U24: =DRE_ACM!AC25-DRE_ACM!AB25 -> 7712 | W24: =DRE_ACM!AE25 -> 8060 | X24: =DRE_ACM!AF25-DRE_ACM!AE25 -> 8884.9262 | Y24: =DRE_ACM!AG25-DRE_ACM!AF25 -> 9969.0738 | Z24: =DRE_ACM!AH25-DRE_ACM!AG25 -> 10832 | AB24: 11823 | AC24: =DRE_ACM!AK25-DRE_ACM!AJ25 -> 12666 | AD24: =DRE_ACM!AL25-DRE_ACM!AK25 -> 15962 | AE24: =DRE_ACM!AM25-DRE_ACM!AL25 -> 17146 | AG24: 22867 | AH24: =DRE_ACM!AP25-DRE_ACM!AO25 -> 21918 | AI24: =DRE_ACM!AQ25-DRE_ACM!AP25 -> 24195 | AJ24: =DRE_ACM!AR25-DRE_ACM!AQ25 -> 26383 | AL24: =DRE_ACM!AT25-DRE_ACM!AS25 -> 27784 | AM24: =DRE_ACM!AU25-DRE_ACM!AT25 -> 29236 | AN24: =DRE_ACM!AV25-DRE_ACM!AU25 -> 30250 | AO24: =DRE_ACM!AW25-DRE_ACM!AV25 -> 32118 | AQ24: =DRE_ACM!AY25-DRE_ACM!AX25 -> 36099 | AR24: =DRE_ACM!AZ25-DRE_ACM!AY25 -> 46153
B26: EBITDA | C26: =DRE_ACM!K27 -> 32426 | D26: =DRE_ACM!L27-DRE_ACM!K27 -> 56225 | E26: =DRE_ACM!M27-DRE_ACM!L27 -> 39380 | F26: =DRE_ACM!N27-DRE_ACM!M27 -> 62887 | H26: =DRE_ACM!P27 -> 17843 | I26: =DRE_ACM!Q27-DRE_ACM!P27 -> 16578 | J26: =DRE_ACM!R27-DRE_ACM!Q27 -> 42576 | K26: =DRE_ACM!S27-DRE_ACM!R27 -> 112608 | M26: =DRE_ACM!U27 -> 34526 | N26: =DRE_ACM!V27-DRE_ACM!U27 -> 78645 | O26: =DRE_ACM!W27-DRE_ACM!V27 -> 131538 | P26: =DRE_ACM!X27-DRE_ACM!W27 -> 172728 | R26: =DRE_ACM!Z27 -> 55733 | S26: =DRE_ACM!AA27-DRE_ACM!Z27 -> 122339 | T26: =DRE_ACM!AB27-DRE_ACM!AA27 -> 119436 | U26: =DRE_ACM!AC27-DRE_ACM!AB27 -> 83550 | W26: =DRE_ACM!AE27 -> 54560 | X26: =DRE_ACM!AF27-DRE_ACM!AE27 -> 162674.93 | Y26: =DRE_ACM!AG27-DRE_ACM!AF27 -> 108988.07 | Z26: =DRE_ACM!AH27-DRE_ACM!AG27 -> 249174 | AB26: 122484.95 | AC26: =DRE_ACM!AK27-DRE_ACM!AJ27 -> 53506.045 | AD26: =DRE_ACM!AL27-DRE_ACM!AK27 -> 177688 | AE26: =DRE_ACM!AM27-DRE_ACM!AL27 -> 145608 | AG26: 208771 | AH26: =DRE_ACM!AP27-DRE_ACM!AO27 -> 400532 | AI26: =DRE_ACM!AQ27-DRE_ACM!AP27 -> 365397 | AJ26: =DRE_ACM!AR27-DRE_ACM!AQ27 -> 365961 | AL26: =DRE_ACM!AT27-DRE_ACM!AS27 -> 164721 | AM26: =DRE_ACM!AU27-DRE_ACM!AT27 -> 330153 | AN26: =DRE_ACM!AV27-DRE_ACM!AU27 -> 33997 | AO26: =DRE_ACM!AW27-DRE_ACM!AV27 -> 129505 | AQ26: =DRE_ACM!AY27-DRE_ACM!AX27 -> 138713 | AR26: =DRE_ACM!AZ27-DRE_ACM!AY27 -> 204596
B27: Ajuste a valor justo | C27: =DRE_ACM!K28 -> 0 | D27: =DRE_ACM!L28-DRE_ACM!K28 -> 0 | E27: =DRE_ACM!M28-DRE_ACM!L28 -> 0 | F27: =DRE_ACM!N28-DRE_ACM!M28 -> -32535 | H27: =DRE_ACM!P28 -> -1450 | I27: =DRE_ACM!Q28-DRE_ACM!P28 -> 4914 | J27: =DRE_ACM!R28-DRE_ACM!Q28 -> -4186 | K27: =DRE_ACM!S28-DRE_ACM!R28 -> 394 | M27: =DRE_ACM!U28 -> -8426 | N27: =DRE_ACM!V28-DRE_ACM!U28 -> 21484 | O27: =DRE_ACM!W28-DRE_ACM!V28 -> 14978 | P27: =DRE_ACM!X28-DRE_ACM!W28 -> -12213 | R27: =DRE_ACM!Z28 -> -14653 | S27: =DRE_ACM!AA28-DRE_ACM!Z28 -> 22627 | T27: =DRE_ACM!AB28-DRE_ACM!AA28 -> -28121 | U27: =DRE_ACM!AC28-DRE_ACM!AB28 -> -93724 | W27: =DRE_ACM!AE28 -> -41559 | X27: =DRE_ACM!AF28-DRE_ACM!AE28 -> 65589 | Y27: =DRE_ACM!AG28-DRE_ACM!AF28 -> -26187.04 | Z27: =DRE_ACM!AH28-DRE_ACM!AG28 -> -45542.96 | AB27: 14754.778 | AC27: =DRE_ACM!AK28-DRE_ACM!AJ28 -> 9654.2217 | AD27: =DRE_ACM!AL28-DRE_ACM!AK28 -> 61341 | AE27: =DRE_ACM!AM28-DRE_ACM!AL28 -> -69878 | AG27: 70920 | AH27: =DRE_ACM!AP28-DRE_ACM!AO28 -> 317126 | AI27: =DRE_ACM!AQ28-DRE_ACM!AP28 -> 23368 | AJ27: =DRE_ACM!AR28-DRE_ACM!AQ28 -> -44350.912 | AL27: =DRE_ACM!AT28-DRE_ACM!AS28 -> -124148.88 | AM27: =DRE_ACM!AU28-DRE_ACM!AT28 -> 147765.88 | AN27: =DRE_ACM!AV28-DRE_ACM!AU28 -> -132287 | AO27: =DRE_ACM!AW28-DRE_ACM!AV28 -> 48210 | AQ27: =DRE_ACM!AY28-DRE_ACM!AX28 -> -157124 | AR27: =DRE_ACM!AZ28-DRE_ACM!AY28 -> 265730
B28: EBITDA AJUSTADO | C28: =DRE_ACM!K29 -> 32426 | D28: =DRE_ACM!L29-DRE_ACM!K29 -> 56225 | E28: =DRE_ACM!M29-DRE_ACM!L29 -> 39380 | F28: =DRE_ACM!N29-DRE_ACM!M29 -> 95422 | H28: =DRE_ACM!P29 -> 19293 | I28: =DRE_ACM!Q29-DRE_ACM!P29 -> 11664 | J28: =DRE_ACM!R29-DRE_ACM!Q29 -> 46040 | K28: =DRE_ACM!S29-DRE_ACM!R29 -> 112937 | M28: =DRE_ACM!U29 -> 42952 | N28: =DRE_ACM!V29-DRE_ACM!U29 -> 57161 | O28: =DRE_ACM!W29-DRE_ACM!V29 -> 116560 | P28: =DRE_ACM!X29-DRE_ACM!W29 -> 184941 | R28: =DRE_ACM!Z29 -> 70386 | S28: =DRE_ACM!AA29-DRE_ACM!Z29 -> 99712 | T28: =DRE_ACM!AB29-DRE_ACM!AA29 -> 147557 | U28: =DRE_ACM!AC29-DRE_ACM!AB29 -> 177274 | W28: =DRE_ACM!AE29 -> 96119 | X28: =DRE_ACM!AF29-DRE_ACM!AE29 -> 97085.926 | Y28: =DRE_ACM!AG29-DRE_ACM!AF29 -> 135175.11 | Z28: =DRE_ACM!AH29-DRE_ACM!AG29 -> 294716.96 | AB28: 107730.18 | AC28: =DRE_ACM!AK29-DRE_ACM!AJ29 -> 43851.824 | AD28: =DRE_ACM!AL29-DRE_ACM!AK29 -> 116347 | AE28: =DRE_ACM!AM29-DRE_ACM!AL29 -> 215486 | AG28: 137851 | AH28: =DRE_ACM!AP29-DRE_ACM!AO29 -> 83406 | AI28: =DRE_ACM!AQ29-DRE_ACM!AP29 -> 342029 | AJ28: =DRE_ACM!AR29-DRE_ACM!AQ29 -> 410311.91 | AL28: =DRE_ACM!AT29-DRE_ACM!AS29 -> 288869.88 | AM28: =DRE_ACM!AU29-DRE_ACM!AT29 -> 182387.12 | AN28: =DRE_ACM!AV29-DRE_ACM!AU29 -> 166284 | AO28: =DRE_ACM!AW29-DRE_ACM!AV29 -> 81295 | AQ28: =DRE_ACM!AY29-DRE_ACM!AX29 -> 295837 | AR28: =DRE_ACM!AZ29-DRE_ACM!AY29 -> -61134

Sheet Fluxo de Caixa
B2: Demonstração do Fluxo de Caixa
B3: Em milhares de reais, exceto percentuais e índices | C3: 12M11 | D3: 12M12 | E3: 12M13 | F3: 12M14 | G3: 12M15 | H3: 12M16 | I3: 12M17 | J3: 12M18 | K3: 12M19 | M3: 3M20 | N3: 6M20 | O3: 9M20 | P3: 12M20 | R3: 3M21 | S3: 6M21 | T3: 9M21 | U3: 12M21 | W3: 3M22 | X3: 6M22 | Y3: 9M22 | Z3: 12M22 | AB3: 3M23 | AC3: 6M23 | AD3: 9M23 | AE3: 12M23 | AG3: 3M24 | AH3: 6M24 | AI3: 9M24 | AJ3: 12M24 | AL3: 3M25 | AM3: 6M25 | AN3: 9M25 | AO3: 12M25 | AQ3: 3M26 | AR3: 6M26
B5: Fluxo de caixa das atividades operacionais:
B6: Lucro do período antes dos impostos | C6: 14429 | D6: 15406 | E6: 14100 | F6: 36990 | G6: 16002 | H6: 40941 | I6: 27312 | J6: 117822 | K6: 126169 | M6: -1383 | N6: 35750 | O6: 134697 | P6: 255443 | R6: 44889 | S6: 184865 | T6: 281830 | U6: 379837 | W6: 52263.578 | X6: 212452 | Y6: 314039 | Z6: 540321 | AB6: 94207.079 | AC6: 152177 | AD6: 267495 | AE6: 428720 | AG6: 176840 | AH6: 393349 | AI6: 847902 | AJ6: 1001026 | AL6: 248522 | AM6: 699670 | AN6: 952624 | AO6: 1036024 | AQ6: 92215 | AR6: 319783
B8: Ajustes para reconciliar o lucro com o caixa gerado nas atividades operacionais:
B9: Depreciação e Amortização | C9: 3584 | D9: 2011 | E9: 5922 | F9: 10106 | G9: 10954 | H9: 10471 | I9: 13683 | J9: 11970 | K9: 12738 | M9: 4917 | N9: 8955 | O9: 12810 | P9: 17496 | R9: 5176 | S9: 10746 | T9: 16763 | U9: 23345 | W9: 6945 | X9: 14750 | Y9: 23517 | Z9: 33012 | AB9: 10521.108 | AC9: 21657 | AD9: 35795 | AE9: 51268 | AG9: 21117 | AH9: 42253 | AI9: 65654 | AJ9: 90788 | AL9: 25920 | AM9: 53184 | AN9: 81641 | AO9: 112088 | AQ9: 34157 | AR9: 78442
B10: Depreciação de ativo direito de uso em arrendamento | C10: 0 | D10: 0 | E10: 0 | F10: 0 | G10: 0 | H10: 0 | I10: 0 | J10: 0 | K10: 2481 | M10: 575 | N10: 1086 | O10: 1598 | P10: 2110 | R10: 583 | S10: 1843 | T10: 2989 | U10: 4119 | W10: 1115 | X10: 2195 | Y10: 3397 | Z10: 4734 | AB10: 1301.5857 | AC10: 2832 | AD10: 4656 | AE10: 6329 | AG10: 1750 | AH10: 2532 | AI10: 3326 | AJ10: 4575 | AL10: 1864 | AM10: 3836 | AN10: 5629 | AO10: 7300 | AQ10: 1942 | AR10: 3810
B11: Ajuste a valor justo de commodities e outros estoques | C11: 0 | D11: 0 | E11: 0 | F11: 0 | G11: 0 | H11: 0 | I11: 0 | J11: 0 | K11: 0 | M11: 0 | N11: 0 | O11: 0 | P11: 40349 | R11: 0 | S11: -22584 | T11: =20147 -> 20147 | U11: 113871 | W11: 41559.176 | X11: -24030 | Y11: 2157 | Z11: 47700 | AB11: -14754.602 | AC11: -24409 | AD11: -85750 | AE11: -15872 | AG11: -70920 | AH11: -388046 | AI11: -411414 | AJ11: -367063 | AL11: 124149 | AM11: -23617 | AN11: 108670 | AO11: 60460 | AQ11: 157124 | AR11: -108606
B12: Ajuste a valor justo de instrumentos financeiros derivativos líquido dos recebimentos e pagamentos | C12: 0 | D12: 0 | E12: 0 | F12: 0 | G12: 0 | H12: 0 | I12: 0 | J12: 0 | K12: 0 | L12: 0 | M12: 0 | N12: 0 | O12: 0 | P12: 0 | Q12: 0 | R12: 0 | S12: 14610 | T12: -2770 | U12: 0 | W12: 0 | X12: 6652 | Y12: 14045 | Z12: 17809 | AB12: -2599.2533 | AC12: -26204 | AD12: -43102 | AE12: -69364 | AG12: 30941 | AH12: 193144 | AI12: 31849 | AJ12: 209683 | AL12: -249665 | AM12: -444786 | AN12: -465599 | AO12: -266324 | AQ12: 63663 | AR12: 39216
B13: Rendimento de aplicação financeira | C13: 0 | D13: 0 | E13: 0 | F13: 0 | G13: 0 | H13: 0 | I13: 0 | J13: 0 | K13: 0 | M13: 0 | N13: 0 | O13: 0 | P13: 0 | R13: 0 | S13: -1369 | T13: -15907 | U13: 0 | W13: -26104 | X13: -51072 | Y13: -68524 | Z13: -92031 | AB13: -20392.467 | AC13: -37806 | AD13: -54772 | AE13: -72604 | AG13: -19403 | AH13: -39287 | AI13: -65579 | AJ13: -94511 | AL13: -1981 | AM13: -4241 | AN13: -5374 | AO13: -8967 | AQ13: -5818 | AR13: -9096
B14: Juros, atualização monetária e variação cambial sobre empréstimos | C14: 19196 | D14: 16091 | E14: 1558 | F14: 30579 | G14: 48403 | H14: -31015 | I14: -13610 | J14: 24752 | K14: 17022 | M14: 3545 | N14: 24205 | O14: 22789 | P14: 48461 | R14: 10798 | S14: 18839 | T14: 33457 | U14: 80258 | W14: -28464 | X14: 28667 | Y14: 58630 | Z14: 83773 | AB14: 8830.4586 | AC14: 30768 | AD14: 79389 | AE14: 130092 | AG14: 41378 | AH14: 113468 | AI14: 157984 | AJ14: 262289 | AL14: 36532 | AM14: 112656 | AN14: 148496 | AO14: 178584 | AQ14: 40713 | AR14: 150015
B15: Variação cambial sobre empréstimos | C15: 0 | D15: 0 | E15: 0 | F15: 0 | G15: 0 | H15: 0 | I15: 0 | J15: 0 | K15: 0 | M15: 29216 | N15: 28941 | O15: 32727 | P15: - | R15: 14575 | S15: 14689 | T15: 42697 | U15: - | W15: 0 | X15: 0 | Y15: 0 | Z15: 0 | AB15: 0 | AC15: 0 | AD15: 0 | AE15: 0 | AG15: 0 | AH15: 0 | AI15: 0 | AJ15: 0 | AL15: 0 | AM15: 0 | AN15: 0 | AO15: 0 | AQ15: 0 | AR15: 0
B16: Provisão para perdas esperadas com contas a receber de clientes | C16: 0 | D16: 0 | E16: 0 | F16: 0 | G16: 0 | H16: 0 | I16: 0 | J16: 3852 | K16: 543 | M16: 0 | N16: 0 | O16: 3569 | P16: -1638 | R16: 845 | S16: 3519 | T16: 680 | U16: 898 | W16: -319 | X16: 118 | Y16: 449 | Z16: 620 | AB16: 202.06431 | AC16: 5368 | AD16: 6650 | AE16: 8631 | AG16: 1172 | AH16: 12812 | AI16: 19752 | AJ16: 21346 | AL16: 4339 | AM16: 12401 | AN16: 35044 | AO16: 30835 | AQ16: 10039 | AR16: 8256
B17: Baixas a prejuízo com recebíveis | AL17: 0 | AM17: 0 | AN17: 0 | AO17: 0 | AQ17: 0 | AR17: 7223
B18: Provisão para litígios | C18: 601 | D18: 290 | E18: 0 | F18: 0 | G18: -114 | H18: 0 | I18: 0 | J18: 0 | K18: 0 | M18: 0 | N18: 0 | O18: 0 | P18: 12 | R18: 2470 | S18: 1101 | T18: 928 | U18: 739 | W18: -23 | X18: 2221 | Y18: 2329 | Z18: 4029 | AB18: 68.27491 | AC18: 3893 | AD18: 5536 | AE18: 5214 | AG18: 2173 | AH18: 2871 | AI18: 3443 | AJ18: -4886 | AL18: -1382 | AM18: -2183 | AN18: -2636 | AO18: -1427 | AQ18: -1062 | AR18: -1409
B19: Despesa com outorga de opções de ações | C19: 0 | D19: 0 | E19: 0 | F19: 0 | G19: 0 | H19: 0 | I19: 0 | J19: 0 | K19: 0 | M19: 0 | N19: 0 | O19: 0 | P19: 0 | R19: 1331 | S19: 5324 | T19: 9318 | U19: 13311 | W19: 2741 | X19: 5779 | Y19: 8843 | Z19: 11775 | AB19: 1984.8506 | AC19: 4230 | AD19: 6788 | AE19: 9180 | AG19: 1622 | AH19: 3027 | AI19: 4377 | AJ19: 6328 | AL19: 970 | AM19: 1998 | AN19: 2953 | AO19: 4377 | AQ19: 513 | AR19: 12779
B20: Ajuste a valor presente de passivo de arrendamento | C20: 0 | D20: 0 | E20: 0 | F20: 0 | G20: 0 | H20: 0 | I20: 0 | J20: 0 | K20: 397 | M20: 0 | N20: 0 | O20: 107 | P20: 230 | R20: 0 | S20: 0 | T20: 781 | U20: 891 | W20: 251 | X20: 557 | Y20: 1025 | Z20: 1496 | AB20: 487.68484 | AC20: 943 | AD20: 1271 | AE20: 1675 | AG20: 474 | AH20: 533 | AI20: 888 | AJ20: 1264 | AL20: 568 | AM20: 789 | AN20: 1512 | AO20: 1748 | AQ20: 496 | AR20: 1204
B21: Custo residual do ativo imobilizado baixado | C21: 0 | D21: 0 | E21: 490 | F21: 18919 | G21: 5438 | H21: 453 | I21: 603 | J21: 682 | K21: 1000 | M21: 451 | N21: 540 | O21: 2299 | P21: 4739 | R21: 370 | S21: 285 | T21: 942 | U21: 686 | W21: 11 | X21: 127 | Y21: 596 | Z21: 746 | AB21: 78.6374 | AC21: 418 | AD21: 556 | AE21: 565 | AG21: 181 | AH21: 287 | AI21: 1050 | AJ21: 1228 | AL21: 2538 | AM21: 2710 | AN21: 3012 | AO21: 3602 | AQ21: 1092 | AR21: 1495
B22: Custo do ativo intangível baixado | AO22: 10188 | AQ22: 0 | AR22: 0
B23: Ajuste avaliação patrimonial | C23: 0 | D23: 0 | E23: 0 | F23: -27984 | G23: 0 | H23: 26908 | I23: 15796 | J23: 0 | K23: 0 | M23: 0 | N23: 0 | O23: 0 | P23: 0 | R23: 0 | S23: 0 | T23: 0 | U23: 0 | W23: 0 | X23: 0 | Y23: 0 | Z23: 0 | AB23: 0 | AC23: 0 | AD23: 0 | AE23: 0 | AF23: 0 | AG23: 0 | AH23: 0 | AI23: 0 | AJ23: 0 | AK23: 0 | AL23: 0 | AM23: 0 | AN23: 0 | AO23: 0 | AP23: 0 | AQ23: 0 | AR23: 0
B24: Ajuste do exercício anterior | C24: 0 | D24: 0 | E24: 0 | F24: 0 | G24: 0 | H24: 0 | I24: 0 | J24: 0 | K24: 0 | M24: 0 | N24: 0 | O24: 0 | P24: 0 | R24: 0 | S24: 0 | T24: 0 | U24: 0 | W24: 0 | X24: 0 | Y24: 0 | Z24: 0 | AB24: 0 | AC24: 0 | AD24: 0 | AE24: 0 | AF24: 0 | AG24: 0 | AH24: 0 | AI24: 0 | AJ24: 0 | AK24: 0 | AL24: 0 | AM24: 0 | AN24: 0 | AO24: 0 | AP24: 0 | AQ24: 0 | AR24: 0
B25: Resultado de equivalência patrimonial | C25: 30 | D25: -440 | E25: -662 | F25: 60 | G25: 0 | H25: 0 | I25: 0 | J25: 0 | K25: 0 | M25: 0 | N25: 0 | O25: 0 | P25: 0 | R25: 0 | S25: 0 | T25: 0 | U25: 0 | W25: 0 | X25: 0 | Y25: 0 | Z25: 0 | AB25: 0 | AC25: 0 | AD25: 0 | AE25: 0 | AG25: 0 | AH25: 68 | AI25: 145 | AJ25: 71 | AL25: 230 | AM25: 187 | AN25: 481 | AO25: 264 | AQ25: 2029 | AR25: 1568
B26: Crédito tributário extemporâneo registrado | C26: 0 | D26: 0 | E26: 0 | F26: 0 | G26: 0 | H26: 0 | I26: 0 | J26: 0 | K26: 0 | M26: 0 | N26: 0 | O26: 0 | P26: 0 | R26: 0 | S26: 0 | T26: 0 | U26: 0 | W26: 0 | X26: 0 | Y26: -36819 | Z26: -36819 | AB26: 0 | AC26: 0 | AD26: 0 | AE26: -4076 | AG26: 0 | AH26: 0 | AI26: 0 | AJ26: 0 | AL26: 0 | AM26: -65637 | AN26: -65637 | AO26: -65637 | AQ26: 0 | AR26: 9902
B28: (Aumento) Redução em ativos:
B29: Contas a receber de clientes | C29: -47743 | D29: -36220 | E29: -13133 | F29: -32822 | G29: -16574 | H29: -12454 | I29: -37739 | J29: -60705 | K29: -136334 | M29: -66548 | N29: 90433 | O29: -32457 | P29: -212335 | R29: -214381 | S29: 562596 | T29: 384285 | U29: -197417 | W29: -143218 | X29: 498998 | Y29: 394594 | Z29: -337646 | AB29: 12044.644 | AC29: 493464 | AD29: 498694 | AE29: -189966 | AG29: -327182 | AH29: 514768 | AI29: 448209 | AJ29: -79288 | AL29: -148039 | AM29: 126981 | AN29: -532740 | AO29: -813024 | AQ29: -585342 | AR29: 409604
B30: Instrumentos financeiros | C30: 0 | D30: 0 | E30: 0 | F30: 0 | G30: -19920 | H30: 931 | I30: 6106 | J30: -17234 | K30: 12718 | M30: 23491 | N30: 194426 | O30: 7130 | P30: 251352 | R30: -79325 | S30: -224196 | T30: -22932 | U30: -2529 | W30: 2766 | X30: 11868 | Y30: -12804 | Z30: -15289 | AB30: 2889.1065 | AC30: 2708 | AD30: 6277 | AE30: 0 | AG30: 4824 | AH30: 0 | AI30: 0 | AJ30: 0 | AL30: 0 | AM30: 0 | AN30: 0 | AO30: 0 | AQ30: 0 | AR30: 0
B31: Estoques | C31: -38419 | D31: 12825 | E31: -85796 | F31: 3253 | G31: -26939 | H31: -62692 | I31: -39353 | J31: 40661 | K31: -192490 | M31: -361452 | N31: -350032 | O31: -344912 | P31: -104174 | R31: -165588 | S31: -1649605 | T31: -1076540 | U31: -135497 | W31: -144851 | X31: -1006623 | Y31: -841890 | Z31: -562075 | AB31: -65029.105 | AC31: -139524 | AD31: 2949 | AE31: 500601 | AG31: 8540 | AH31: -464542 | AI31: -745945 | AJ31: -197917 | AL31: -405898 | AM31: -1384096 | AN31: -629727 | AO31: -550269 | AQ31: -438344 | AR31: -1348305
B32: Imposto de renda e Contribuição Social a recuperar | AJ32: 32308 | AL32: -3228 | AM32: 77782 | AN32: 50008 | AO32: 77557 | AQ32: -6121 | AR32: -15076
B33: Impostos a recuperar | C33: 0 | D33: 0 | E33: 0 | F33: 0 | G33: -10426 | H33: 0 | I33: -31746 | J33: -48702 | K33: -44945 | M33: -5424 | N33: -12993 | O33: -24318 | P33: -12056 | R33: -7122 | S33: -2749 | T33: -20494 | U33: -18507 | W33: -23079 | X33: -64806 | Y33: -89734 | Z33: -85651 | AB33: -17146 | AC33: -9477 | AD33: -58659 | AE33: -88668 | AG33: -16827 | AH33: -15525 | AI33: -32965 | AJ33: -58105 | AL33: 31200 | AM33: -52149 | AN33: -139541 | AO33: -144381 | AQ33: -94379 | AR33: -141264
B34: Adiantamentos | C34: 0 | D34: 0 | E34: 0 | F34: 0 | G34: 0 | H34: 0 | I34: 0 | J34: 0 | K34: 0 | M34: 5373 | N34: -3451 | O34: 5455 | P34: 0 | R34: 8547 | S34: 4947 | T34: 7615 | U34: 11706 | W34: 543 | X34: 79 | Y34: 489 | Z34: -8784 | AB34: 5080.8261 | AC34: 648 | AD34: 8879 | AE34: 7821 | AG34: 761 | AH34: 99 | AI34: 434 | AJ34: -2285 | AL34: 260 | AM34: 1835 | AN34: -185494 | AO34: 13230 | AQ34: -32310 | AR34: -279803
B35: Despesas antecipadas | C35: 2243 | D35: -886 | E35: -2265 | F35: -2408 | G35: 0 | H35: 209 | I35: -840 | J35: 0 | K35: 0 | M35: -10073 | N35: 588 | O35: 707 | P35: 0 | R35: -9401 | S35: -22016 | T35: -18796 | U35: -8267 | W35: 1754 | X35: -7132 | Y35: 5823 | Z35: -3563 | AB35: -6166.6157 | AC35: -7625 | AD35: -4177 | AE35: -3570 | AG35: -1970 | AH35: 4078 | AI35: -6303 | AJ35: 696 | AL35: 822 | AM35: -7968 | AN35: -70005 | AO35: -53519 | AQ35: -87190 | AR35: -120124
B36: Partes relacionadas | C36: 0 | D36: 0 | E36: 0 | F36: 0 | G36: 0 | H36: 1557 | I36: 3466 | J36: 0 | K36: 0 | M36: 0 | N36: 0 | O36: 0 | P36: 0 | R36: -823 | S36: -1347 | T36: -2136 | U36: 3920 | W36: -588 | X36: -1308 | Y36: -1216 | Z36: 6643 | AB36: -330.2896 | AC36: -592 | AD36: -638 | AE36: 3023 | AG36: -37 | AH36: -172 | AI36: -250 | AJ36: 3558 | AL36: -194 | AM36: -320 | AN36: -360 | AO36: 9909 | AQ36: 0 | AR36: 0
B37: Depósitos judiciais | C37: 0 | D37: 0 | E37: 0 | F37: 0 | G37: 0 | H37: 0 | I37: 0 | J37: 0 | K37: 0 | M37: -16 | N37: -16 | O37: -16 | P37: 0 | R37: 0 | S37: 76 | T37: 76 | U37: 76 | W37: 15 | X37: 15 | Y37: 26 | Z37: 93 | AB37: -50.8194 | AC37: 21 | AD37: 3 | AE37: 5 | AG37: -17 | AH37: -64 | AI37: -64 | AJ37: -52 | AL37: 29 | AM37: 33 | AN37: 46 | AO37: -33 | AQ37: -48 | AR37: -15
B38: Outros ativos | C38: -2817 | D38: 6256 | E38: -1503 | F38: -75010 | G38: 17171 | H38: 16201 | I38: -9270 | J38: -2678 | K38: -6024 | M38: -5903 | N38: 11606 | O38: 18311 | P38: -1040 | R38: -11885 | S38: -7633 | T38: 13757 | U38: -3672 | W38: -14621 | X38: -21374 | Y38: -14868 | Z38: -29707 | AB38: -9435.3059 | AC38: -5327 | AD38: -3786 | AE38: 16058 | AG38: -9908 | AH38: -783 | AI38: -8352 | AJ38: 2535 | AL38: -4314 | AM38: -10518 | AN38: -10546 | AO38: 6002 | AQ38: -12214 | AR38: -16116
B40: Aumento (Redução) em passivos
B41: Fornecedores | C41: 25935 | D41: 5596 | E41: 60629 | F41: 12038 | G41: 76726 | H41: 111030 | I41: 73296 | J41: 26613 | K41: 198509 | M41: 344321 | N41: -1222 | O41: 58157 | P41: 71918 | R41: 307027 | S41: 416362 | T41: 352274 | U41: -155346 | W41: 50778 | X41: -101060 | Y41: 511547 | Z41: 626131 | AB41: 199246.98 | AC41: -494013 | AD41: -93220 | AE41: 152211 | AG41: 74310 | AH41: -301775 | AI41: -186932 | AJ41: -164707 | AL41: 557319 | AM41: -38160 | AN41: 495805 | AO41: 831498 | AQ41: 1113385 | AR41: -39525
B42: Impostos a recolher | C42: -5017 | D42: -2229 | E42: -2103 | F42: -7825 | G42: -7908 | H42: -3825 | I42: 30616 | J42: -2539 | K42: 7578 | M42: -12202 | N42: -12666 | O42: -426 | P42: -11934 | R42: -7773 | S42: -7199 | T42: -9268 | U42: -4774 | W42: 2465 | X42: 6257 | Y42: 26862 | Z42: 25244 | AB42: 953.75726 | AC42: -4775 | AD42: -9357 | AE42: -7094 | AG42: 3526 | AH42: 2518 | AI42: 13036 | AJ42: 66361 | AL42: 6278 | AM42: -11971 | AN42: 1156 | AO42: 7627 | AQ42: 8909 | AR42: -3740
B43: Salários, provisões e encargos sociais | C43: -800 | D43: 333 | E43: 1116 | F43: 1829 | G43: 1430 | H43: 706 | I43: 1562 | J43: 2343 | K43: 2780 | M43: 1476 | N43: 215 | O43: 2563 | P43: 4633 | R43: -3807 | S43: -125 | T43: 4526 | U43: 8990 | W43: -4802 | X43: 1445 | Y43: 4974 | Z43: 11108 | AB43: -6954.6109 | AC43: -1550 | AD43: 4312 | AE43: 8671 | AG43: -10405 | AH43: -728 | AI43: 5328 | AJ43: 32059 | AL43: -31137 | AM43: -21531 | AN43: -12957 | AO43: 17808 | AQ43: -33611 | AR43: -23394
B44: Parcelamentos tributários | C44: -5 | D44: 229 | E44: -62 | F44: -365 | G44: 2923 | H44: -1697 | I44: 3895 | J44: -836 | K44: -711 | M44: -96 | N44: -437 | O44: 4601 | P44: 3211 | R44: -435 | S44: -1076 | T44: -1400 | U44: -1654 | W44: -272 | X44: -539 | Y44: -807 | Z44: -1089 | AB44: -292.25352 | AC44: -595 | AD44: -908 | AE44: -1239 | AG44: -343 | AH44: -697 | AI44: -1288 | AJ44: -1605 | AL44: -324 | AM44: -656 | AN44: -997 | AO44: -1092 | AQ44: -96 | AR44: -192
B45: Adiantamento de clientes | C45: 40954 | D45: -32077 | E45: 7772 | F45: 25 | G45: 8181 | H45: -2045 | I45: 2066 | J45: 4989 | K45: 9595 | M45: 4861 | N45: 48162 | O45: -14658 | P45: -13796 | R45: 4843 | S45: 230091 | T45: 48929 | U45: 3458 | W45: 4527 | X45: 259 | Y45: 4033 | Z45: 7666 | AB45: 14526.706 | AC45: 46902 | AD45: 34485 | AE45: 5996 | AG45: 51766 | AH45: 61590 | AI45: 39590 | AJ45: 1265 | AL45: 36407 | AM45: 219838 | AN45: 306046 | AO45: 232289 | AQ45: -23982 | AR45: 235708
B46: Instrumentos financeiros | C46: 0 | D46: 0 | E46: 0 | F46: 0 | G46: -29430 | H46: 3156 | I46: -1716 | J46: -4341 | K46: -20 | M46: 3330 | N46: -176820 | O46: 66056 | P46: -265301 | R46: 135974 | S46: 224436 | T46: 22498 | U46: 4358 | W46: 9219 | X46: -11867 | Y46: 414 | Z46: 2081 | AB46: -2380.9908 | AC46: 6412 | AD46: 51242 | AE46: 0 | AG46: -8972 | AH46: 0 | AI46: 0 | AJ46: 0 | AK46: 0 | AL46: 0 | AM46: 0 | AN46: 0 | AO46: 0 | AP46: 0 | AQ46: 0 | AR46: 0
B47: Imposto de renda e contribuição social a recolher | AG47: 0 | AH47: 0 | AI47: 0 | AJ47: 0 | AK47: 0 | AL47: -30 | AM47: 0 | AN47: 0 | AO47: 0 | AP47: 0 | AQ47: 0 | AR47: 0
B49: Imposto de Renda Pago | C49: 0 | D49: 0 | E49: 0 | F49: 0 | G49: 0 | H49: 0 | I49: 0 | J49: 0 | K49: 0 | M49: 0 | N49: 0 | O49: 0 | P49: 0 | R49: 0 | S49: 0 | T49: 0 | U49: 0 | W49: 0 | X49: 0 | Y49: 0 | Z49: 0 | AB49: 0 | AC49: 0 | AD49: 0 | AE49: 0 | AG49: 0 | AI49: 0 | AJ49: 0 | AK49: 0 | AL49: 0 | AM49: 0 | AN49: 0 | AO49: 0 | AP49: 0 | AQ49: 0 | AR49: 0
B50: Outros passivos | C50: -387 | D50: -561 | E50: -2249 | F50: -722 | G50: -358 | H50: 465 | I50: 495 | J50: 848 | K50: 8816 | M50: -9237 | N50: 2051 | O50: -4243 | P50: 11479 | R50: 4521 | S50: 1719 | T50: 9458 | U50: -622 | W50: 19935 | X50: 20949 | Y50: 38241 | Z50: 26547 | AB50: -6754 | AC50: -9229 | AD50: -6187 | AE50: -15842 | AG50: 5278 | AH50: 702 | AI50: 68662 | AJ50: 72401 | AL50: -20042 | AM50: -12460 | AN50: 15264 | AO50: 37653 | AQ50: 9593 | AR50: -54930
B51: Caixa gerado nas operações | AG51: =SUM(AG6:AG50) -> -39331 | AH51: =SUM(AH6:AH50) -> 136480 | AI51: =SUM(AI6:AI50) -> 252537 | AJ51: =SUM(AJ6:AJ50) -> 839362 | AL51: =SUM(AL6:AL50) -> 211713 | AM51: =SUM(AM6:AM50) -> -766393 | AN51: =SUM(AN6:AN50) -> 86774 | AO51: =SUM(AO6:AO50) -> 774370 | AQ51: 215354 | AR51: -882590
B52: Imposto de renda e contribuição social pagos | C52: 0 | D52: 0 | E52: 0 | F52: 0 | G52: 0 | H52: 0 | I52: 0 | J52: 0 | K52: 0 | P52: -9180 | T52: 0 | U52: -16655 | W52: -8452 | X52: -19145 | Y52: -21177 | Z52: -21177 | AB52: 0 | AC52: -1828 | AD52: -3174 | AE52: -4260 | AG52: -1061 | AH52: -11757 | AI52: -27198 | AJ52: -113150 | AL52: -85951 | AM52: -87645 | AN52: -92641 | AO52: -172076 | AQ52: -23435 | AR52: -78981
B53: Caixa líquido gerado pelas atividades operacionais | C53: 11784 | D53: -13376 | E53: -16186 | F53: -33337 | G53: 75559 | H53: 99300 | I53: 44622 | J53: 97497 | K53: 19822 | M53: -50778 | N53: -110679 | O53: -47454 | P53: 79979 | R53: 41409 | S53: -243851 | T53: 83707 | U53: 105523 | W53: -197905.25 | X53: -495568 | Y53: 328191 | Z53: 257697 | AB53: =SUM(AB6:AB50)+2 -> 200139.45 | AC53: =SUM(AC6:AC50) -> 11315 | AD53: =SUM(AD6:AD50) -> 654421 | AE53: =SUM(AE6:AE50) -> 867765 | AG53: =SUM(AG51:AG52) -> -40392 | AH53: =SUM(AH51:AH52) -> 124723 | AI53: =SUM(AI51:AI52) -> 225339 | AJ53: =SUM(AJ51:AJ52) -> 726212 | AL53: =SUM(AL51:AL52) -> 125762 | AM53: =SUM(AM51:AM52) -> -854038 | AN53: =SUM(AN51:AN52) -> -5867 | AO53: =SUM(AO51:AO52) -> 602294 | AQ53: =SUM(AQ51:AQ52) -> 191919 | AR53: =SUM(AR51:AR52) -> -961571
B55: Fluxos de caixa das atividades de investimento:
B56: Caixa oriundo de incorporação de coligada | C56: 0 | D56: 0 | E56: 0 | F56: 0 | G56: 0 | H56: 0 | I56: 0 | J56: 0 | K56: 0 | M56: 0 | N56: 0 | O56: 0 | P56: 3591 | R56: 0 | S56: 0 | T56: 0 | U56: 0 | W56: 0 | X56: 0 | Y56: 0 | Z56: 0 | AB56: 0 | AC56: 0 | AD56: 0 | AE56: 0 | AG56: 0 | AH56: 0 | AI56: 0 | AJ56: 0 | AK56: 0 | AL56: 0 | AM56: 0 | AN56: 0 | AO56: 0 | AP56: 0 | AQ56: 0 | AR56: 0
B57: Aplicações financeiras | C57: 0 | D57: 0 | E57: 0 | F57: 0 | G57: 0 | H57: 0 | I57: 0 | J57: 0 | K57: 0 | M57: 0 | N57: 0 | O57: 0 | P57: 0 | R57: 0 | T57: -769428 | U57: -739002 | W57: 174731 | X57: 386294 | Y57: 449651 | Z57: 676191 | AB57: 15246.165 | AC57: 27750 | AD57: 3686862 | AE57: -196367 | AG57: 70374 | AH57: 51589 | AI57: 8357590 | AJ57: -55851 | AL57: -39020 | AM57: -81730 | AN57: -38327 | AO57: -183582 | AQ57: -13437 | AR57: -25091
B58: Resgates de aplicações financeiras | AD58: -3691951 | AE58: 243314 | AG58: 0 | AH58: 0 | AI58: -8105353 | AJ58: 272409 | AL58: 1376 | AM58: 1376 | AN58: 71306 | AO58: 71306 | AQ58: 10712 | AR58: 115346
B59: Aquisição de Imobilizado | C59: -69810 | D59: -42743 | E59: -39591 | F59: -32582 | G59: -27760 | H59: -7973 | I59: -11881 | J59: -12460 | K59: -59015 | M59: -25703 | N59: -40570 | O59: -54565 | P59: -77534 | R59: -37316 | S59: -102420 | T59: -242902 | U59: -384538 | W59: -122618 | X59: -309172 | Y59: -535718 | Z59: -716072 | AB59: -126794 | AC59: -268872 | AD59: -373236 | AE59: -474938 | AG59: -131217 | AH59: -247203 | AI59: -311749 | AJ59: -696965 | AL59: -240642 | AM59: -831261 | AN59: -1244259 | AO59: -1658145 | AQ59: -230374 | AR59: -463997
B60: Aquisição de Intangível | C60: -78 | D60: -289 | E60: -71 | F60: -129 | G60: -243 | H60: -268 | I60: -58 | J60: -104 | K60: -189 | M60: 0 | N60: 0 | O60: 0 | P60: -55 | R60: -323 | S60: -42 | T60: -333 | U60: 0 | W60: 0 | X60: -22 | Y60: -67 | Z60: -67 | AB60: -4055 | AC60: -6568 | AD60: -14970 | AE60: -18784 | AG60: -12362 | AH60: -22129 | AI60: -29991 | AJ60: -36711 | AL60: -7528 | AM60: -11663 | AN60: -20693 | AO60: -33091 | AQ60: -3888 | AR60: -10656
B61: Formação de ativo biológico | W61: 0 | X61: 0 | Y61: 0 | Z61: 0 | AB61: 0 | AC61: 0 | AD61: 0 | AE61: 0 | AG61: 0 | AH61: 0 | AI61: 0 | AJ61: 0 | AL61: -474 | AM61: -890 | AN61: -2847 | AO61: -14278 | AQ61: -10893 | AR61: -22784
B62: Investimento | C62: 83 | D62: -1 | E62: 359 | F62: 13951 | G62: 0 | H62: 0 | I62: 0 | J62: 0 | K62: 0 | M62: 0 | N62: 0 | O62: 0 | P62: 0 | R62: 0 | S62: 0 | T62: 0 | U62: 0 | W62: 0 | X62: -46 | Y62: -282 | Z62: - | AB62: 0 | AC62: 0 | AD62: 0 | AE62: 0 | AG62: 0 | AH62: 0 | AI62: 0 | AJ62: 0 | AK62: 0 | AL62: 0 | AM62: 0 | AN62: 0 | AO62: 0 | AP62: 0 | AQ62: 0 | AR62: 0
B63: Aquisição de controlada, líquido do caixa adquirido no consolidado | C63: 0 | D63: 0 | E63: 0 | F63: 0 | G63: 0 | H63: 0 | I63: 0 | J63: 0 | K63: 0 | M63: 0 | N63: 0 | O63: 0 | P63: 0 | W63: 0 | X63: 0 | Y63: 0 | Z63: 0 | AB63: 0 | AC63: 0 | AD63: -13024 | AE63: -13024 | AG63: 0 | AH63: 0 | AI63: 0 | AJ63: 0 | AK63: 0 | AL63: 0 | AM63: 0 | AN63: 0 | AO63: 0 | AP63: 0 | AQ63: 0 | AR63: 0
B64: Investimento em Controladas e Coligadas | W64: 0 | X64: 0 | Y64: 0 | Z64: 0 | AB64: 0 | AC64: 0 | AD64: 0 | AE64: 0 | AG64: 0 | AH64: -5250 | AI64: -5250 | AJ64: -5250 | AL64: 0 | AM64: -13600 | AN64: -13600 | AO64: -13600 | AQ64: 0 | AR64: 0
B65: Alteração de participação em Controlada | W65: 0 | X65: 0 | Y65: 0 | Z65: 0 | AB65: 0 | AC65: 0 | AD65: 0 | AE65: 0 | AG65: 0 | AH65: 0 | AI65: 0 | AJ65: -928 | AL65: 595 | AM65: 595 | AN65: 595 | AO65: 595 | AQ65: 0 | AR65: 0
B66: Caixa líquido utilizado nas atividades de investimento | C66: -69805 | D66: -43033 | E66: -39303 | F66: -18760 | G66: -28003 | H66: -8241 | I66: -11939 | J66: -12564 | K66: -59204 | M66: -25703 | N66: -40570 | O66: -54565 | P66: -73998 | R66: -37639 | S66: -102462 | T66: -1012663 | U66: -1123540 | W66: 52113 | X66: 77054 | Y66: -86416 | Z66: -39948 | AB66: =SUM(AB56:AB65) -> -115602.84 | AC66: =SUM(AC56:AC65) -> -247690 | AD66: =SUM(AD56:AD65) -> -406319 | AE66: =SUM(AE56:AE65) -> -459799 | AG66: =SUM(AG56:AG65) -> -73205 | AH66: =SUM(AH56:AH65) -> -222993 | AI66: =SUM(AI57:AI65) -> -94753 | AJ66: =SUM(AJ57:AJ65) -> -523296 | AK66: =SUM(AK57:AK65) -> 0 | AL66: =SUM(AL57:AL65) -> -285693 | AM66: =SUM(AM57:AM65) -> -937173 | AN66: =SUM(AN57:AN65) -> -1247825 | AO66: =SUM(AO57:AO65) -> -1830795 | AP66: =SUM(AP57:AP65) -> 0 | ... AR66: =SUM(AR57:AR65) -> -407182
B68: Fluxos de caixa das atividades de financiamentos
B69: Recebimento de adiantamento para futuro aumento de capital | AI69: 0 | AM69: 737 | AN69: 1474 | AO69: 2949 | AQ69: -2948 | AR69: -2948
B70: Aumento de Capital/Integralização de Capital | C70: 0 | D70: 0 | E70: 0 | F70: 0 | G70: 0 | H70: 2000 | I70: 2000 | J70: 0 | K70: 0 | M70: 0 | N70: 0 | O70: 0 | P70: 0 | R70: 0 | S70: 0 | T70: 1152941 | U70: 1152941 | W70: 7888 | X70: 7888 | Y70: 7888 | Z70: 11330 | AB70: 4961.6 | AC70: 5864 | AD70: 6766 | AE70: 7217 | AG70: 1353 | AH70: 3157 | AI70: 4059 | AJ70: 6108 | AL70: 1122 | AM70: 3809 | AN70: 3809 | AO70: 3809 | AQ70: 6813 | AR70: 7289
B71: (-) Custos com a emissão de ações | C71: 0 | D71: 0 | E71: 0 | F71: 0 | G71: 0 | H71: 0 | I71: 0 | J71: 0 | K71: 0 | M71: 0 | N71: 0 | O71: 0 | P71: 0 | R71: 0 | S71: 0 | T71: -70801 | U71: -70801 | W71: -298 | X71: -298 | Y71: -298 | Z71: -298 | AB71: 0 | AC71: 0 | AD71: 0 | AE71: 0 | AG71: 0 | AH71: 0 | AI71: 0 | AJ71: 0 | AK71: 0 | AL71: 0 | AM71: 0 | AN71: 0 | AO71: 0 | AP71: 0 | AQ71: 0 | AR71: 0
B72: Ações em tesouraria | C72: 0 | D72: 0 | E72: 0 | F72: 0 | G72: 0 | H72: 0 | I72: 0 | J72: 0 | K72: 0 | M72: 0 | N72: 0 | O72: 0 | P72: 0 | R72: 0 | S72: 0 | T72: 0 | U72: 0 | W72: 0 | X72: 0 | Y72: 0 | Z72: 0 | AB72: 0 | AC72: -949 | AD72: -949 | AE72: -1474 | AG72: -14058 | AH72: -6052 | AI72: 308 | AJ72: 308 | AL72: -3152 | AM72: -1999 | AN72: 946 | AO72: 946 | AQ72: -13182 | AR72: -4481
B73: Empréstimos e financiamentos captados | C73: 172543 | D73: 215927 | E73: 264203 | F73: 335186 | G73: 296920 | H73: 208797 | I73: 192287 | J73: 330140 | K73: 462254 | M73: 63730 | N73: 457796 | O73: 511315 | P73: 461221 | R73: 452910 | S73: 691374 | T73: 695249 | U73: 875548 | W73: 801404 | X73: 923605 | Y73: 923605 | Z73: 923605 | AB73: 502645 | AC73: 723585 | AD73: 769223 | AE73: 1042342 | AG73: 459899 | AH73: 1183541 | AI73: 1246606 | AJ73: 1439766 | AL73: 239277 | AM73: 2551828 | AN73: 2811735 | AO73: 4111392 | AQ73: 317809 | AR73: 1675264
B74: Pagamentos de empréstimos e financiamentos | C74: -95704 | D74: -129312 | E74: -208485 | F74: -295494 | G74: -340246 | H74: -303634 | I74: -228352 | J74: -309980 | K74: -367039 | M74: -40194 | N74: -371047 | O74: -431556 | P74: -347816 | R74: -149774 | S74: -409471 | T74: -511084 | U74: -800867 | W74: -293664 | X74: -352116 | Y74: -640141 | Z74: -691185 | AB74: -326110.23 | AC74: -507641 | AD74: -766480 | AE74: -946896 | AG74: -327217 | AH74: -542539 | AI74: -618319 | AJ74: -754380 | AL74: -99352 | AM74: -557441 | AN74: -875780 | AO74: -1633569 | AQ74: -277728 | AR74: -1216781
B75: Pagamentos de juros sobre empréstimos e financiamentos | C75: 0 | D75: 0 | E75: 0 | F75: 0 | G75: 0 | H75: 0 | I75: 0 | J75: 0 | K75: 0 | L75: 0 | M75: 0 | N75: 0 | O75: 0 | P75: 0 | R75: 0 | S75: 0 | T75: 0 | U75: -9400 | W75: 0 | X75: 0 | Y75: 0 | Z75: -74840 | AB75: 0 | AC75: 0 | AD75: 0 | AE75: -135891 | AG75: -39573 | AH75: -59137 | AI75: -95255 | AJ75: -162516 | AL75: -37222 | AM75: -114499 | AN75: -158481 | AO75: -288441 | AQ75: -60341 | AR75: -250120
B76: Pagamento de dividendos | C76: -1500 | D76: 0 | E76: 0 | F76: 0 | G76: -2500 | H76: 0 | I76: 0 | J76: -9634 | K76: -20456 | M76: -10450 | N76: -12051 | O76: -15650 | P76: -28250 | R76: -11800 | S76: -25721 | T76: -25721 | U76: -25721 | W76: 0 | X76: -7594 | Y76: -7595 | Z76: -7595 | AB76: -57238.339 | AC76: -57238 | AD76: -57238 | AE76: -57238 | AG76: -58410 | AH76: -58410 | AI76: -58410 | AJ76: -58411 | AL76: -95053 | AM76: -95059 | AN76: -95059 | AO76: -95059 | AQ76: -91015 | AR76: -91015
B77: Pagamento de arrendamentos | C77: 0 | D77: 0 | E77: 0 | F77: 0 | G77: 0 | H77: 0 | I77: 0 | J77: 0 | K77: -2736 | M77: -607 | N77: -1080 | O77: -1753 | P77: -2414 | R77: -605 | S77: -665 | T77: -3987 | U77: -4785 | W77: -857 | X77: -3570 | Y77: -4582 | Z77: -6042 | AB77: -1189.5519 | AC77: -2782 | AD77: -6129 | AE77: -7597 | AG77: -1642 | AH77: -2068 | AI77: -2934 | AJ77: -5416 | AL77: -2672 | AM77: -6214 | AN77: -8647 | AO77: -10318 | AQ77: -1910 | AR77: -4270
B78: Outros | AQ78: 5094 | AR78: 5094
B79: Caixa líquido utilizado nas atividades de financiamento | C79: 75339 | D79: 86615 | E79: 55718 | F79: 39692 | G79: -45826 | H79: -92837 | I79: -34065 | J79: 10526 | K79: 72023 | M79: 12479 | N79: 73618 | O79: 62356 | P79: 82741 | R79: 290731 | S79: -255517 | T79: 1236597 | U79: 1116915 | W79: 514473 | X79: 567915 | Y79: 278877 | Z79: 154975 | AB79: =SUM(AB70:AB77)+1 -> 123069.48 | AC79: =SUM(AC70:AC77) -> 160839 | AD79: =SUM(AD70:AD77) -> -54807 | AE79: =SUM(AE70:AE77) -> -99537 | AG79: =SUM(AG70:AG77) -> 20352 | AH79: =SUM(AH70:AH77) -> 518492 | AI79: =SUM(AI70:AI77) -> 476055 | AJ79: =SUM(AJ70:AJ77) -> 465459 | AK79: =SUM(AK70:AK77) -> 0 | AL79: =SUM(AL69:AL78) -> 2948 | AM79: =SUM(AM69:AM78) -> 1781162 | AN79: =SUM(AN69:AN78) -> 1679997 | AO79: =SUM(AO69:AO78) -> 2091709 | AP79: =SUM(AP70:AP77) -> 0 | AQ79: =SUM(AQ69:AQ78) -> -117408 | AR79: =SUM(AR69:AR78) -> 118032
B81: Variação de caixa e equivalentes de caixa | C81: 17318 | D81: 30206 | E81: 229 | F81: -12405 | G81: 1730 | H81: -1778 | I81: -1382 | J81: 95459 | K81: 32641 | M81: -64002 | N81: -77631 | O81: -39663 | P81: 88722 | R81: 294501 | S81: -90796 | T81: 307641 | U81: 98898 | W81: 368680.75 | X81: 149401 | Y81: 520652 | Z81: 372724 | AB81: =AB53+AB66+AB79-1 -> 207605.09 | AC81: =AC53+AC66+AC79 -> -75536 | AD81: =AD53+AD66+AD79 -> 193295 | AE81: =AE53+AE66+AE79 -> 308429 | AG81: =AG53+AG66+AG79 -> -93245 | AH81: =AH53+AH66+AH79 -> 420222 | AI81: =AI53+AI66+AI79 -> 606641 | AJ81: =AJ53+AJ66+AJ79 -> 668375 | AK81: =AK53+AK66+AK79 -> 0 | AL81: =AL53+AL66+AL79 -> -156983 | AM81: =AM53+AM66+AM79 -> -10049 | AN81: =AN53+AN66+AN79 -> 426305 | ... AR81: =AR53+AR66+AR79 -> -1250721
B83: Caixa e equivalentes de caixa - no início do período | C83: 1952 | D83: 19270 | E83: 49476 | F83: 49705 | G83: 37300 | H83: 39030 | I83: 37252 | J83: 35870 | K83: 131329 | M83: 163970 | N83: 163970 | O83: 163970 | P83: 163970 | R83: 252692 | S83: 252692 | T83: 252692 | U83: 252692 | W83: 351590.41 | X83: 351590 | Y83: 351590 | Z83: 351590 | AB83: 724314 | AC83: 724314 | AD83: 724314 | AE83: 724314 | AG83: 1028483 | AH83: 1028483 | AI83: 1028483 | AJ83: 1028483 | AL83: 1696858 | AM83: =AL83 -> 1696858 | AN83: 1696858 | AO83: 1696858 | AQ83: =AO84 -> 2560066 | AR83: 2560066
B84: Caixa e equivalentes de caixa - no final do período | C84: 19270 | D84: 49476 | E84: 49705 | F84: 37300 | G84: 39030 | H84: 37252 | I84: 35870 | J84: 131329 | K84: 163970 | M84: 99968 | N84: 86339 | O84: 124307 | P84: 252692 | R84: 547193 | S84: 161896 | T84: 560333 | U84: 351590 | W84: 720271 | X84: 500991 | Y84: 872242 | Z84: 724314 | AB84: 931919.37 | AC84: 646950 | AD84: 914435 | AE84: 1028483 | AG84: 935238 | AH84: 1448705 | AI84: 1635124 | AJ84: 1696858 | AL84: 1539875 | AM84: =AL83+AM81 -> 1686809 | AN84: 2123163 | AO84: 2560066 | AQ84: =AQ83+AQ81 -> 2386697 | AR84: 1309345
B86: Variação de caixa e equivalentes de caixa | C86: 17318 | D86: 30206 | E86: 229 | F86: -12405 | G86: 1730 | H86: -1778 | I86: -1382 | J86: 95459 | K86: 32641 | M86: -64002 | N86: -77631 | O86: -39663 | P86: 88722 | R86: 294501 | S86: -90796 | T86: 307641 | U86: 98898 | W86: 368680.59 | X86: 149401 | Y86: 520652 | Z86: 372724 | AB86: =AB84-AB83 -> 207605.37 | AC86: =AC84-AC83 -> -77364 | AD86: =AD84-AD83 -> 190121 | AE86: =AE84-AE83 -> 304169 | AG86: =AG84-AG83 -> -93245 | AH86: =AH84-AH83 -> 420222 | AI86: =AI84-AI83 -> 606641 | AJ86: =AJ84-AJ83 -> 668375 | AK86: =AK84-AK83 -> 0 | AL86: =AL84-AL83 -> -156983 | AM86: =AM84-AM83 -> -10049 | AN86: =AN84-AN83 -> 426305 | ... AR86: =AR84-AR83 -> -1250721

Sheet Dados Financeiros
A2: Valores em R$ milhões | B2: 2011 | C2: 2012 | D2: 2013 | E2: 2014 | F2: 2015 | G2: 2016 | H2: 2017 | I2: 2018 | J2: 2019 | K2: 2020 | L2: 2021 | M2: 2022 | N2: 2023 | O2: 2024 | P2: 2025 | R2: 9M18 | S2: 9M19 | T2: 9M20 | U2: 9M21 | V2: 9M22 | W2: 9M23 | X2: 9M24 | Y2: 9M25 | AA2: 6M18 | AB2: 6M19 | AC2: 6M20 | AD2: 6M21 | AE2: 6M22 | AF2: 6M23 | AG2: 6M24 | AH2: 6M25 | AI2: 6M26 | AK2: 1T18 | AL2: 2T18 | AM2: 3T18 | AN2: 4T18 | AO2: 1T19 | AP2: 2T19 | AQ2: 3T19 | AR2: 4T19 | AS2: 1T20 | AT2: 2T20 | AU2: 3T20 | AV2: 4T20 | AW2: 1T21 | AX2: 2T21 | AY2: 3T21 | AZ2: 4T21 | BA2: 1T22 | BB2: 2T22 | BC2: 3T22 | BD2: 4T22 | BE2: 1T23 | BF2: 2T23 | BG2: 3T23 | BH2: 4T23 | BI2: 1T24 | BJ2: 2T24 | BK2: 3T24 | BL2: 4T24 | BM2: 1T25 | BN2: 2T25 | BO2: 3T25 | BP2: 4T25 | BQ2: 1T26 | BR2: 2T26
A3: Volume
A4: Insumos
A5: Sementes (mil ton) | B5: 14.112 | C5: 13.546 | D5: 20.862 | E5: 18.198 | F5: 14.855 | G5: 11.72 | H5: 14.16 | I5: =SUM(AK5:AN5) -> 16.358315 | J5: =SUM(AO5:AR5) -> 12.97676 | K5: =SUM(AS5:AV5) -> 15.845 | L5: =SUM(AW5:AZ5) -> 18.353 | M5: =SUM(BA5:BD5) -> 25.597 | N5: =SUM(BE5:BH5) -> 34.03071 | O5: =SUM(BI5:BL5) -> 18.942999 | P5: =SUM(BM5:BP5) -> 18.763149 | R5: =SUM(AK5:AM5) -> 6.883395 | S5: =SUM(AO5:AQ5) -> 7.07876 | T5: =SUM(AS5:AU5) -> 10.921 | U5: =SUM(AW5:AY5) -> 10.438 | V5: =SUM(BA5:BC5) -> 13.169 | W5: =SUM(BE5:BG5) -> 20.224709 | X5: =SUM(BI5:BK5) -> 10.057442 | Y5: =SUM(BM5:BO5) -> 11.366897 | AA5: =SUM(AK5:AL5) -> 2.846875 | AB5: =SUM(AO5:AP5) -> 2.97392 | AC5: =SUM(AS5:AT5) -> 5.499 | AD5: =SUM(AW5:AX5) -> 6.023 | AE5: =SUM(BA5:BB5) -> 8.676 | AF5: =SUM(BE5:BF5) -> 13.030612 | AG5: =SUM(BI5:BJ5) -> 7.2604416 | AH5: =SUM(BM5:BN5) -> 7.7928046 | AI5: =SUM(BQ5:BR5) -> 5.3479105 | AK5: 0.221195 | AL5: 2.62568 | AM5: 4.03652 | AN5: 9.47492 | AO5: 0.35332 | AP5: 2.6206 | AQ5: 4.10484 | AR5: 5.898 | AS5: 0.439 | AT5: 5.06 | AU5: 5.422 | AV5: 4.924 | AW5: 0.583 | AX5: 5.44 | AY5: 4.415 | AZ5: 7.915 | BA5: 1.063 | BB5: 7.613 | BC5: 4.493 | BD5: 12.428 | BE5: 1.201 | BF5: 11.829612 | BG5: 7.1940969 | BH5: 13.806001 | BI5: 1.2014416 | BJ5: 6.059 | BK5: 2.797 | BL5: 8.8855577 | BM5: 2.5653576 | BN5: 5.227447 | BO5: 3.5740928 | BP5: 7.3962517 | BQ5: 2.1586034 | BR5: 3.1893071
A6: Fertilizantes (mil ton) | B6: 49.012 | C6: 50.024 | D6: 69.857 | E6: 76.491 | F6: 46.789 | G6: 66 | H6: 70 | I6: =SUM(AK6:AN6) -> 82.017892 | J6: =SUM(AO6:AR6) -> 125.80585 | K6: =SUM(AS6:AV6) -> 159.57 | L6: =SUM(AW6:AZ6) -> 183.58816 | M6: =SUM(BA6:BD6) -> 239.306 | N6: =SUM(BE6:BH6) -> 355.0703 | O6: =SUM(BI6:BL6) -> 438.4413 | P6: =SUM(BM6:BP6) -> 553.84216 | R6: =SUM(AK6:AM6) -> 54.679335 | S6: =SUM(AO6:AQ6) -> 89.89885 | T6: =SUM(AS6:AU6) -> 120.245 | U6: =SUM(AW6:AY6) -> 125.96628 | V6: =SUM(BA6:BC6) -> 159.628 | W6: =SUM(BE6:BG6) -> 257.85105 | X6: =SUM(BI6:BK6) -> 285.13945 | Y6: =SUM(BM6:BO6) -> 389.70031 | AA6: =SUM(AK6:AL6) -> 19.33232 | AB6: =SUM(AO6:AP6) -> 41.6382 | AC6: =SUM(AS6:AT6) -> 50.228 | AD6: =SUM(AW6:AX6) -> 48.257 | AE6: =SUM(BA6:BB6) -> 67.577 | AF6: =SUM(BE6:BF6) -> 106.38881 | AG6: =SUM(BI6:BJ6) -> 96.816451 | AH6: =SUM(BM6:BN6) -> 165.15315 | AI6: =SUM(BQ6:BR6) -> 225.51726 | AK6: 4.142 | AL6: 15.19032 | AM6: 35.347015 | AN6: 27.338557 | AO6: 9.330525 | AP6: 32.307675 | AQ6: 48.26065 | AR6: 35.907 | AS6: 9.18 | AT6: 41.048 | AU6: 70.017 | AV6: 39.325 | AW6: 10.239 | AX6: 38.018 | AY6: 77.70928 | AZ6: 57.621875 | BA6: 18.859 | BB6: 48.718 | BC6: 92.051 | BD6: 79.678 | BE6: 33.435 | BF6: 72.953805 | BG6: 151.46225 | BH6: 97.219249 | BI6: 35.905451 | BJ6: 60.911 | BK6: 188.323 | BL6: 153.30185 | BM6: 62.833008 | BN6: 102.32014 | BO6: 224.54717 | BP6: 164.14185 | BQ6: 102.82102 | BR6: 122.69624
A7: Defensivos (kg/l) | B7: 1378 | C7: 2024 | D7: 2674 | E7: 3274 | F7: 4040 | G7: 4807 | H7: 6119 | I7: =SUM(AK7:AN7) -> 8015.4621 | J7: =SUM(AO7:AR7) -> 9681.7956 | K7: =SUM(AS7:AV7) -> 12168.166 | L7: =SUM(AW7:AZ7) -> 14362.256 | M7: =SUM(BA7:BD7) -> 14253.241 | N7: =SUM(BE7:BH7) -> 18968.675 | O7: =SUM(BI7:BL7) -> 25968.689 | P7: =SUM(BM7:BP7) -> 28229.902 | R7: =SUM(AK7:AM7) -> 4903.1092 | S7: =SUM(AO7:AQ7) -> 5596.2996 | T7: =SUM(AS7:AU7) -> 7325.108 | U7: =SUM(AW7:AY7) -> 9365.4521 | V7: =SUM(BA7:BC7) -> 7669.2406 | W7: =SUM(BE7:BG7) -> 9775.2451 | X7: =SUM(BI7:BK7) -> 14234.469 | Y7: =SUM(BM7:BO7) -> 16907.187 | AA7: =SUM(AK7:AL7) -> 2799.5824 | AB7: =SUM(AO7:AP7) -> 3033.0878 | AC7: =SUM(AS7:AT7) -> 3837.344 | AD7: =SUM(AW7:AX7) -> 5801.677 | AE7: =SUM(BA7:BB7) -> 4642.4406 | AF7: =SUM(BE7:BF7) -> 5961.351 | AG7: =SUM(BI7:BJ7) -> 9483.2171 | AH7: =SUM(BM7:BN7) -> 11042.752 | AI7: =SUM(BQ7:BR7) -> 11934.086 | AK7: 2119.0321 | AL7: 680.55027 | AM7: 2103.5268 | AN7: 3112.3529 | AO7: 2336.8981 | AP7: 696.18968 | AQ7: 2563.2118 | AR7: 4085.496 | AS7: 2529.861 | AT7: 1307.483 | AU7: 3487.764 | AV7: 4843.058 | AW7: 4093.907 | AX7: 1707.77 | AY7: 3563.7751 | AZ7: 4996.8041 | BA7: 3219.4406 | BB7: 1423 | BC7: 3026.8 | BD7: 6584 | BE7: 3901 | BF7: 2060.351 | BG7: 3813.8942 | BH7: 9193.4303 | BI7: 7497.2171 | BJ7: 1986 | BK7: 4751.252 | BL7: 11734.22 | BM7: 8354.5777 | BN7: 2688.1739 | BO7: 5864.4353 | BP7: 11322.715 | BQ7: 9001.1404 | BR7: 2932.9456
A9: Grãos | B9: 361.9144 | C9: 354.31082 | D9: 461.36141 | E9: 286.07232 | F9: 338.83388 | G9: 277.35967 | H9: 396.74942 | I9: =SUM(I10:I12) -> 370.9999 | J9: =SUM(J10:J12) -> 430.20002 | K9: =SUM(K10:K12) -> 377.976 | L9: =SUM(L10:L12) -> 670.82897 | M9: =SUM(M10:M12) -> 610.394 | N9: =SUM(BE9:BH9) -> 1028.399 | O9: =SUM(BI9:BL9) -> 1874.4454 | P9: =SUM(BM9:BP9) -> 3017.8633 | R9: =SUM(AK9:AM9) -> 296.71324 | S9: =SUM(AO9:AQ9) -> 378.89402 | T9: =SUM(AS9:AU9) -> 336.984 | U9: =SUM(AW9:AY9) -> 513.88083 | V9: =SUM(BA9:BC9) -> 452.378 | W9: =SUM(BE9:BG9) -> 787.84439 | X9: =SUM(BI9:BK9) -> 1415.3088 | Y9: =SUM(BM9:BO9) -> 2238.481 | AA9: =SUM(AK9:AL9) -> 211.35397 | AB9: =SUM(AO9:AP9) -> 288.11364 | AC9: =SUM(AS9:AT9) -> 285.416 | AD9: =SUM(AW9:AX9) -> 259.839 | AE9: =SUM(BA9:BB9) -> 290.378 | AF9: =SUM(BE9:BF9) -> 538.05759 | AG9: =SUM(BI9:BJ9) -> 882.05188 | AH9: =SUM(BM9:BN9) -> 1234.1157 | AI9: =SUM(BQ9:BR9) -> 1895.8849 | AK9: =SUM(AK10:AK12) -> 81.345507 | AL9: =SUM(AL10:AL12) -> 130.00846 | AM9: =SUM(AM10:AM12) -> 85.35927 | AN9: =SUM(AN10:AN12) -> 74.28666 | AO9: =SUM(AO10:AO12) -> 124.46561 | AP9: =SUM(AP10:AP12) -> 163.64803 | AQ9: =SUM(AQ10:AQ12) -> 90.78038 | AR9: =SUM(AR10:AR12) -> 51.306 | ... BR9: =SUM(BR10:BR12) -> 1061.2067
A10: Soja (mil ton) | B10: 254.02857 | C10: 216.66903 | D10: 325.63475 | E10: 103.22137 | F10: 179.6422 | G10: 220.3403 | H10: 283.07756 | I10: =SUM(AK10:AN10) -> 267.02961 | J10: =SUM(AO10:AR10) -> 259.42366 | K10: =SUM(AS10:AV10) -> 231.02 | L10: =SUM(AW10:AZ10) -> 443.86832 | M10: =SUM(BA10:BD10) -> 222.297 | N10: =SUM(BE10:BH10) -> 343.80111 | O10: =SUM(BI10:BL10) -> 1022.9898 | P10: =SUM(BM10:BP10) -> 1532.6233 | R10: =SUM(AK10:AM10) -> 221.84746 | S10: =SUM(AO10:AQ10) -> 228.86266 | T10: =SUM(AS10:AU10) -> 226.02 | U10: =SUM(AW10:AY10) -> 374.9618 | V10: =SUM(BA10:BC10) -> 200.718 | W10: =SUM(BE10:BG10) -> 266.1331 | X10: =SUM(BI10:BK10) -> 733.53082 | Y10: =SUM(BM10:BO10) -> 1279.2048 | AA10: =SUM(AK10:AL10) -> 139.78487 | AB10: =SUM(AO10:AP10) -> 161.69117 | AC10: =SUM(AS10:AT10) -> 177.387 | AD10: =SUM(AW10:AX10) -> 166.593 | AE10: =SUM(BA10:BB10) -> 104.09 | AF10: =SUM(BE10:BF10) -> 182.5246 | AG10: =SUM(BI10:BJ10) -> 463.70482 | AH10: =SUM(BM10:BN10) -> 763.01998 | AI10: =SUM(BQ10:BR10) -> 1377.9409 | AK10: 30.351766 | AL10: 109.43311 | AM10: 82.062587 | AN10: 45.182152 | AO10: 38.474267 | AP10: 123.2169 | AQ10: 67.17149 | AR10: 30.561 | AS10: 18.523 | AT10: 158.864 | AU10: 48.633 | AV10: 5 | AW10: 21.281 | AX10: 145.312 | AY10: 208.3688 | AZ10: 68.906523 | BA10: 34.744 | BB10: 69.346 | BC10: 96.628 | BD10: 21.579 | BE10: 42.049 | BF10: 140.47559 | BG10: 83.608503 | BH10: 77.668017 | BI10: 81.979815 | BJ10: 381.725 | BK10: 269.826 | BL10: 289.45896 | BM10: 239.28808 | BN10: 523.7319 | BO10: 516.18483 | BP10: 253.41847 | BQ10: 430.67361 | BR10: 947.26724
A11: Milho (mil ton) | B11: 26.591861 | C11: 33.912629 | D11: 40.85297 | E11: 37.069454 | F11: 53.904913 | G11: 15.740209 | H11: 38.325151 | I11: =SUM(AK11:AN11) -> 29.991101 | J11: =SUM(AO11:AR11) -> 60.18128 | K11: =SUM(AS11:AV11) -> 42.009 | L11: =SUM(AW11:AZ11) -> 62.192629 | M11: =SUM(BA11:BD11) -> 132.661 | N11: =SUM(BE11:BH11) -> 353.80689 | O11: =SUM(BI11:BL11) -> 453.83319 | P11: =SUM(BM11:BP11) -> 1022.5947 | R11: =SUM(AK11:AM11) -> 23.330791 | S11: =SUM(AO11:AQ11) -> 60.18128 | T11: =SUM(AS11:AU11) -> 39.934 | U11: =SUM(AW11:AY11) -> 58.041049 | V11: =SUM(BA11:BC11) -> 99.13 | W11: =SUM(BE11:BG11) -> 263.3471 | X11: =SUM(BI11:BK11) -> 388.35029 | Y11: =SUM(BM11:BO11) -> 611.05137 | AA11: =SUM(AK11:AL11) -> 23.330791 | AB11: =SUM(AO11:AP11) -> 58.48936 | AC11: =SUM(AS11:AT11) -> 37.307 | AD11: =SUM(AW11:AX11) -> 48.347 | AE11: =SUM(BA11:BB11) -> 68.109 | AF11: =SUM(BE11:BF11) -> 125.70413 | AG11: =SUM(BI11:BJ11) -> 157.2319 | AH11: =SUM(BM11:BN11) -> 159.51732 | AI11: =SUM(BQ11:BR11) -> 307.06435 | AK11: 23.330791 | AL11: 0 | AM11: 0 | AN11: 6.66031 | AO11: 53.978383 | AP11: 4.510977 | AQ11: 1.69192 | AR11: 0 | AS11: 14.423 | AT11: 22.884 | AU11: 2.627 | AV11: 2.075 | AW11: 36.372 | AX11: 11.975 | AY11: 9.694049 | AZ11: 4.15158 | BA11: 37.453 | BB11: 30.656 | BC11: 31.021 | BD11: 33.531 | BE11: 73.057 | BF11: 52.64713 | BG11: 137.64297 | BH11: 90.45979 | BI11: 129.9139 | BJ11: 27.318 | BK11: 231.11838 | BL11: 65.4829 | BM11: 127.06087 | BN11: 32.456451 | BO11: 451.53405 | BP11: 411.54334 | BQ11: 237.39569 | BR11: 69.668651
A12: Trigo e outros (mil ton) | B12: 81.293969 | C12: 103.72916 | D12: 94.873686 | E12: 145.7815 | F12: 105.28677 | G12: 41.279164 | H12: 75.3467 | I12: =SUM(AK12:AN12) -> 73.979186 | J12: =SUM(AO12:AR12) -> 110.59508 | K12: =SUM(AS12:AV12) -> 104.947 | L12: =SUM(AW12:AZ12) -> 164.76802 | M12: =SUM(BA12:BD12) -> 255.436 | N12: =SUM(BE12:BH12) -> 330.79102 | O12: =SUM(BI12:BL12) -> 397.62244 | P12: =SUM(BM12:BP12) -> 462.64532 | R12: =SUM(AK12:AM12) -> 51.534988 | S12: =SUM(AO12:AQ12) -> 89.85008 | T12: =SUM(AS12:AU12) -> 71.03 | U12: =SUM(AW12:AY12) -> 80.87798 | V12: =SUM(BA12:BC12) -> 152.53 | W12: =SUM(BE12:BG12) -> 258.36419 | X12: =SUM(BI12:BK12) -> 293.42768 | Y12: =SUM(BM12:BO12) -> 348.22482 | AA12: =SUM(AK12:AL12) -> 48.238305 | AB12: =SUM(AO12:AP12) -> 67.93311 | AC12: =SUM(AS12:AT12) -> 70.722 | AD12: =SUM(AW12:AX12) -> 44.899 | AE12: =SUM(BA12:BB12) -> 118.179 | AF12: =SUM(BE12:BF12) -> 229.82887 | AG12: =SUM(BI12:BJ12) -> 261.11516 | AH12: =SUM(BM12:BN12) -> 311.57836 | AI12: =SUM(BQ12:BR12) -> 210.87966 | AK12: 27.66295 | AL12: 20.575355 | AM12: 3.296683 | AN12: 22.444198 | AO12: 32.01296 | AP12: 35.92015 | AQ12: 21.91697 | AR12: 20.745 | AS12: 42.837 | AT12: 27.885 | AU12: 0.308 | AV12: 33.917 | AW12: 9.268 | AX12: 35.631 | AY12: 35.97898 | AZ12: 83.89004 | BA12: 95.18 | BB12: 22.999 | BC12: 34.351 | BD12: 102.906 | BE12: 136.727 | BF12: 93.10187 | BG12: 28.535318 | BH12: 72.42683 | BI12: 216.83616 | BJ12: 44.279 | BK12: 32.312512 | BL12: 104.19476 | BM12: 273.93119 | BN12: 37.647168 | BO12: 36.64646 | BP12: 114.42051 | BQ12: 166.60882 | BR12: 44.270839
A14: Indústria
A15: Biodiesel (mil m³) | B15: 0 | C15: 0 | D15: 0 | E15: 22.856 | F15: 77.209 | G15: 75.805 | H15: 93.946 | I15: =SUM(AK15:AN15) -> 129.26588 | J15: =SUM(AO15:AR15) -> 154.956 | K15: =SUM(AS15:AV15) -> 179.437 | L15: =SUM(AW15:AZ15) -> 200.65653 | M15: =SUM(BA15:BD15) -> 173.13513 | N15: =SUM(BE15:BH15) -> 334.73817 | O15: =SUM(BI15:BL15) -> 573.27104 | P15: =SUM(BM15:BP15) -> 634.94111 | R15: =SUM(AK15:AM15) -> 98.652097 | S15: =SUM(AO15:AQ15) -> 111.05 | T15: =SUM(AS15:AU15) -> 135.237 | U15: =SUM(AW15:AY15) -> 154.05413 | V15: =SUM(BA15:BC15) -> 130.89213 | W15: =SUM(BE15:BG15) -> 231.13312 | X15: =SUM(BI15:BK15) -> 438.62173 | Y15: =SUM(BM15:BO15) -> 485.64776 | AA15: =SUM(AK15:AL15) -> 61.683496 | AB15: =SUM(AO15:AP15) -> 68.92 | AC15: =SUM(AS15:AT15) -> 86.863 | AD15: =SUM(AW15:AX15) -> 103.135 | AE15: =SUM(BA15:BB15) -> 79.093133 | AF15: =SUM(BE15:BF15) -> 136.3752 | AG15: =SUM(BI15:BJ15) -> 284.99673 | AH15: =SUM(BM15:BN15) -> 318.47961 | AI15: =SUM(BQ15:BR15) -> 341.61109 | AK15: 23.310616 | AL15: 38.37288 | AM15: 36.968601 | AN15: 30.613784 | AO15: 28.028 | AP15: 40.892 | AQ15: 42.13 | AR15: 43.906 | AS15: 41.217 | AT15: 45.646 | AU15: 48.374 | AV15: 44.2 | AW15: 44.547 | AX15: 58.588 | AY15: 50.919129 | AZ15: 46.602397 | BA15: 31.437 | BB15: 47.656133 | BC15: 51.799 | BD15: 42.243 | BE15: 63.355 | BF15: 73.020199 | BG15: 94.757922 | BH15: 103.60505 | BI15: 131.60573 | BJ15: 153.391 | BK15: 153.625 | BL15: 134.64931 | BM15: 149.47214 | BN15: 169.00747 | BO15: 167.16815 | BP15: 149.29335 | BQ15: 166.75305 | BR15: 174.85803
A16: Farelo e outros (mil ton) | B16: 0 | C16: 0 | D16: 167.023 | E16: 245.161 | F16: 270.211 | G16: 230.066 | H16: 296 | I16: =SUM(AK16:AN16) -> 416.89704 | J16: =SUM(AO16:AR16) -> 562.58019 | K16: =SUM(AS16:AV16) -> 569.769 | L16: =SUM(AW16:AZ16) -> 572.35316 | M16: =SUM(BA16:BD16) -> 709.54712 | N16: =SUM(BE16:BH16) -> 1271.4156 | O16: =SUM(BI16:BL16) -> 1777.4355 | P16: =SUM(BM16:BP16) -> 2216.3002 | R16: =SUM(AK16:AM16) -> 295.67449 | S16: =SUM(AO16:AQ16) -> 380.89119 | T16: =SUM(AS16:AU16) -> 401.198 | U16: =SUM(AW16:AY16) -> 402.40885 | V16: =SUM(BA16:BC16) -> 485.64512 | W16: =SUM(BE16:BG16) -> 771.93384 | X16: =SUM(BI16:BK16) -> 1357.3521 | Y16: =SUM(BM16:BO16) -> 1703.7682 | AA16: =SUM(AK16:AL16) -> 177.69615 | AB16: =SUM(AO16:AP16) -> 214.42719 | AC16: =SUM(AS16:AT16) -> 248.513 | AD16: =SUM(AW16:AX16) -> 224.56 | AE16: =SUM(BA16:BB16) -> 313.50212 | AF16: =SUM(BE16:BF16) -> 410.36277 | AG16: =SUM(BI16:BJ16) -> 879.93411 | AH16: =SUM(BM16:BN16) -> 944.71624 | AI16: =SUM(BQ16:BR16) -> 1163.8289 | AK16: 66.183423 | AL16: 111.51272 | AM16: 117.97834 | AN16: 121.22255 | AO16: 66.98319 | AP16: 147.444 | AQ16: 166.464 | AR16: 181.689 | AS16: 93.38 | AT16: 155.133 | AU16: 152.685 | AV16: 168.571 | AW16: 71.22 | AX16: 153.34 | AY16: 177.84885 | AZ16: 169.94431 | BA16: 137.421 | BB16: 176.08111 | BC16: 172.143 | BD16: 223.902 | BE16: 199.315 | BF16: 211.04777 | BG16: 361.57108 | BH16: 499.48173 | BI16: 421.93711 | BJ16: 457.997 | BK16: 477.418 | BL16: 420.08336 | BM16: 439.02327 | BN16: 505.69297 | BO16: 759.05199 | BP16: 512.53193 | BQ16: 543.12927 | BR16: 620.6996
A17: Etanol (mil m³) | AI17: =SUM(BQ17:BR17) -> 2.227308 | BR17: 2.227308
A18: DDG e outros (mil ton) | AI18: =SUM(BQ18:BR18) -> 4.89358 | BR18: 4.89358
A20: Receita Líquida | B20: =SUM(B23,B28,B33) -> 391.714 | C20: =SUM(C23,C28,C33) -> 480.981 | D20: =SUM(D23,D28,D33) -> 901.692 | E20: =SUM(E23,E28,E33) -> 917.302 | F20: =SUM(F23,F28,F33) -> 1113.738 | G20: =SUM(G23,G28,G33) -> 1140.102 | H20: =SUM(H23,H28,H33) -> 1326.0972 | I20: =SUM(AK20:AN20) -> 1921.571 | J20: =SUM(AO20:AR20) -> 2239.571 | K20: =SUM(AS20:AV20) -> 3110.4081 | L20: =SUM(AW20:AZ20) -> 5339.3171 | M20: =SUM(BA20:BD20) -> 6885.8393 | N20: =SUM(BE20:BH20) -> 8998.9849 | O20: =SUM(BI20:BL20) -> 12825.771 | P20: =SUM(BM20:BP20) -> 16423.694 | R20: =SUM(AK20:AM20) -> 1334.0384 | S20: =SUM(AO20:AQ20) -> 1553.0683 | T20: =SUM(AS20:AU20) -> 2102.3636 | U20: =SUM(AW20:AY20) -> 3704.198 | V20: =SUM(AX20:AZ20) -> 4570.0441 | W20: =SUM(BE20:BG20) -> 5969.3947 | X20: =SUM(BI20:BK20) -> 8972.2513 | Y20: =SUM(BM20:BO20) -> 12056.864 | AA20: =SUM(AK20:AL20) -> 803.83329 | AB20: =SUM(AO20:AP20) -> 960.7108 | AC20: =SUM(AS20:AT20) -> 1254.3307 | AD20: =SUM(AW20:AX20) -> 1974.653 | AE20: =SUM(BA20:BB20) -> 2770.5383 | AF20: =SUM(BE20:BF20) -> 3565.0546 | AG20: =SUM(BI20:BJ20) -> 5475.6914 | AH20: =SUM(BM20:BN20) -> 7061.9851 | AI20: =SUM(BQ20:BR20) -> 8907.3476 | AK20: =AK23+AK28+AK33 -> 334.63524 | AL20: =AL23+AL28+AL33 -> 469.19805 | AM20: =AM23+AM28+AM33 -> 530.2051 | AN20: =AN23+AN28+AN33 -> 587.5326 | AO20: =AO23+AO28+AO33 -> 448.70648 | AP20: =AP23+AP28+AP33 -> 512.00432 | AQ20: =AQ23+AQ28+AQ33 -> 592.35749 | AR20: =AR23+AR28+AR33 -> 686.50271 | ... BI20: =BI23+BI28+BI33 -> 2679.2224 | BJ20: =SUM(BJ23,BJ28,BJ33) -> 2796.469 | BK20: =SUM(BK23,BK28,BK33) -> 3496.5599 | BL20: =SUM(BL23,BL28,BL33) -> 3853.52 | BM20: =SUM(BM23,BM28,BM33) -> 3499.1081 | BN20: =SUM(BN23,BN28,BN33) -> 3562.877 | BO20: =SUM(BO23,BO28,BO33) -> 4994.879 | BP20: =SUM(BP23,BP28,BP33) -> 4366.83 | BQ20: =SUM(BQ23,BQ28,BQ33) -> 4206.9482 | BR20: =SUM(BR23,BR28,BR33) -> 4700.3994
A21: Crescimento (YoY) | C21: =C20/B20-1 -> 0.2278882 | D21: =D20/C20-1 -> 0.87469359 | E21: =E20/D20-1 -> 0.017311898 | F21: =F20/E20-1 -> 0.2141454 | G21: =G20/F20-1 -> 0.023671636 | H21: =H20/G20-1 -> 0.16313913 | I21: =I20/H20-1 -> 0.44904229 | J21: =J20/I20-1 -> 0.1654896 | ... P21: =P20/O20-1 -> 0.28052292 | S21: =S20/R20-1 -> 0.1641856 | T21: =T20/S20-1 -> 0.35368396 | U21: =U20/T20-1 -> 0.7619207 | V21: =V20/U20-1 -> 0.23374725 | W21: =W20/V20-1 -> 0.30620067 | X21: =X20/W20-1 -> 0.50304207 | Y21: =Y20/X20-1 -> 0.34379473 | AB21: =AB20/AA20-1 -> 0.19516175 | AC21: =AC20/AB20-1 -> 0.30562774 | AD21: =AD20/AC20-1 -> 0.57426829 | AE21: =AE20/AD20-1 -> 0.40305073 | AF21: =AF20/AE20-1 -> 0.28677323 | AG21: =AG20/AF20-1 -> 0.53593481 | AH21: =AH20/AG20-1 -> 0.28969742 | AI21: =AI20/AH20-1 -> 0.26130932 | AO21: =AO20/AK20-1 -> 0.34088233 | AP21: =AP20/AL20-1 -> 0.091232839 | AQ21: =AQ20/AM20-1 -> 0.1172233 | AR21: =AR20/AN20-1 -> 0.16845041 | AS21: =AS20/AO20-1 -> 0.14521315 | AT21: =AT20/AP20-1 -> 0.44621068 | AU21: =AU20/AQ20-1 -> 0.4316236 | AV21: =AV20/AR20-1 -> 0.46837653 | ... BR21: =BR20/BN20-1 -> 0.31927073
A23: Insumos | B23: =SUM(B24:B26) -> 110.78953 | C23: =SUM(C24:C26) -> 156.0332 | D23: =SUM(D24:D26) -> 237.16047 | E23: =SUM(E24:E26) -> 288.51724 | F23: =SUM(F24:F26) -> 283.801 | G23: =SUM(G24:G26) -> 371.496 | H23: =SUM(H24:H26) -> 416.32349 | I23: =SUM(AK23:AN23) -> 611.80499 | J23: =SUM(AO23:AR23) -> 722.375 | K23: =SUM(AS23:AV23) -> 918.30234 | L23: =SUM(AW23:AZ23) -> 1534.1161 | M23: =SUM(BA23:BD23) -> 2535.397 | N23: =SUM(BE23:BH23) -> 2543.5493 | O23: =SUM(BI23:BL23) -> 2819.5838 | P23: =SUM(BM23:BP23) -> 3409.6405 | R23: =SUM(AK23:AM23) -> 331.9925 | S23: =SUM(AO23:AQ23) -> 444.04529 | T23: =SUM(AS23:AU23) -> 564.92193 | U23: =SUM(AW23:AY23) -> 894.931 | V23: =SUM(BA23:BC23) -> 1503.783 | W23: =SUM(BE23:BG23) -> 1518.8964 | X23: =SUM(BI23:BK23) -> 1595.2884 | Y23: =SUM(BM23:BO23) -> 2097.4635 | AA23: =SUM(AK23:AL23) -> 181.90602 | AB23: =SUM(AO23:AP23) -> 244.03006 | AC23: =SUM(AS23:AT23) -> 263.65153 | AD23: =SUM(AW23:AX23) -> 450.81 | AE23: =SUM(BA23:BB23) -> 737.846 | AF23: =SUM(BE23:BF23) -> 784.78484 | AG23: =SUM(BI23:BJ23) -> 837.81037 | AH23: =SUM(BM23:BN23) -> 1017.6235 | AI23: =SUM(BQ23:BR23) -> 1313.937 | AK23: =SUM(AK24:AK26) -> 148.98748 | AL23: =SUM(AL24:AL26) -> 32.91854 | AM23: =SUM(AM24:AM26) -> 150.08648 | AN23: =SUM(AN24:AN26) -> 279.81249 | AO23: =SUM(AO24:AO26) -> 190.48422 | AP23: =SUM(AP24:AP26) -> 53.54584 | AQ23: =SUM(AQ24:AQ26) -> 200.01523 | AR23: =SUM(AR24:AR26) -> 278.32971 | ... BR23: =SUM(BR24:BR26) -> 487.32982
A24: Sementes | B24: 20.230975 | C24: 29.227444 | D24: 50.992408 | E24: 59.491646 | F24: 57.087 | G24: 87.541 | H24: 95.739436 | I24: =SUM(AK24:AN24) -> 97.775 | J24: =SUM(AO24:AR24) -> 91.313 | K24: =SUM(AS24:AV24) -> 114.89995 | L24: =SUM(AW24:AZ24) -> 159.856 | M24: =SUM(BA24:BD24) -> 264.081 | N24: =SUM(BE24:BH24) -> 346.36886 | O24: =SUM(BI24:BL24) -> 326.42578 | P24: =SUM(BM24:BP24) -> 386.34382 | R24: =SUM(AK24:AM24) -> 25.82676 | S24: =SUM(AO24:AQ24) -> 36.59311 | T24: =SUM(AS24:AU24) -> 57.317565 | U24: =SUM(AW24:AY24) -> 69.098 | V24: =SUM(BA24:BC24) -> 114.342 | W24: =SUM(BE24:BG24) -> 152.31478 | X24: =SUM(BI24:BK24) -> 137.56338 | Y24: =SUM(BM24:BO24) -> 210.32982 | AA24: =SUM(AK24:AL24) -> 1.19086 | AB24: =SUM(AO24:AP24) -> 5.32689 | AC24: =SUM(AS24:AT24) -> 6.3535651 | AD24: =SUM(AW24:AX24) -> 23.5 | AE24: =SUM(BA24:BB24) -> 36.601 | AF24: =SUM(BE24:BF24) -> 52.281859 | AG24: =SUM(BI24:BJ24) -> 50.741377 | AH24: =SUM(BM24:BN24) -> 61.085816 | AI24: =SUM(BQ24:BR24) -> 107.13924 | AK24: -0.63179 | AL24: 1.82265 | AM24: 24.6359 | AN24: 71.94824 | AO24: 0.24627 | AP24: 5.08062 | AQ24: 31.26622 | AR24: 54.71989 | AS24: 2.047002 | AT24: 4.3065631 | AU24: 50.964 | AV24: 57.582386 | AW24: 5.402 | AX24: 18.098 | AY24: 45.598 | AZ24: 90.758 | BA24: 9.152 | BB24: 27.449 | BC24: 77.741 | BD24: 149.739 | BE24: 12.911 | BF24: 39.370859 | BG24: 100.03293 | BH24: 194.05407 | BI24: 22.857377 | BJ24: 27.884 | BK24: 86.822 | BL24: 188.86241 | BM24: 30.440381 | BN24: 30.645435 | BO24: 149.244 | BP24: 176.014 | BQ24: 64.327735 | BR24: 42.811502
A25: Fertilizantes | B25: 53.251431 | C25: 69.892207 | D25: 92.532833 | E25: 97.513987 | F25: 73.258 | G25: 96.216 | H25: 98.224382 | I25: =SUM(AK25:AN25) -> 145.286 | J25: =SUM(AO25:AR25) -> 209.65599 | K25: =SUM(AS25:AV25) -> 257.68685 | L25: =SUM(AW25:AZ25) -> 558.3831 | M25: =SUM(BA25:BD25) -> 1089.951 | N25: =SUM(BE25:BH25) -> 1009.0594 | O25: =SUM(BI25:BL25) -> 1090.8844 | P25: =SUM(BM25:BP25) -> 1570.3633 | R25: =SUM(AK25:AM25) -> 93.18674 | S25: =SUM(AO25:AQ25) -> 144.06722 | T25: =SUM(AS25:AU25) -> 183.79621 | U25: =SUM(AW25:AY25) -> 345.52 | V25: =SUM(BA25:BC25) -> 755.298 | W25: =SUM(BE25:BG25) -> 750.4324 | X25: =SUM(BI25:BK25) -> 711.88146 | Y25: =SUM(BM25:BO25) -> 1091.2203 | AA25: =SUM(AK25:AL25) -> 28.76247 | AB25: =SUM(AO25:AP25) -> 56.05226 | AC25: =SUM(AS25:AT25) -> 43.442728 | AD25: =SUM(AW25:AX25) -> 119.537 | AE25: =SUM(BA25:BB25) -> 314.692 | AF25: =SUM(BE25:BF25) -> 335.45091 | AG25: =SUM(BI25:BJ25) -> 239.31846 | AH25: =SUM(BM25:BN25) -> 430.26827 | AI25: =SUM(BQ25:BR25) -> 595.35166 | AK25: 5.77993 | AL25: 22.98254 | AM25: 64.42427 | AN25: 52.09926 | AO25: 11.66247 | AP25: 44.38979 | AQ25: 88.01496 | AR25: 65.58877 | AS25: 13.509062 | AT25: 29.933666 | AU25: 140.35349 | AV25: 73.890639 | AW25: 22.953 | AX25: 96.584 | AY25: 225.983 | AZ25: 212.8631 | BA25: 89.342 | BB25: 225.35 | BC25: 440.606 | BD25: 334.653 | BE25: 121.508 | BF25: 213.94291 | BG25: 414.9815 | BH25: 258.627 | BI25: 90.237456 | BJ25: 149.081 | BK25: 472.563 | BL25: 379.00298 | BM25: 160.51027 | BN25: 269.758 | BO25: 660.952 | BP25: 479.143 | BQ25: 247.38066 | BR25: 347.971
A26: Defensivos | B26: 37.30712 | C26: 56.913549 | D26: 93.635226 | E26: 131.51161 | F26: 153.456 | G26: 187.739 | H26: 222.35967 | I26: =SUM(AK26:AN26) -> 368.74399 | J26: =SUM(AO26:AR26) -> 421.40601 | K26: =SUM(AS26:AV26) -> 545.71554 | L26: =SUM(AW26:AZ26) -> 815.877 | M26: =SUM(BA26:BD26) -> 1181.365 | N26: =SUM(BE26:BH26) -> 1188.1211 | O26: =SUM(BI26:BL26) -> 1402.2736 | P26: =SUM(BM26:BP26) -> 1452.9334 | R26: =SUM(AK26:AM26) -> 212.979 | S26: =SUM(AO26:AQ26) -> 263.38496 | T26: =SUM(AS26:AU26) -> 323.80815 | U26: =SUM(AW26:AY26) -> 480.313 | V26: =SUM(BA26:BC26) -> 634.143 | W26: =SUM(BE26:BG26) -> 616.14917 | X26: =SUM(BI26:BK26) -> 745.84354 | Y26: =SUM(BM26:BO26) -> 795.91336 | AA26: =SUM(AK26:AL26) -> 151.95269 | AB26: =SUM(AO26:AP26) -> 182.65091 | AC26: =SUM(AS26:AT26) -> 213.85524 | AD26: =SUM(AW26:AX26) -> 307.773 | AE26: =SUM(BA26:BB26) -> 386.553 | AF26: =SUM(BE26:BF26) -> 397.05208 | AG26: =SUM(BI26:BJ26) -> 547.75054 | AH26: =SUM(BM26:BN26) -> 526.26936 | AI26: =SUM(BQ26:BR26) -> 611.4461 | AK26: 143.83934 | AL26: 8.11335 | AM26: 61.02631 | AN26: 155.76499 | AO26: 178.57548 | AP26: 4.07543 | AQ26: 80.73405 | AR26: 158.02105 | AS26: 186.449 | AT26: 27.406239 | AU26: 109.95291 | AV26: 221.90738 | AW26: 263.115 | AX26: 44.658 | AY26: 172.54 | AZ26: 335.564 | BA26: 275.296 | BB26: 111.257 | BC26: 247.59 | BD26: 547.222 | BE26: 309.65 | BF26: 87.402077 | BG26: 219.09709 | BH26: 571.97191 | BI26: 488.16554 | BJ26: 59.585 | BK26: 198.093 | BL26: 656.4301 | BM26: 435.5903 | BN26: 90.679059 | BO26: 269.644 | BP26: 657.02 | BQ26: 514.89878 | BR26: 96.547317
A28: Grãos | B28: =SUM(B29:B31) -> 280.92447 | C28: =SUM(C29:C31) -> 324.9478 | D28: =SUM(D29:D31) -> 466.05257 | E28: =SUM(E29:E31) -> 224.74201 | F28: =SUM(F29:F31) -> 290.979 | G28: =SUM(G29:G31) -> 329.476 | H28: =SUM(H29:H31) -> 400.80976 | I28: =SUM(AK28:AN28) -> 442.238 | J28: =SUM(AO28:AR28) -> 454.637 | K28: =SUM(AS28:AV28) -> 486.15466 | L28: =SUM(AW28:AZ28) -> 1412.296 | M28: =SUM(BA28:BD28) -> 1348.05 | N28: =SUM(BE28:BH28) -> 1766.2322 | O28: =SUM(BI28:BL28) -> 3257.4208 | P28: =SUM(BM28:BP28) -> 5235.0825 | R28: =SUM(AK28:AM28) -> 397.91489 | S28: =SUM(AO28:AQ28) -> 396.75 | T28: =SUM(AS28:AU28) -> 434.33559 | U28: =SUM(AW28:AY28) -> 1077.168 | V28: =SUM(BA28:BC28) -> 1051.45 | W28: =SUM(BE28:BG28) -> 1422.7083 | X28: =SUM(BI28:BK28) -> 2342.2097 | Y28: =SUM(BM28:BO28) -> 4007.7335 | AA28: =SUM(AK28:AL28) -> 256.57527 | AB28: =SUM(AO28:AP28) -> 301.67874 | AC28: =SUM(AS28:AT28) -> 352.95596 | AD28: =SUM(AW28:AX28) -> 477.865 | AE28: =SUM(BA28:BB28) -> 621.25 | AF28: =SUM(BE28:BF28) -> 1031.8732 | AG28: =SUM(BI28:BJ28) -> 1456.8007 | AH28: =SUM(BM28:BN28) -> 2298.4835 | AI28: =SUM(BQ28:BR28) -> 3669.2318 | AK28: =SUM(AK29:AK31) -> 62.09076 | AL28: =SUM(AL29:AL31) -> 194.48451 | AM28: =SUM(AM29:AM31) -> 141.33962 | AN28: =SUM(AN29:AN31) -> 44.32311 | AO28: =SUM(AO29:AO31) -> 111.97526 | AP28: =SUM(AP29:AP31) -> 189.70348 | AQ28: =SUM(AQ29:AQ31) -> 95.07126 | AR28: =SUM(AR29:AR31) -> 57.887 | ... BR28: =SUM(BR29:BR31) -> 2202.9487
A29: Soja | B29: 221.93194 | C29: 245.28032 | D29: 381.7385 | E29: 119.42177 | F29: 200.608 | G29: 291.772 | H29: 332.83192 | I29: =SUM(AK29:AN29) -> 371.838 | J29: =SUM(AO29:AR29) -> 356.842 | K29: =SUM(AS29:AV29) -> 351.10961 | L29: =SUM(AW29:AZ29) -> 1074.106 | M29: =SUM(BA29:BD29) -> 688.075 | N29: =SUM(BE29:BH29) -> 901.30489 | O29: =SUM(BI29:BL29) -> 2325.7838 | P29: =SUM(BM29:BP29) -> 3459.0991 | R29: =SUM(AK29:AM29) -> 348.32589 | S29: =SUM(AO29:AQ29) -> 315.122 | T29: =SUM(AS29:AU29) -> 338.58131 | U29: =SUM(AW29:AY29) -> 877.77 | V29: =SUM(BA29:BC29) -> 620.512 | W29: =SUM(BE29:BG29) -> 691.12174 | X29: =SUM(BI29:BK29) -> 1631.4459 | Y29: =SUM(BM29:BO29) -> 2828.7621 | AA29: =SUM(AK29:AL29) -> 210.41427 | AB29: =SUM(AO29:AP29) -> 225.57174 | AC29: =SUM(AS29:AT29) -> 260.00576 | AD29: =SUM(AW29:AX29) -> 355.09 | AE29: =SUM(BA29:BB29) -> 306.354 | AF29: =SUM(BE29:BF29) -> 477.73861 | AG29: =SUM(BI29:BJ29) -> 995.46786 | AH29: =SUM(BM29:BN29) -> 1639.7811 | AI29: =SUM(BQ29:BR29) -> 2982.5371 | AK29: 32.68576 | AL29: 177.72851 | AM29: 137.91162 | AN29: 23.51211 | AO29: 50.54126 | AP29: 175.03048 | AQ29: 89.55026 | AR29: 41.72 | AS29: 25.387762 | AT29: 234.618 | AU29: 78.575543 | AV29: 12.528307 | AW29: 50.37 | AX29: 304.72 | AY29: 522.68 | AZ29: 196.336 | BA29: 110.373 | BB29: 195.981 | BC29: 314.158 | BD29: 67.563 | BE29: 107.773 | BF29: 369.96561 | BG29: 213.38313 | BH29: 210.18315 | BI29: 178.68586 | BJ29: 816.782 | BK29: 635.978 | BL29: 694.33795 | BM29: 487.1528 | BN29: 1152.6283 | BO29: 1188.981 | BP29: 630.337 | BQ29: 929.54559 | BR29: 2052.9915
A30: Milho | B30: 13.554305 | C30: 18.23691 | D30: 22.471236 | E30: 17.585597 | F30: 27.252 | G30: 10.607 | H30: 20.475 | I30: =SUM(AK30:AN30) -> 16.554 | J30: =SUM(AO30:AR30) -> 37.041 | K30: =SUM(AS30:AV30) -> 32.765376 | L30: =SUM(AW30:AZ30) -> 76.198 | M30: =SUM(BA30:BD30) -> 195.126 | N30: =SUM(BE30:BH30) -> 350.8099 | O30: =SUM(BI30:BL30) -> 435.74684 | P30: =SUM(BM30:BP30) -> 1093.4371 | R30: =SUM(AK30:AM30) -> 12.915 | S30: =SUM(AO30:AQ30) -> 37.041 | T30: =SUM(AS30:AU30) -> 30.034191 | U30: =SUM(AW30:AY30) -> 70.272 | V30: =SUM(BA30:BC30) -> 152.035 | W30: =SUM(BE30:BG30) -> 301.58936 | X30: =SUM(BI30:BK30) -> 363.76451 | Y30: =SUM(BM30:BO30) -> 657.48006 | AA30: =SUM(AK30:AL30) -> 12.915 | AB30: =SUM(AO30:AP30) -> 35.998 | AC30: =SUM(AS30:AT30) -> 27.668103 | AD30: =SUM(AW30:AX30) -> 54.032 | AE30: =SUM(BA30:BB30) -> 108.822 | AF30: =SUM(BE30:BF30) -> 169.99939 | AG30: =SUM(BI30:BJ30) -> 163.92251 | AH30: =SUM(BM30:BN30) -> 200.58206 | AI30: =SUM(BQ30:BR30) -> 346.54463 | AK30: 12.918 | AL30: -0.003 | AM30: 0 | AN30: 3.639 | AO30: 33.286 | AP30: 2.712 | AQ30: 1.043 | AR30: 0 | AS30: 9.6679182 | AT30: 18.000185 | AU30: 2.3660881 | AV30: 2.7311851 | AW30: 34.445 | AX30: 19.587 | AY30: 16.24 | AZ30: 5.926 | BA30: 59.024 | BB30: 49.798 | BC30: 43.213 | BD30: 43.091 | BE30: 113.644 | BF30: 56.355389 | BG30: 131.58997 | BH30: 49.220536 | BI30: 141.55551 | BJ30: 22.367 | BK30: 199.842 | BL30: 71.982336 | BM30: 168.34212 | BN30: 32.239937 | BO30: 456.898 | BP30: 435.957 | BQ30: 278.13452 | BR30: 68.410105
A31: Trigo e outros | B31: 45.438229 | C31: 61.430571 | D31: 61.842833 | E31: 87.734647 | F31: 63.119 | G31: 27.097 | H31: 47.50284 | I31: =SUM(AK31:AN31) -> 53.846 | J31: =SUM(AO31:AR31) -> 60.754 | K31: =SUM(AS31:AV31) -> 102.27967 | L31: =SUM(AW31:AZ31) -> 261.992 | M31: =SUM(BA31:BD31) -> 464.849 | N31: =SUM(BE31:BH31) -> 514.1174 | O31: =SUM(BI31:BL31) -> 495.89017 | P31: =SUM(BM31:BP31) -> 682.54642 | R31: =SUM(AK31:AM31) -> 36.674 | S31: =SUM(AO31:AQ31) -> 44.587 | T31: =SUM(AS31:AU31) -> 65.720094 | U31: =SUM(AW31:AY31) -> 129.126 | V31: =SUM(BA31:BC31) -> 278.903 | W31: =SUM(BE31:BG31) -> 429.99718 | X31: =SUM(BI31:BK31) -> 346.99936 | Y31: =SUM(BM31:BO31) -> 521.49142 | AA31: =SUM(AK31:AL31) -> 33.246 | AB31: =SUM(AO31:AP31) -> 40.109 | AC31: =SUM(AS31:AT31) -> 65.282094 | AD31: =SUM(AW31:AX31) -> 68.743 | AE31: =SUM(BA31:BB31) -> 206.074 | AF31: =SUM(BE31:BF31) -> 384.13518 | AG31: =SUM(BI31:BJ31) -> 297.41036 | AH31: =SUM(BM31:BN31) -> 458.12042 | AI31: =SUM(BQ31:BR31) -> 340.15006 | AK31: 16.487 | AL31: 16.759 | AM31: 3.428 | AN31: 17.172 | AO31: 28.148 | AP31: 11.961 | AQ31: 4.478 | AR31: 16.167 | AS31: 33.91176 | AT31: 31.370333 | AU31: 0.438 | AV31: 36.559581 | AW31: 12.676 | AX31: 56.067 | AY31: 60.383 | AZ31: 132.866 | BA31: 159.333 | BB31: 46.741 | BC31: 72.829 | BD31: 185.946 | BE31: 238.663 | BF31: 145.47218 | BG31: 45.862 | BH31: 84.120214 | BI31: 239.10836 | BJ31: 58.302 | BK31: 49.589 | BL31: 148.89081 | BM31: 391.59576 | BN31: 66.524656 | BO31: 63.371 | BP31: 161.055 | BQ31: 258.60298 | BR31: 81.547084
A33: Indústria | B33: 0 | C33: 0 | D33: =SUM(D34:D35) -> 198.47897 | E33: =SUM(E34:E35) -> 404.04275 | F33: =SUM(F34:F35) -> 538.958 | G33: =SUM(G34:G35) -> 439.13 | H33: =SUM(H34:H35) -> 508.964 | I33: =SUM(AK33:AN33) -> 867.528 | J33: =SUM(AO33:AR33) -> 1062.559 | K33: =SUM(AS33:AV33) -> 1705.9511 | L33: =SUM(AW33:AZ33) -> 2392.905 | M33: =SUM(BA33:BD33) -> 3002.3923 | N33: =SUM(BE33:BH33) -> 4689.2034 | O33: =SUM(BI33:BL33) -> 6748.7666 | P33: =SUM(BM33:BP33) -> 7778.9711 | R33: =SUM(AK33:AM33) -> 604.131 | S33: =SUM(AO33:AQ33) -> 712.273 | T33: =SUM(AS33:AU33) -> 1103.1061 | U33: =SUM(AW33:AY33) -> 1732.099 | V33: =SUM(BA33:BC33) -> 2174.2173 | W33: =SUM(BE33:BG33) -> 3027.79 | X33: =SUM(BI33:BK33) -> 5034.7532 | Y33: =SUM(BM33:BO33) -> 5951.6671 | AA33: =SUM(AK33:AL33) -> 365.352 | AB33: =SUM(AO33:AP33) -> 415.002 | AC33: =SUM(AS33:AT33) -> 637.72318 | AD33: =SUM(AW33:AX33) -> 1045.978 | AE33: =SUM(BA33:BB33) -> 1411.4423 | AF33: =SUM(BE33:BF33) -> 1748.3965 | AG33: =SUM(BI33:BJ33) -> 3181.0803 | AH33: =SUM(BM33:BN33) -> 3745.8781 | AI33: =SUM(BQ33:BR33) -> 3924.1788 | AK33: =SUM(AK34:AK35) -> 123.557 | AL33: =SUM(AL34:AL35) -> 241.795 | AM33: =SUM(AM34:AM35) -> 238.779 | AN33: =SUM(AN34:AN35) -> 263.397 | AO33: =SUM(AO34:AO35) -> 146.247 | AP33: =SUM(AP34:AP35) -> 268.755 | AQ33: =SUM(AQ34:AQ35) -> 297.271 | AR33: =SUM(AR34:AR35) -> 350.286 | ... BQ33: =SUM(BQ34:BQ35) -> 1914.0579 | BR33: =SUM(BR34:BR37) -> 2010.1209
A34: Biodiesel | B34: 0 | C34: 0 | D34: 0 | E34: 53.185604 | F34: 150.007 | G34: 153.839 | H34: 203.174 | I34: =SUM(AK34:AN34) -> 346.43 | J34: =SUM(AO34:AR34) -> 411.185 | K34: =SUM(AS34:AV34) -> 737.50999 | L34: =SUM(AW34:AZ34) -> 1127.44 | M34: =SUM(BA34:BD34) -> 1234.8533 | N34: =SUM(BE34:BH34) -> 1598.0574 | O34: =SUM(BI34:BL34) -> 3038.3672 | P34: =SUM(BM34:BP34) -> 3877.0384 | R34: =SUM(AK34:AM34) -> 233.012 | S34: =SUM(AO34:AQ34) -> 275.395 | T34: =SUM(AS34:AU34) -> 489.63319 | U34: =SUM(AW34:AY34) -> 837.808 | V34: =SUM(BA34:BC34) -> 965.81934 | W34: =SUM(BE34:BG34) -> 1117.1104 | X34: =SUM(BI34:BK34) -> 2187.8768 | Y34: =SUM(BM34:BO34) -> 2924.3774 | AA34: =SUM(AK34:AL34) -> 144.37 | AB34: =SUM(AO34:AP34) -> 170.3 | AC34: =SUM(AS34:AT34) -> 274.50239 | AD34: =SUM(AW34:AX34) -> 538.157 | AE34: =SUM(BA34:BB34) -> 624.69034 | AF34: =SUM(BE34:BF34) -> 684.30941 | AG34: =SUM(BI34:BJ34) -> 1350.7419 | AH34: =SUM(BM34:BN34) -> 1900.8264 | AI34: =SUM(BQ34:BR34) -> 1920.4126 | AK34: 54.312 | AL34: 90.058 | AM34: 88.642 | AN34: 113.418 | AO34: 72.212 | AP34: 98.088 | AQ34: 105.095 | AR34: 135.79 | AS34: 132.32539 | AT34: 142.177 | AU34: 215.1308 | AV34: 247.8768 | AW34: 211.292 | AX34: 326.865 | AY34: 299.651 | AZ34: 289.632 | BA34: 240.973 | BB34: 383.71734 | BC34: 341.129 | BD34: 269.034 | BE34: 360.902 | BF34: 323.40741 | BG34: 432.80102 | BH34: 480.94702 | BI34: 591.00391 | BJ34: 759.738 | BK34: 837.13493 | BL34: 850.49032 | BM34: 949.33533 | BN34: 951.4911 | BO34: 1023.551 | BP34: 952.661 | BQ34: 962.90319 | BR34: 957.50942
A35: Farelo e outros | B35: 0 | C35: 0 | D35: 198.47897 | E35: 350.85714 | F35: 388.951 | G35: 285.291 | H35: 305.79 | I35: =SUM(AK35:AN35) -> 521.098 | J35: =SUM(AO35:AR35) -> 651.374 | K35: =SUM(AS35:AV35) -> 968.44111 | L35: =SUM(AW35:AZ35) -> 1265.465 | M35: =SUM(BA35:BD35) -> 1767.539 | N35: =SUM(BE35:BH35) -> 3091.1459 | O35: =SUM(BI35:BL35) -> 3710.3995 | P35: =SUM(BM35:BP35) -> 3901.9326 | R35: =SUM(AK35:AM35) -> 371.119 | S35: =SUM(AO35:AQ35) -> 436.878 | T35: =SUM(AS35:AU35) -> 613.47292 | U35: =SUM(AW35:AY35) -> 894.291 | V35: =SUM(BA35:BC35) -> 1208.398 | W35: =SUM(BE35:BG35) -> 1910.6796 | X35: =SUM(BI35:BK35) -> 2846.8764 | Y35: =SUM(BM35:BO35) -> 3027.2896 | AA35: =SUM(AK35:AL35) -> 220.982 | AB35: =SUM(AO35:AP35) -> 244.702 | AC35: =SUM(AS35:AT35) -> 363.22079 | AD35: =SUM(AW35:AX35) -> 507.821 | AE35: =SUM(BA35:BB35) -> 786.752 | AF35: =SUM(BE35:BF35) -> 1064.0871 | AG35: =SUM(BI35:BJ35) -> 1830.3384 | AH35: =SUM(BM35:BN35) -> 1845.0516 | AI35: =SUM(BQ35:BR35) -> 1995.1115 | AK35: 69.245 | AL35: 151.737 | AM35: 150.137 | AN35: 149.979 | AO35: 74.035 | AP35: 170.667 | AQ35: 192.176 | AR35: 214.496 | AS35: 110.56667 | AT35: 252.65413 | AU35: 250.25213 | AV35: 354.96818 | AW35: 169.02 | AX35: 338.801 | AY35: 386.47 | AZ35: 371.174 | BA35: 329.742 | BB35: 457.01 | BC35: 421.646 | BD35: 559.141 | BE35: 539.645 | BF35: 524.44212 | BG35: 846.59248 | BH35: 1180.4663 | BI35: 927.60838 | BJ35: 902.73 | BK35: 1016.538 | BL35: 863.52311 | BM35: 876.14108 | BN35: 968.91055 | BO35: 1182.238 | BP35: 874.643 | BQ35: 951.15473 | BR35: 1043.9568
A36: Etanol | AI36: =SUM(BQ36:BR36) -> 4.455 | BR36: 4.455
A37: DDG e outros | AI37: =SUM(BQ37:BR37) -> 4.1996573 | BR37: 4.1996573
A39: Preço Unitário
A40: Insumos
A41: Sementes (R$/kg) | B41: =B24/B5 -> 1.4336008 | C41: =C24/C5 -> 2.1576439 | D41: =D24/D5 -> 2.4442723 | E41: =E24/E5 -> 3.269131 | F41: =F24/F5 -> 3.8429485 | G41: =G24/G5 -> 7.4693686 | H41: =H24/H5 -> 6.7612596 | I41: =I24/I5 -> 5.9770826 | ... P41: =P24/P5 -> 20.590564 | R41: =R24/R5 -> 3.7520381 | S41: =S24/S5 -> 5.1694237 | T41: =T24/T5 -> 5.2483807 | U41: =U24/U5 -> 6.6198505 | V41: =V24/V5 -> 8.6826638 | W41: =W24/W5 -> 7.5311238 | X41: =X24/X5 -> 13.67777 | Y41: =Y24/Y5 -> 18.503714 | AA41: =AA24/AA5 -> 0.41830428 | AB41: =AB24/AB5 -> 1.7912015 | AC41: =AC24/AC5 -> 1.1554037 | AD41: =AD24/AD5 -> 3.9017101 | AE41: =AE24/AE5 -> 4.2186491 | AF41: =AF24/AF5 -> 4.0122336 | AG41: =AG24/AG5 -> 6.9887452 | AH41: =AH24/AH5 -> 7.838746 | AI41: =AI24/AI5 -> 20.03385 | AK41: =AK24/AK5 -> -2.8562581 | AL41: =AL24/AL5 -> 0.69416304 | AM41: =AM24/AM5 -> 6.1032523 | AN41: =AN24/AN5 -> 7.5935459 | AO41: =AO24/AO5 -> 0.69701687 | AP41: =AP24/AP5 -> 1.938724 | AQ41: =AQ24/AQ5 -> 7.6169156 | AR41: =AR24/AR5 -> 9.2777026 | ... BR41: =BR24/BR5 -> 13.423449
A42: Fertilizantes (R$/kg) | B42: =B25/B6 -> 1.0864978 | C42: =C25/C6 -> 1.3971735 | D42: =D25/D6 -> 1.3246036 | E42: =E25/E6 -> 1.2748426 | F42: =F25/F6 -> 1.5657099 | G42: =G25/G6 -> 1.4578182 | H42: =H25/H6 -> 1.4032055 | I42: =I25/I6 -> 1.771394 | ... P42: =P25/P6 -> 2.8353986 | R42: =R25/R6 -> 1.7042406 | S42: =S25/S6 -> 1.602548 | T42: =T25/T6 -> 1.5285144 | U42: =U25/U6 -> 2.7429563 | V42: =V25/V6 -> 4.7316135 | W42: =W25/W6 -> 2.9103329 | X42: =X25/X6 -> 2.4966081 | Y42: =Y25/Y6 -> 2.8001524 | AA42: =AA25/AA6 -> 1.4877919 | AB42: =AB25/AB6 -> 1.3461739 | AC42: =AC25/AC6 -> 0.86491058 | AD42: =AD25/AD6 -> 2.4770914 | AE42: =AE25/AE6 -> 4.6567915 | AF42: =AF25/AF6 -> 3.1530658 | AG42: =AG25/AG6 -> 2.471878 | AH42: =AH25/AH6 -> 2.6052684 | AI42: =AI25/AI6 -> 2.6399384 | AK42: =AK25/AK6 -> 1.3954442 | AL42: =AL25/AL6 -> 1.5129727 | AM42: =AM25/AM6 -> 1.8226226 | AN42: =AN25/AN6 -> 1.9057063 | AO42: =AO25/AO6 -> 1.2499265 | AP42: =AP25/AP6 -> 1.3739704 | AQ42: =AQ25/AQ6 -> 1.8237417 | AR42: =AR25/AR6 -> 1.8266291 | ... BR42: =BR25/BR6 -> 2.8360364
A43: Defensivos (R$/l) | B43: =(B26*1000)/B7 -> 27.073382 | C43: =(C26*1000)/C7 -> 28.119342 | D43: =(D26*1000)/D7 -> 35.016913 | E43: =(E26*1000)/E7 -> 40.168482 | F43: =(F26*1000)/F7 -> 37.984158 | G43: =(G26*1000)/G7 -> 39.055336 | H43: =(H26*1000)/H7 -> 36.339217 | I43: =(I26*1000)/I7 -> 46.004084 | ... P43: =(P26*1000)/P7 -> 51.467886 | R43: =(R26*1000)/R7 -> 43.43754 | S43: =(S26*1000)/S7 -> 47.064128 | T43: =(T26*1000)/T7 -> 44.205239 | U43: =(U26*1000)/U7 -> 51.285618 | V43: =(V26*1000)/V7 -> 82.686544 | W43: =(W26*1000)/W7 -> 63.031582 | X43: =(X26*1000)/X7 -> 52.397004 | Y43: =(Y26*1000)/Y7 -> 47.075446 | AA43: =(AA26*1000)/AA7 -> 54.276914 | AB43: =(AB26*1000)/AB7 -> 60.21946 | AC43: =(AC26*1000)/AC7 -> 55.730015 | AD43: =(AD26*1000)/AD7 -> 53.048972 | AE43: =(AE26*1000)/AE7 -> 83.265039 | AF43: =(AF26*1000)/AF7 -> 66.604378 | AG43: =(AG26*1000)/AG7 -> 57.759992 | AH43: =(AH26*1000)/AH7 -> 47.657448 | AI43: =(AI26*1000)/AI7 -> 51.235268 | AK43: =(AK26*1000)/AK7 -> 67.879737 | AL43: =(AL26*1000)/AL7 -> 11.92175 | AM43: =(AM26*1000)/AM7 -> 29.011425 | AN43: =(AN26*1000)/AN7 -> 50.047342 | AO43: =(AO26*1000)/AO7 -> 76.415603 | AP43: =(AP26*1000)/AP7 -> 5.8539075 | AQ43: =(AQ26*1000)/AQ7 -> 31.497221 | AR43: =(AR26*1000)/AR7 -> 38.678547 | ... BR43: =(BR26*1000)/BR7 -> 32.918209
A45: Grãos | B45: =B28/B9 -> 0.77621801 | C45: =C28/C9 -> 0.91712638 | D45: =D28/D9 -> 1.0101681 | E45: =E28/E9 -> 0.78561258 | F45: =F28/F9 -> 0.85876595 | G45: =G28/G9 -> 1.1879016 | H45: =H28/H9 -> 1.010234 | I45: =I28/I9 -> 1.1920165 | ... P45: =P28/P9 -> 1.7346984 | R45: =R28/R9 -> 1.3410756 | S45: =S28/S9 -> 1.0471266 | T45: =T28/T9 -> 1.2888908 | U45: =U28/U9 -> 2.0961436 | V45: =V28/V9 -> 2.3242731 | W45: =W28/W9 -> 1.805824 | X45: =X28/X9 -> 1.6549108 | Y45: =Y28/Y9 -> 1.7903809 | AA45: =AA28/AA9 -> 1.21396 | AB45: =AB28/AB9 -> 1.0470825 | AC45: =AC28/AC9 -> 1.2366369 | AD45: =AD28/AD9 -> 1.8390811 | AE45: =AE28/AE9 -> 2.1394527 | AF45: =AF28/AF9 -> 1.9177746 | AG45: =AG28/AG9 -> 1.6516044 | AH45: =AH28/AH9 -> 1.8624539 | AI45: =AI28/AI9 -> 1.9353664 | AK45: =AK28/AK9 -> 0.76329674 | AL45: =AL28/AL9 -> 1.4959373 | AM45: =AM28/AM9 -> 1.6558204 | AN45: =AN28/AN9 -> 0.59664965 | AO45: =AO28/AO9 -> 0.89964818 | AP45: =AP28/AP9 -> 1.1592164 | AQ45: =AQ28/AQ9 -> 1.0472666 | AR45: =AR28/AR9 -> 1.1282696 | ... BR45: =BR28/BR9 -> 2.0758902
A46: Soja (R$/kg) | B46: =B29/B10 -> 0.87364953 | C46: =C29/C10 -> 1.1320507 | D46: =D29/D10 -> 1.1722904 | E46: =E29/E10 -> 1.1569481 | F46: =F29/F10 -> 1.1167086 | G46: =G29/G10 -> 1.3241881 | H46: =H29/H10 -> 1.1757623 | I46: =I29/I10 -> 1.3924973 | ... P46: =P29/P10 -> 2.2569793 | R46: =R29/R10 -> 1.5701144 | S46: =S29/S10 -> 1.3769044 | T46: =T29/T10 -> 1.4980148 | U46: =U29/U10 -> 2.3409585 | V46: =V29/V10 -> 3.0914617 | W46: =W29/W10 -> 2.5969026 | X46: =X29/X10 -> 2.2241 | Y46: =Y29/Y10 -> 2.2113441 | AA46: =AA29/AA10 -> 1.5052721 | AB46: =AB29/AB10 -> 1.3950777 | AC46: =AC29/AC10 -> 1.4657543 | AD46: =AD29/AD10 -> 2.1314821 | AE46: =AE29/AE10 -> 2.9431646 | AF46: =AF29/AF10 -> 2.6173931 | AG46: =AG29/AG10 -> 2.1467706 | AH46: =AH29/AH10 -> 2.149067 | AI46: =AI29/AI10 -> 2.1644885 | AK46: =AK29/AK10 -> 1.0768981 | AL46: =AL29/AL10 -> 1.6240836 | AM46: =AM29/AM10 -> 1.6805663 | AN46: =AN29/AN10 -> 0.52038491 | AO46: =AO29/AO10 -> 1.313638 | AP46: =AP29/AP10 -> 1.4205071 | AQ46: =AQ29/AQ10 -> 1.3331588 | AR46: =AR29/AR10 -> 1.3651386 | ... BR46: =BR29/BR10 -> 2.167278
A47: Milho (R$/kg) | B47: =B30/B11 -> 0.5097163 | C47: =C30/C11 -> 0.5377616 | D47: =D30/D11 -> 0.55005147 | E47: =E30/E11 -> 0.47439589 | F47: =F30/F11 -> 0.50555689 | G47: =G30/G11 -> 0.67387924 | H47: =H30/H11 -> 0.53424447 | I47: =I30/I11 -> 0.55196373 | ... P47: =P30/P11 -> 1.0692771 | R47: =R30/R11 -> 0.55356031 | S47: =S30/S11 -> 0.6154904 | T47: =T30/T11 -> 0.75209573 | U47: =U30/U11 -> 1.2107293 | V47: =V30/V11 -> 1.5336931 | W47: =W30/W11 -> 1.1452162 | X47: =X30/X11 -> 0.93669174 | Y47: =Y30/Y11 -> 1.0759816 | AA47: =AA30/AA11 -> 0.55356031 | AB47: =AB30/AB11 -> 0.61546237 | AC47: =AC30/AC11 -> 0.74163302 | AD47: =AD30/AD11 -> 1.1175874 | AE47: =AE30/AE11 -> 1.5977624 | AF47: =AF30/AF11 -> 1.3523771 | AG47: =AG30/AG11 -> 1.0425525 | AH47: =AH30/AH11 -> 1.2574312 | AI47: =AI30/AI11 -> 1.1285733 | AK47: =AK30/AK11 -> 0.5536889 | AL47: NA | AM47: NA | AN47: =AN30/AN11 -> 0.54637096 | AO47: =AO30/AO11 -> 0.61665426 | AP47: =AP30/AP11 -> 0.60120014 | AQ47: =AQ30/AQ11 -> 0.61645941 | AR47: NA | AS47: =AS30/AS11 -> 0.67031257 | AT47: =AT30/AT11 -> 0.78658385 | AU47: =AU30/AU11 -> 0.90068066 | AV47: =AV30/AV11 -> 1.3162338 | AW47: =AW30/AW11 -> 0.94701969 | AX47: =AX30/AX11 -> 1.6356576 | AY47: =AY30/AY11 -> 1.6752546 | AZ47: =AZ30/AZ11 -> 1.4274084 | ... BR47: =BR30/BR11 -> 0.98193527
A48: Trigo e outros (R$/kg) | B48: =B31/B12 -> 0.55893727 | C48: =C31/C12 -> 0.59222083 | D48: =D31/D12 -> 0.65184389 | E48: =E31/E12 -> 0.60182293 | F48: =F31/F12 -> 0.59949605 | G48: =G31/G12 -> 0.65643287 | H48: =H31/H12 -> 0.63045681 | I48: =I31/I12 -> 0.72785337 | ... P48: =P31/P12 -> 1.4753125 | R48: =R31/R12 -> 0.71163304 | S48: =S31/S12 -> 0.49623773 | T48: =T31/T12 -> 0.92524418 | U48: =U31/U12 -> 1.5965532 | V48: =V31/V12 -> 1.8285124 | W48: =W31/W12 -> 1.6643064 | X48: =X31/X12 -> 1.182572 | Y48: =Y31/Y12 -> 1.4975711 | AA48: =AA31/AA12 -> 0.68920332 | AB48: =AB31/AB12 -> 0.59041902 | AC48: =AC31/AC12 -> 0.92308042 | AD48: =AD31/AD12 -> 1.5310586 | AE48: =AE31/AE12 -> 1.7437447 | AF48: =AF31/AF12 -> 1.6713966 | AG48: =AG31/AG12 -> 1.1390007 | AH48: =AH31/AH12 -> 1.4703217 | AI48: =AI31/AI12 -> 1.6130056 | AK48: =AK31/AK12 -> 0.59599573 | AL48: =AL31/AL12 -> 0.81451815 | AM48: =AM31/AM12 -> 1.0398331 | AN48: =AN31/AN12 -> 0.76509751 | AO48: =AO31/AO12 -> 0.8792689 | AP48: =AP31/AP12 -> 0.33298859 | AQ48: =AQ31/AQ12 -> 0.20431656 | AR48: =AR31/AR12 -> 0.77932032 | ... BR48: =BR31/BR12 -> 1.8420045
A50: Indústria
A51: Biodiesel (R$/l) | B51: 0 | C51: 0 | D51: 0 | E51: =E34/E15 -> 2.3269865 | F51: =F34/F15 -> 1.9428694 | G51: =G34/G15 -> 2.0294044 | H51: =H34/H15 -> 2.1626679 | I51: =I34/I15 -> 2.6799802 | J51: =J34/J15 -> 2.6535597 | K51: =K34/K15 -> 4.1101333 | L51: =L34/L15 -> 5.6187557 | ... P51: =P34/P15 -> 6.1061386 | R51: =R34/R15 -> 2.3619569 | S51: =S34/S15 -> 2.479919 | T51: =T34/T15 -> 3.6205564 | U51: =U34/U15 -> 5.4384002 | V51: =V34/V15 -> 7.3787424 | W51: =W34/W15 -> 4.8331906 | X51: =X34/X15 -> 4.9880722 | Y51: =Y34/Y15 -> 6.0216019 | AA51: =AA34/AA15 -> 2.3404964 | AB51: =AB34/AB15 -> 2.4709808 | AC51: =AC34/AC15 -> 3.1601762 | AD51: =AD34/AD15 -> 5.2179861 | AE51: =AE34/AE15 -> 7.8981615 | AF51: =AF34/AF15 -> 5.0178435 | AG51: =AG34/AG15 -> 4.7394997 | AH51: =AH34/AH15 -> 5.96844 | AI51: =AI34/AI15 -> 5.6216343 | AK51: =AK34/AK15 -> 2.3299256 | AL51: =AL34/AL15 -> 2.3469179 | AM51: =AM34/AM15 -> 2.3977645 | AN51: =AN34/AN15 -> 3.7048017 | AO51: =AO34/AO15 -> 2.5764236 | AP51: =AP34/AP15 -> 2.3987088 | AQ51: =AQ34/AQ15 -> 2.4945407 | AR51: =AR34/AR15 -> 3.0927436 | ... BR51: =BR34/BR15 -> 5.4759247
A52: Farelo e outros (R$/kg) | B52: 0 | C52: 0 | D52: =D35/D16 -> 1.1883331 | E52: =E35/E16 -> 1.4311295 | F52: =F35/F16 -> 1.4394344 | G52: =G35/G16 -> 1.2400398 | H52: =H35/H16 -> 1.0330743 | I52: =I35/I16 -> 1.2499441 | J52: =J35/J16 -> 1.1578332 | K52: =K35/K16 -> 1.6997083 | ... P52: =P35/P16 -> 1.7605615 | R52: =R35/R16 -> 1.2551607 | S52: =S35/S16 -> 1.146989 | T52: =T35/T16 -> 1.5291026 | U52: =U35/U16 -> 2.2223443 | V52: =V35/V16 -> 2.4882326 | W52: =W35/W16 -> 2.4751857 | X52: =X35/X16 -> 2.097375 | Y52: =Y35/Y16 -> 1.7768201 | AA52: =AA35/AA16 -> 1.2435948 | AB52: =AB35/AB16 -> 1.1411892 | AC52: =AC35/AC16 -> 1.4615766 | AD52: =AD35/AD16 -> 2.2614045 | AE52: =AE35/AE16 -> 2.5095588 | AF52: =AF35/AF16 -> 2.5930401 | AG52: =AG35/AG16 -> 2.0800857 | AH52: =AH35/AH16 -> 1.953022 | AI52: =AI35/AI16 -> 1.7142654 | AK52: =AK35/AK16 -> 1.046259 | AL52: =AL35/AL16 -> 1.3607147 | AM52: =AM35/AM16 -> 1.272581 | AN52: =AN35/AN16 -> 1.2372203 | AO52: =AO35/AO16 -> 1.1052773 | AP52: =AP35/AP16 -> 1.1575039 | AQ52: =AQ35/AQ16 -> 1.1544598 | AR52: =AR35/AR16 -> 1.1805668 | ... BR52: =BR35/BR16 -> 1.6819034
A53: Etanol (mil m³) | AI53: =AI36/AI17 -> 2.0001724 | BR53: =BR36/BR17 -> 2.0001724
A54: DDG e outros (mil ton) | AI54: =AI37/AI18 -> 0.85819733 | BR54: =BR37/BR18 -> 0.85819733
A56: Lucro Bruto | B56: =DRE_ACM!C9/1000 -> 62.553 | C56: =DRE_ACM!D9/1000 -> 62.2 | D56: =DRE_ACM!E9/1000 -> 91.725 | E56: =DRE_ACM!F9/1000 -> 148.931 | F56: =DRE_ACM!G9/1000 -> 169.992 | G56: =DRE_ACM!H9/1000 -> 159.988 | H56: =DRE_ACM!I9/1000 -> 191.26 | I56: =SUM(AK56:AN56) -> 335.358 | J56: =SUM(AO56:AR56) -> 362.977 | K56: =SUM(AS56:AV56) -> 595.207 | L56: =SUM(AW56:AZ56) -> 701.054 | M56: =SUM(BA56:BD56) -> 1043.299 | N56: =SUM(BE56:BH56) -> 1246.006 | O56: =SUM(BI56:BL56) -> 2531.503 | P56: =SUM(BM56:BP56) -> 2484.371 | R56: =SUM(AK56:AM56) -> 234.089 | S56: =SUM(AO56:AQ56) -> 215.734 | T56: =SUM(AS56:AU56) -> 393.593 | U56: =SUM(AW56:AY56) -> 505.783 | V56: =SUM(BA56:BC56) -> 652.519 | W56: =SUM(BE56:BG56) -> 819.278 | X56: =SUM(BI56:BK56) -> 1847.535 | Y56: =SUM(BM56:BO56) -> 1780.106 | AA56: =SUM(AK56:AL56) -> 154.674 | AB56: =SUM(AO56:AP56) -> 110.651 | AC56: =SUM(AS56:AT56) -> 197.481 | AD56: =SUM(AW56:AX56) -> 292.783 | AE56: =SUM(BA56:BB56) -> 411.285 | AF56: =SUM(BE56:BF56) -> 444.404 | AG56: =SUM(BI56:BJ56) -> 1216.981 | AH56: =SUM(BM56:BN56) -> 1235.029 | AI56: =SUM(BQ56:BR56) -> 1446.445 | AK56: =DRE_TRI!C9/1000 -> 58.569 | AL56: =DRE_TRI!D9/1000 -> 96.105 | AM56: =DRE_TRI!E9/1000 -> 79.415 | AN56: =DRE_TRI!F9/1000 -> 101.269 | AO56: =DRE_TRI!H9/1000 -> 54.17 | AP56: =DRE_TRI!I9/1000 -> 56.481 | AQ56: =DRE_TRI!J9/1000 -> 105.083 | AR56: =DRE_TRI!K9/1000 -> 147.243 | AS56: =DRE_TRI!M9/1000 -> 68.254 | AT56: =DRE_TRI!N9/1000 -> 129.227 | AU56: =DRE_TRI!O9/1000 -> 196.112 | AV56: =DRE_TRI!P9/1000 -> 201.614 | AW56: =DRE_TRI!R9/1000 -> 107.245 | AX56: =DRE_TRI!S9/1000 -> 185.538 | AY56: =DRE_TRI!T9/1000 -> 213 | AZ56: =DRE_TRI!U9/1000 -> 195.271 | BA56: =DRE_TRI!W9/1000 -> 158.193 | BB56: =DRE_TRI!X9/1000 -> 253.092 | BC56: =DRE_TRI!Y9/1000 -> 241.234 | BD56: =DRE_TRI!Z9/1000 -> 390.78 | BE56: =DRE_TRI!AB9/1000 -> 260.15595 | BF56: =DRE_TRI!AC9/1000 -> 184.24805 | BG56: =DRE_TRI!AD9/1000 -> 374.874 | BH56: =DRE_TRI!AE9/1000 -> 426.728 | BI56: =DRE_TRI!AG9/1000 -> 500.781 | BJ56: =DRE_TRI!AH9/1000 -> 716.2 | BK56: =DRE_TRI!AI9/1000 -> 630.554 | BL56: =DRE_TRI!AJ9/1000 -> 683.968 | BM56: =DRE_TRI!AL9/1000 -> 511.333 | BN56: =DRE_TRI!AM9/1000 -> 723.696 | BO56: =DRE_TRI!AN9/1000 -> 545.077 | BP56: =DRE_TRI!AO9/1000 -> 704.265 | BQ56: =DRE_TRI!AQ9/1000 -> 651.073 | BR56: =DRE_TRI!AR9/1000 -> 795.372
A57: Margem Bruta | B57: =B56/B20 -> 0.15969049 | C57: =C56/C20 -> 0.12931904 | D57: =D56/D20 -> 0.10172542 | E57: =E56/E20 -> 0.16235765 | F57: =F56/F20 -> 0.15263195 | G57: =G56/G20 -> 0.1403278 | H57: =H56/H20 -> 0.14422773 | I57: =I56/I20 -> 0.17452283 | ... P57: =P56/P20 -> 0.15126749 | R57: =R56/R20 -> 0.17547396 | S57: =S56/S20 -> 0.13890825 | T57: =T56/T20 -> 0.18721452 | U57: =U56/U20 -> 0.13654319 | V57: =V56/V20 -> 0.14278177 | W57: =W56/W20 -> 0.13724641 | X57: =X56/X20 -> 0.20591655 | Y57: =Y56/Y20 -> 0.14764254 | AA57: =AA56/AA20 -> 0.1924205 | AB57: =AB56/AB20 -> 0.11517618 | AC57: =AC56/AC20 -> 0.15743935 | AD57: =AD56/AD20 -> 0.14827061 | AE57: =AE56/AE20 -> 0.14844949 | AF57: =AF56/AF20 -> 0.1246556 | AG57: =AG56/AG20 -> 0.22225157 | AH57: =AH56/AH20 -> 0.17488411 | AI57: =AI56/AI20 -> 0.16238785 | AK57: =AK56/AK20 -> 0.17502341 | AL57: =AL56/AL20 -> 0.20482822 | AM57: =AM56/AM20 -> 0.14978166 | AN57: =AN56/AN20 -> 0.1723632 | AO57: =AO56/AO20 -> 0.1207248 | AP57: =AP56/AP20 -> 0.11031352 | AQ57: =AQ56/AQ20 -> 0.17739794 | AR57: =AR56/AR20 -> 0.21448277 | ... BR57: =BR56/BR20 -> 0.16921371
A59: Lucro Bruto Ajustado | B59: =SUM(B60,B61,B62) -> 62.553027 | C59: =SUM(C60,C61,C62) -> 62.200405 | D59: =SUM(D60,D61,D62) -> 91.725088 | E59: =SUM(E60,E61,E62) -> 148.93064 | F59: =SUM(F60,F61,F62) -> 169.992 | G59: =SUM(G60,G61,G62) -> 173.95432 | H59: =SUM(H60,H61,H62) -> 183.2721 | I59: =SUM(AK59:AN59) -> 367.893 | J59: =SUM(AO59:AR59) -> 363.307 | K59: =SUM(AS59:AV59) -> 579.38404 | L59: =SUM(AW59:AZ59) -> 814.925 | M59: =SUM(BA59:BD59) -> 1090.999 | N59: =SUM(BE59:BH59) -> 1230.1343 | O59: =SUM(BI59:BL59) -> 2164.4037 | P59: =SUM(BM59:BP59) -> 2544.8305 | R59: =SUM(AK59:AM59) -> 234.089 | S59: =SUM(AO59:AQ59) -> 216.458 | T59: =SUM(AS59:AU59) -> 365.55665 | U59: =SUM(AW59:AY59) -> 525.93 | V59: =SUM(BA59:BC59) -> 654.676 | W59: =SUM(BE59:BG59) -> 733.52798 | X59: =SUM(BI59:BK59) -> 1436.0852 | Y59: =SUM(BM59:BO59) -> 1888.7755 | AA59: =SUM(AK59:AL59) -> 154.674 | AB59: =SUM(AO59:AP59) -> 107.188 | AC59: =SUM(AS59:AT59) -> 184.42315 | AD59: =SUM(AW59:AX59) -> 284.809 | AE59: =SUM(BA59:BB59) -> 387.255 | AF59: =SUM(BE59:BF59) -> 419.99504 | AG59: =SUM(BI59:BJ59) -> 828.93536 | AH59: =SUM(BM59:BN59) -> 1211.4115 | AI59: =SUM(BQ59:BR59) -> 1337.8382 | AK59: =AK60+AK61+AK62 -> 58.569 | AL59: =AL60+AL61+AL62 -> 96.105 | AM59: =AM60+AM61+AM62 -> 79.415 | AN59: =AN60+AN61+AN62 -> 133.804 | AO59: =AO60+AO61+AO62 -> 55.621 | AP59: =AP60+AP61+AP62 -> 51.567 | AQ59: =AQ60+AQ61+AQ62 -> 109.27 | AR59: =AR60+AR61+AR62 -> 146.849 | ... BR59: =BR60+BR61+BR62 -> 529.64151
A60: Insumos | B60: 24.138172 | C60: 25.704325 | D60: 26.84764 | E60: 75.692635 | F60: 62.445498 | G60: 90.592469 | H60: 98.9463 | I60: =SUM(AK60:AN60) -> 170.748 | J60: =SUM(AO60:AR60) -> 192.81 | K60: =SUM(AS60:AV60) -> 185.34608 | L60: =SUM(AW60:AZ60) -> 366.74 | M60: =SUM(BA60:BD60) -> 600.673 | N60: =SUM(BE60:BH60) -> 446.90351 | O60: =SUM(BI60:BL60) -> 508.3184 | P60: =SUM(BM60:BP60) -> 687.05772 | R60: =SUM(AK60:AM60) -> 66.477 | S60: =SUM(AO60:AQ60) -> 100.091 | T60: =SUM(AS60:AU60) -> 95.397231 | U60: =SUM(AW60:AY60) -> 181.113 | V60: =SUM(BA60:BC60) -> 314.46 | W60: =SUM(BE60:BG60) -> 257.15784 | X60: =SUM(BI60:BK60) -> 267.36523 | Y60: =SUM(BM60:BO60) -> 382.51572 | AA60: =SUM(AK60:AL60) -> 35.875 | AB60: =SUM(AO60:AP60) -> 42.885 | AC60: =SUM(AS60:AT60) -> 40.67804 | AD60: =SUM(AW60:AX60) -> 85.231 | AE60: =SUM(BA60:BB60) -> 158.132 | AF60: =SUM(BE60:BF60) -> 134.67105 | AG60: =SUM(BI60:BJ60) -> 153.27646 | AH60: =SUM(BM60:BN60) -> 184.79872 | AI60: =SUM(BQ60:BR60) -> 284.51763 | AK60: 27.596 | AL60: 8.279 | AM60: 30.602 | AN60: 104.271 | AO60: 31.745 | AP60: 11.14 | AQ60: 57.206 | AR60: 92.719 | AS60: 31.396977 | AT60: 9.2810627 | AU60: 54.719191 | AV60: 89.948851 | AW60: 48.422 | AX60: 36.809 | AY60: 95.882 | AZ60: 185.627 | BA60: 78.322 | BB60: 79.81 | BC60: 156.328 | BD60: 286.213 | BE60: 78.866 | BF60: 55.805049 | BG60: 122.48679 | BH60: 189.74567 | BI60: 116.86146 | BJ60: 36.415 | BK60: 114.08878 | BL60: 240.95317 | BM60: 113.44972 | BN60: 71.349 | BO60: 197.717 | BP60: 304.542 | BQ60: 188.211 | BR60: 96.306634
A61: Grãos | B61: 38.414855 | C61: 36.496079 | D61: 25.124354 | E61: 27.076632 | F61: 30.078501 | G61: 20.363402 | H61: 37.257868 | I61: =SUM(AK61:AN61) -> 41.432 | J61: =SUM(AO61:AR61) -> 54.523 | K61: =SUM(AS61:AV61) -> 51.578813 | L61: =SUM(AW61:AZ61) -> 111.663 | M61: =SUM(BA61:BD61) -> 133.545 | N61: =SUM(BE61:BH61) -> 157.91835 | O61: =SUM(BI61:BL61) -> 343.40615 | P61: =SUM(BM61:BP61) -> 548.31072 | R61: =SUM(AK61:AM61) -> 43.998 | S61: =SUM(AO61:AQ61) -> 59.482 | T61: =SUM(AS61:AU61) -> 39.864526 | U61: =SUM(AW61:AY61) -> 79.448 | V61: =SUM(BA61:BC61) -> 79.915 | W61: =SUM(BE61:BG61) -> 128.03514 | X61: =SUM(BI61:BK61) -> 224.8801 | Y61: =SUM(BM61:BO61) -> 416.85372 | AA61: =SUM(AK61:AL61) -> 37.533 | AB61: =SUM(AO61:AP61) -> 37.501 | AC61: =SUM(AS61:AT61) -> 32.957843 | AD61: =SUM(AW61:AX61) -> 38.96 | AE61: =SUM(BA61:BB61) -> 53.821 | AF61: =SUM(BE61:BF61) -> 89.086957 | AG61: =SUM(BI61:BJ61) -> 112.2791 | AH61: =SUM(BM61:BN61) -> 212.97472 | AI61: =SUM(BQ61:BR61) -> 448.73884 | AK61: 9.563 | AL61: 27.97 | AM61: 6.465 | AN61: -2.566 | AO61: 14.624 | AP61: 22.877 | AQ61: 21.981 | AR61: -4.959 | AS61: 12.266378 | AT61: 20.691465 | AU61: 6.9066826 | AV61: 11.714288 | AW61: 8.967 | AX61: 29.993 | AY61: 40.488 | AZ61: 32.215 | BA61: 36.654 | BB61: 17.167 | BC61: 26.094 | BD61: 53.63 | BE61: 51.63 | BF61: 37.456957 | BG61: 38.948186 | BH61: 29.883204 | BI61: 62.812101 | BJ61: 49.467 | BK61: 112.601 | BL61: 118.52605 | BM61: 124.46972 | BN61: 88.505 | BO61: 203.879 | BP61: 131.457 | BQ61: 260.219 | BR61: 188.51984
A62: Indústria | B62: 0 | C62: 0 | D62: 39.753094 | E62: 46.161369 | F62: 77.468001 | G62: 62.998446 | H62: 47.067934 | I62: =SUM(AK62:AN62) -> 155.713 | J62: =SUM(AO62:AR62) -> 115.974 | K62: =SUM(AS62:AV62) -> 342.45915 | L62: =SUM(AW62:AZ62) -> 336.522 | M62: =SUM(BA62:BD62) -> 356.781 | N62: =SUM(BE62:BH62) -> 625.31243 | O62: =SUM(BI62:BL62) -> 1312.6792 | P62: =SUM(BM62:BP62) -> 1309.4621 | R62: =SUM(AK62:AM62) -> 123.614 | S62: =SUM(AO62:AQ62) -> 56.885 | T62: =SUM(AS62:AU62) -> 230.2949 | U62: =SUM(AW62:AY62) -> 265.369 | V62: =SUM(BA62:BC62) -> 260.301 | W62: =SUM(BE62:BG62) -> 348.335 | X62: =SUM(BI62:BK62) -> 943.83985 | Y62: =SUM(BM62:BO62) -> 1089.4061 | AA62: =SUM(AK62:AL62) -> 81.266 | AB62: =SUM(AO62:AP62) -> 26.802 | AC62: =SUM(AS62:AT62) -> 110.78726 | AD62: =SUM(AW62:AX62) -> 160.618 | AE62: =SUM(BA62:BB62) -> 175.302 | AF62: =SUM(BE62:BF62) -> 196.23703 | AG62: =SUM(BI62:BJ62) -> 563.3798 | AH62: =SUM(BM62:BN62) -> 813.6381 | AI62: =SUM(BQ62:BR62) -> 604.58171 | AK62: 21.41 | AL62: 59.856 | AM62: 42.348 | AN62: 32.099 | AO62: 9.252 | AP62: 17.55 | AQ62: 30.083 | AR62: 59.089 | AS62: 33.016731 | AT62: 77.770532 | AU62: 119.50763 | AV62: 112.16425 | AW62: 64.509 | AX62: 96.109 | AY62: 104.751 | AZ62: 71.153 | BA62: 84.776 | BB62: 90.526 | BC62: 84.999 | BD62: 96.48 | BE62: 114.905 | BF62: 81.332032 | BG62: 152.09797 | BH62: 276.97743 | BI62: 250.1878 | BJ62: 313.192 | BK62: 380.46005 | BL62: 368.83934 | BM62: 397.5621 | BN62: 416.076 | BO62: 275.768 | BP62: 220.056 | BQ62: 359.76667 | BR62: 244.81505
A64: Lucro Bruto Ajustado c/ Hedge | B64: =B59+B65 -> 62.553027 | C64: =C59+C65 -> 62.200405 | D64: =D59+D65 -> 91.725088 | E64: =E59+E65 -> 148.93064 | F64: =F59+F65 -> 169.992 | G64: =G59+G65 -> 173.95432 | H64: =H59+H65 -> 183.2721 | I64: =I59+I65 -> 367.893 | ... M64: =M59+M65 -> 1090.999 | N64: =(N59+N65) -> 1220.0163 | O64: =O59+O65 -> 2192.7957 | P64: =P59+P65 -> 2850.6505 | R64: 0 | S64: 0 | T64: 0 | U64: 0 | V64: 0 | W64: =W59+W65 -> 733.52798 | X64: =X59+X65 -> 1472.4472 | Y64: =Y59+Y65 -> 2039.2185 | AA64: 0 | AB64: 0 | AC64: 0 | AD64: 0 | AE64: 0 | AF64: =AF59+AF65 -> 419.99504 | AG64: =AG59+AG65 -> 851.16236 | AH64: =AH59+AH65 -> 1159.2795 | AI64: =AI59+AI65 -> 1576.0682 | AK64: 0 | AL64: 0 | AM64: 0 | AN64: 0 | AO64: 0 | AP64: 0 | AQ64: 0 | AR64: 0 | AS64: 0 | AT64: 0 | AU64: 0 | AV64: 0 | AW64: 0 | AX64: 0 | AY64: 0 | AZ64: 0 | BA64: 0 | BB64: 0 | BC64: 0 | BD64: 0 | BE64: =BE59+BE65 -> 245.401 | BF64: =BF59+BF65 -> 174.59404 | BG64: =BG59+BG65 -> 313.53295 | BH64: =BH59+BH65 -> 496.6063 | BI64: =BI59+BI65 -> 459.73336 | BJ64: =BJ59+BJ65 -> 391.429 | BK64: =BK59+BK65 -> 621.28483 | BL64: =BL59+BL65 -> 720.34856 | ... BR64: =BR59+BR65 -> 669.45351
A65: Hedge | B65: 0 | C65: 0 | D65: 0 | E65: 0 | F65: 0 | G65: 0 | H65: 0 | I65: 0 | J65: 0 | K65: 0 | L65: 0 | M65: 0 | N65: -10.118 | O65: =SUM(BI65:BL65) -> 28.392 | P65: =SUM(BM65:BP65) -> 305.82 | R65: 0 | S65: 0 | T65: 0 | U65: 0 | V65: 0 | W65: =SUM(BE65:BG65) -> 0 | X65: =SUM(BI65:BK65) -> 36.362 | Y65: =SUM(BM65:BO65) -> 150.443 | AA65: 0 | AB65: 0 | AC65: 0 | AD65: 0 | AE65: 0 | AF65: =SUM(BE65:BF65) -> 0 | AG65: =SUM(BI65:BJ65) -> 22.227 | AH65: =SUM(BM65:BN65) -> -52.132 | AI65: =SUM(BQ65:BR65) -> 238.23 | AK65: 0 | AL65: 0 | AM65: 0 | AN65: 0 | AO65: 0 | AP65: 0 | AQ65: 0 | AR65: 0 | AS65: 0 | AT65: 0 | AU65: 0 | AV65: 0 | AW65: 0 | AX65: 0 | AY65: 0 | AZ65: 0 | BA65: 0 | BB65: 0 | BC65: 0 | BD65: 0 | BE65: 0 | BF65: 0 | BG65: 0 | BH65: 0 | BI65: =29872/1000 -> 29.872 | BJ65: =-7645/1000 -> -7.645 | BK65: =14135/1000 -> 14.135 | BL65: =-7970/1000 -> -7.97 | BM65: -90.266 | BN65: 38.134 | BO65: 202.575 | BP65: 155.377 | BQ65: 98.418 | BR65: 139.812
A67: Margem Bruta Ajustada | B67: =B59/B20 -> 0.15969056 | C67: =C59/C20 -> 0.12931988 | D67: =D59/D20 -> 0.10172552 | E67: =E59/E20 -> 0.16235726 | F67: =F59/F20 -> 0.15263195 | G67: =G59/G20 -> 0.15257786 | H67: =H59/H20 -> 0.13820412 | I67: =I59/I20 -> 0.19145429 | ... P67: =P59/P20 -> 0.15494873 | R67: =R59/R20 -> 0.17547396 | S67: =S59/S20 -> 0.13937443 | T67: =T59/T20 -> 0.17387889 | U67: =U59/U20 -> 0.14198215 | V67: =V59/V20 -> 0.14325376 | W67: =W59/W20 -> 0.12288147 | X67: =X59/X20 -> 0.16005851 | Y67: =Y59/Y20 -> 0.15665562 | AA67: =AA59/AA20 -> 0.1924205 | AB67: =AB59/AB20 -> 0.11157156 | AC67: =AC59/AC20 -> 0.14702913 | AD67: =AD59/AD20 -> 0.14423243 | AE67: =AE59/AE20 -> 0.13977608 | AF67: =AF59/AF20 -> 0.11780887 | AG67: =AG59/AG20 -> 0.1513846 | AH67: =AH59/AH20 -> 0.1715398 | AI67: =AI59/AI20 -> 0.1501949 | AK67: =AK59/AK20 -> 0.17502341 | AL67: =AL59/AL20 -> 0.20482822 | AM67: =AM59/AM20 -> 0.14978166 | AN67: =AN59/AN20 -> 0.22773885 | AO67: =AO59/AO20 -> 0.12395854 | AP67: =AP59/AP20 -> 0.10071595 | AQ67: =AQ59/AQ20 -> 0.18446631 | AR67: =AR59/AR20 -> 0.21390884 | ... BR67: =BR59/BR20 -> 0.11268011
A68: Insumos | B68: =B60/B23 -> 0.21787413 | C68: =C60/C23 -> 0.16473626 | D68: =D60/D23 -> 0.11320453 | E68: =E60/E23 -> 0.26235047 | F68: =F60/F23 -> 0.22003269 | G68: =G60/G23 -> 0.24385853 | H68: =H60/H23 -> 0.23766687 | I68: =I60/I23 -> 0.27908893 | ... P68: =P60/P23 -> 0.20150445 | R68: =R60/R23 -> 0.20023645 | S68: =S60/S23 -> 0.22540719 | T68: =T60/T23 -> 0.16886799 | U68: =U60/U23 -> 0.2023765 | V68: =V60/V23 -> 0.20911262 | W68: =W60/W23 -> 0.16930572 | X68: =X60/X23 -> 0.16759681 | Y68: =Y60/Y23 -> 0.18237062 | AA68: =AA60/AA23 -> 0.19721722 | AB68: =AB60/AB23 -> 0.17573655 | AC68: =AC60/AC23 -> 0.15428714 | AD68: =AD60/AD23 -> 0.18906191 | AE68: =AE60/AE23 -> 0.21431572 | AF68: =AF60/AF23 -> 0.17160251 | AG68: =AG60/AG23 -> 0.18294887 | AH68: =AH60/AH23 -> 0.18159833 | AI68: =AI60/AI23 -> 0.21653826 | AK68: =AK60/AK23 -> 0.18522362 | AL68: =AL60/AL23 -> 0.25149961 | AM68: =AM60/AM23 -> 0.20389578 | AN68: =AN60/AN23 -> 0.37264598 | AO68: =AO60/AO23 -> 0.16665422 | AP68: =AP60/AP23 -> 0.20804604 | AQ68: =AQ60/AQ23 -> 0.28600822 | AR68: =AR60/AR23 -> 0.33312649 | ... BR68: =BR60/BR23 -> 0.19762106
A69: Grãos | B69: =B61/B28 -> 0.13674442 | C69: =C61/C28 -> 0.11231367 | D69: =D61/D28 -> 0.053908843 | E69: =E61/E28 -> 0.12047873 | F69: =F61/F28 -> 0.10337001 | G69: =G61/G28 -> 0.06180542 | H69: =H61/H28 -> 0.092956489 | I69: =I61/I28 -> 0.09368711 | ... P69: =P61/P28 -> 0.10473774 | R69: =R61/R28 -> 0.11057138 | S69: =S61/S28 -> 0.14992313 | T69: =T61/T28 -> 0.091782775 | U69: =U61/U28 -> 0.073756369 | V69: =V61/V28 -> 0.076004565 | W69: =W61/W28 -> 0.089993954 | X69: =X61/X28 -> 0.096011941 | Y69: =Y61/Y28 -> 0.10401233 | AA69: =AA61/AA28 -> 0.14628456 | AB69: =AB61/AB28 -> 0.12430773 | AC69: =AC61/AC28 -> 0.093376644 | AD69: =AD61/AD28 -> 0.081529302 | AE69: =AE61/AE28 -> 0.0866334 | AF69: =AF61/AF28 -> 0.08633518 | AG69: =AG61/AG28 -> 0.077072381 | AH69: =AH61/AH28 -> 0.092658797 | AI69: =AI61/AI28 -> 0.12229776 | AK69: =AK61/AK28 -> 0.15401648 | AL69: =AL61/AL28 -> 0.14381608 | AM69: =AM61/AM28 -> 0.04574089 | AN69: =AN61/AN28 -> -0.057893049 | AO69: =AO61/AO28 -> 0.13060028 | AP69: =AP61/AP28 -> 0.12059347 | AQ69: =AQ61/AQ28 -> 0.23120552 | AR69: =AR61/AR28 -> -0.085666903 | ... BR69: =BR61/BR28 -> 0.085576136
A70: Indústria | E70: =E62/E33 -> 0.11424872 | F70: =F62/F33 -> 0.14373662 | G70: =G62/G33 -> 0.14346195 | H70: =H62/H33 -> 0.092477923 | I70: =I62/I33 -> 0.17949046 | J70: =J62/J33 -> 0.10914594 | K70: =K62/K33 -> 0.20074382 | L70: =L62/L33 -> 0.14063325 | ... P70: =P62/P33 -> 0.16833359 | R70: =R62/R33 -> 0.20461456 | S70: =S62/S33 -> 0.079864041 | T70: =T62/T33 -> 0.20876949 | U70: =U62/U33 -> 0.1532066 | V70: =V62/V33 -> 0.1197217 | W70: =W62/W33 -> 0.11504596 | X70: =X62/X33 -> 0.18746497 | Y70: =Y62/Y33 -> 0.18304218 | AA70: =AA62/AA33 -> 0.22243207 | AB70: =AB62/AB33 -> 0.064582821 | AC70: =AC62/AC33 -> 0.17372312 | AD70: =AD62/AD33 -> 0.15355772 | AE70: =AE62/AE33 -> 0.12420061 | AF70: =AF62/AF33 -> 0.11223829 | AG70: =AG62/AG33 -> 0.17710329 | AH70: =AH62/AH33 -> 0.21720891 | AI70: =AI62/AI33 -> 0.15406579 | AK70: =AK62/AK33 -> 0.17328035 | AL70: =AL62/AL33 -> 0.24754854 | AM70: =AM62/AM33 -> 0.17735228 | AN70: =AN62/AN33 -> 0.12186547 | AO70: =AO62/AO33 -> 0.063262836 | AP70: =AP62/AP33 -> 0.065301111 | AQ70: =AQ62/AQ33 -> 0.10119722 | AR70: =AR62/AR33 -> 0.16868787 | ... BR70: =BR62/BR33 -> 0.12179121
A72: Margem Bruta Ajustada c/ Hedge | B72: =B64/B20 -> 0.15969056 | C72: =C64/C20 -> 0.12931988 | D72: =D64/D20 -> 0.10172552 | E72: =E64/E20 -> 0.16235726 | F72: =F64/F20 -> 0.15263195 | G72: =G64/G20 -> 0.15257786 | H72: =H64/H20 -> 0.13820412 | I72: =I64/I20 -> 0.19145429 | ... P72: =P64/P20 -> 0.17356939 | R72: =R64/R20 -> 0 | S72: =S64/S20 -> 0 | T72: =T64/T20 -> 0 | U72: =U64/U20 -> 0 | V72: =V64/V20 -> 0 | W72: =W64/W20 -> 0.12288147 | X72: =X64/X20 -> 0.16411123 | Y72: =Y64/Y20 -> 0.16913341 | AA72: =AA64/AA20 -> 0 | AB72: =AB64/AB20 -> 0 | AC72: =AC64/AC20 -> 0 | AD72: =AD64/AD20 -> 0 | AE72: =AE64/AE20 -> 0 | AF72: =AF64/AF20 -> 0.11780887 | AG72: =AG64/AG20 -> 0.15544382 | AH72: =AH64/AH20 -> 0.16415774 | AI72: =AI64/AI20 -> 0.17694024 | AK72: =AK64/AK20 -> 0 | AL72: =AL64/AL20 -> 0 | AM72: =AM64/AM20 -> 0 | AN72: =AN64/AN20 -> 0 | AO72: =AO64/AO20 -> 0 | AP72: =AP64/AP20 -> 0 | AQ72: =AQ64/AQ20 -> 0 | AR72: =AR64/AR20 -> 0 | ... BR72: =BR64/BR20 -> 0.14242482
A74: SG&A | B74: =DRE_ACM!C10/1000 -> -26.009 | C74: =DRE_ACM!D10/1000 -> -28.447 | D74: =DRE_ACM!E10/1000 -> -40.662 | E74: =DRE_ACM!F10/1000 -> -69.873 | F74: =DRE_ACM!G10/1000 -> -76.853 | G74: =DRE_ACM!H10/1000 -> -90.091 | H74: =DRE_ACM!I10/1000 -> -117.393 | I74: =SUM(AK74:AN74) -> -157.132 | J74: =SUM(AO74:AR74) -> -190.159 | K74: =SUM(AS74:AV74) -> -199.412 | L74: =SUM(AW74:AZ74) -> -347.46 | M74: =SUM(BA74:BD74) -> -505.648 | N74: =SUM(BE74:BH74) -> -804.316 | O74: =SUM(BI74:BL74) -> -1286.205 | P74: =SUM(BM74:BP74) -> -1945.383 | R74: =SUM(AK74:AM74) -> -106.058 | S74: =SUM(AO74:AQ74) -> -139.459 | T74: =SUM(AS74:AU74) -> -164.902 | U74: =SUM(AW74:AY74) -> -228.027 | V74: =SUM(BA74:BC74) -> -353.21 | W74: =SUM(BE74:BG74) -> -506.05 | X74: =SUM(BI74:BK74) -> -941.815 | Y74: =SUM(BM74:BO74) -> -1338.505 | AA74: =SUM(AK74:AL74) -> -66.024 | AB74: =SUM(AO74:AP74) -> -76.913 | AC74: =SUM(AS74:AT74) -> -95.363 | AD74: =SUM(AW74:AX74) -> -127.3 | AE74: =SUM(BA74:BB74) -> -210.995 | AF74: =SUM(BE74:BF74) -> -292.902 | AG74: =SUM(BI74:BJ74) -> -652.463 | AH74: =SUM(BM74:BN74) -> -797.175 | AI74: =SUM(BQ74:BR74) -> -1185.388 | AK74: =DRE_TRI!C10/1000 -> -26.143 | AL74: =DRE_TRI!D10/1000 -> -39.881 | AM74: =DRE_TRI!E10/1000 -> -40.034 | AN74: =DRE_TRI!F10/1000 -> -51.074 | AO74: =DRE_TRI!H10/1000 -> -36.614 | AP74: =DRE_TRI!I10/1000 -> -40.299 | AQ74: =DRE_TRI!J10/1000 -> -62.546 | AR74: =DRE_TRI!K10/1000 -> -50.7 | AS74: =DRE_TRI!M10/1000 -> -39.675 | AT74: =DRE_TRI!N10/1000 -> -55.688 | AU74: =DRE_TRI!O10/1000 -> -69.539 | AV74: =DRE_TRI!P10/1000 -> -34.51 | AW74: =DRE_TRI!R10/1000 -> -57.271 | AX74: =DRE_TRI!S10/1000 -> -70.029 | AY74: =DRE_TRI!T10/1000 -> -100.727 | AZ74: =DRE_TRI!U10/1000 -> -119.433 | BA74: =DRE_TRI!W10/1000 -> -111.693 | BB74: =DRE_TRI!X10/1000 -> -99.302 | BC74: =DRE_TRI!Y10/1000 -> -142.215 | BD74: =DRE_TRI!Z10/1000 -> -152.438 | BE74: =DRE_TRI!AB10/1000 -> -149.49399 | BF74: =DRE_TRI!AC10/1000 -> -143.40801 | BG74: =DRE_TRI!AD10/1000 -> -213.148 | BH74: =DRE_TRI!AE10/1000 -> -298.266 | BI74: =DRE_TRI!AG10/1000 -> -314.877 | BJ74: =DRE_TRI!AH10/1000 -> -337.586 | BK74: =DRE_TRI!AI10/1000 -> -289.352 | BL74: =DRE_TRI!AJ10/1000 -> -344.39 | BM74: =DRE_TRI!AL10/1000 -> -374.396 | BN74: =DRE_TRI!AM10/1000 -> -422.779 | BO74: =DRE_TRI!AN10/1000 -> -541.33 | BP74: =DRE_TRI!AO10/1000 -> -606.878 | BQ74: =DRE_TRI!AQ10/1000 -> -548.459 | BR74: =DRE_TRI!AR10/1000 -> -636.929
A75: %/ROL | B75: =B74/B20 -> -0.066397933 | C75: =C74/C20 -> -0.059143708 | D75: =D74/D20 -> -0.045095221 | E75: =E74/E20 -> -0.076172297 | F75: =F74/F20 -> -0.069004559 | G75: =G74/G20 -> -0.079020123 | H75: =H74/H20 -> -0.088525182 | I75: =I74/I20 -> -0.081772675 | ... P75: =P74/P20 -> -0.11844978 | R75: =R74/R20 -> -0.07950146 | S75: =S74/S20 -> -0.089795794 | T75: =T74/T20 -> -0.078436479 | U75: =U74/U20 -> -0.061559074 | V75: =V74/V20 -> -0.077288094 | W75: =W74/W20 -> -0.08477409 | X75: =X74/X20 -> -0.10496975 | Y75: =Y74/Y20 -> -0.11101601 | AA75: =AA74/AA20 -> -0.082136434 | AB75: =AB74/AB20 -> -0.080058432 | AC75: =AC74/AC20 -> -0.076027001 | AD75: =AD74/AD20 -> -0.064467023 | AE75: =AE74/AE20 -> -0.076156679 | AF75: =AF74/AF20 -> -0.082159192 | AG75: =AG74/AG20 -> -0.11915628 | AH75: =AH74/AH20 -> -0.11288257 | AI75: =AI74/AI20 -> -0.1330798 | AK75: =AK74/AK20 -> -0.07812387 | AL75: =AL74/AL20 -> -0.084998222 | AM75: =AM74/AM20 -> -0.075506629 | AN75: =AN74/AN20 -> -0.086929644 | AO75: =AO74/AO20 -> -0.081599 | AP75: =AP74/AP20 -> -0.07870832 | AQ75: =AQ74/AQ20 -> -0.10558827 | AR75: =AR74/AR20 -> -0.073852585 | ... BR75: =BR74/BR20 -> -0.13550529
A77: Resultado Financeiro líquido | B77: =SUM(B78:B79) -> -22.115 | C77: =SUM(C78:C79) -> -18.347 | D77: =SUM(D78:D79) -> -36.963 | E77: =SUM(E78:E79) -> -42.068 | F77: =SUM(F78:F79) -> -77.137 | G77: =SUM(G78:G79) -> -28.956 | H77: =SUM(H78:H79) -> -46.555 | I77: =SUM(I78:I79) -> -40.205 | ... M77: =SUM(M78:M79) -> 2.67 | N77: =SUM(BE77:BH77) -> -12.97 | O77: =SUM(BI77:BL77) -> -244.272 | P77: =SUM(BM77:BP77) -> 497.036 | R77: =SUM(R78:R79) -> -56.514 | S77: =SUM(S78:S79) -> -4.321 | T77: =SUM(T78:T79) -> -46.607 | U77: =SUM(U78:U79) -> 4.074 | V77: =SUM(V78:V79) -> 14.742 | W77: =SUM(W78:W79) -> -45.733 | X77: =SUM(X78:X79) -> -57.818 | Y77: =SUM(Y78:Y79) -> 511.023 | AA77: =SUM(AA78:AA79) -> -39.683 | AB77: =SUM(AB78:AB79) -> 6.708 | AC77: =SUM(AC78:AC79) -> -59.367 | AD77: =SUM(AD78:AD79) -> 19.382 | AE77: =SUM(AE78:AE79) -> 12.162 | AF77: =SUM(AF78:AF79) -> 0.675 | AG77: =SUM(AG78:AG79) -> -171.169 | AH77: =SUM(AH78:AH79) -> 261.816 | AI77: =SUM(AI78:AI79) -> 58.726 | AK77: =SUM(AK78:AK79) -> -12.656 | AL77: =SUM(AL78:AL79) -> -27.027 | AM77: =SUM(AM78:AM79) -> -16.831 | AN77: =SUM(AN78:AN79) -> 16.309 | AO77: =SUM(AO78:AO79) -> -2.653 | AP77: =SUM(AP78:AP79) -> 9.361 | AQ77: =SUM(AQ78:AQ79) -> -11.029 | AR77: =SUM(AR78:AR79) -> -19.073 | ... BR77: =SUM(BR78:BR79) -> 69.125
A78: Receitas financeiras líquidas | B78: =DRE_ACM!C17/1000 -> 27.695 | C78: =DRE_ACM!D17/1000 -> 43.56 | D78: =DRE_ACM!E17/1000 -> 45.048 | E78: =DRE_ACM!F17/1000 -> 60.297 | F78: =DRE_ACM!G17/1000 -> 47.607 | G78: =DRE_ACM!H17/1000 -> 52.415 | H78: =DRE_ACM!I17/1000 -> 37.152 | I78: =SUM(AK78:AN78) -> 49.39 | J78: =SUM(AO78:AR78) -> 73.083 | K78: =SUM(AS78:AV78) -> 118.48 | L78: =SUM(AW78:AZ78) -> 207.769 | M78: =SUM(BA78:BD78) -> 318.952 | N78: =SUM(BE78:BH78) -> 382.546 | O78: =SUM(BI78:BL78) -> 1100.714 | P78: =SUM(BM78:BP78) -> 983.614 | R78: =SUM(AK78:AM78) -> 41.23 | S78: =SUM(AO78:AQ78) -> 67.903 | T78: =SUM(AS78:AU78) -> 105.107 | U78: =SUM(AW78:AY78) -> 155.766 | V78: =SUM(BA78:BC78) -> 255.181 | W78: =SUM(BE78:BG78) -> 272.012 | X78: 212.677 | Y78: 837.03 | AA78: =SUM(AK78:AL78) -> 34.35 | AB78: =SUM(AO78:AP78) -> 43.603 | AC78: =SUM(AS78:AT78) -> 58.015 | AD78: =SUM(AW78:AX78) -> 103.135 | AE78: =SUM(BA78:BB78) -> 191.917 | AF78: =SUM(BE78:BF78) -> 176.059 | AG78: =SUM(BI78:BJ78) -> 247.9 | AH78: =SUM(BM78:BN78) -> 633.019 | AI78: =SUM(BQ78:BR78) -> 518.663 | AK78: =DRE_TRI!C16/1000 -> 7.604 | AL78: =DRE_TRI!D16/1000 -> 26.746 | AM78: =DRE_TRI!E16/1000 -> 6.88 | AN78: =DRE_TRI!F16/1000 -> 8.16 | AO78: =DRE_TRI!H16/1000 -> 17.03 | AP78: =DRE_TRI!I16/1000 -> 26.573 | AQ78: =DRE_TRI!J16/1000 -> 24.3 | AR78: =DRE_TRI!K16/1000 -> 5.18 | AS78: =DRE_TRI!M16/1000 -> 32.403 | AT78: =DRE_TRI!N16/1000 -> 25.612 | AU78: =DRE_TRI!O16/1000 -> 47.092 | AV78: =DRE_TRI!P16/1000 -> 13.373 | AW78: =DRE_TRI!R16/1000 -> 30.47 | AX78: =DRE_TRI!S16/1000 -> 72.665 | AY78: =DRE_TRI!T16/1000 -> 52.631 | AZ78: =DRE_TRI!U16/1000 -> 52.003 | BA78: =DRE_TRI!W16/1000 -> 80.077 | BB78: =DRE_TRI!X16/1000 -> 111.84 | BC78: =DRE_TRI!Y16/1000 -> 63.264 | BD78: =DRE_TRI!Z16/1000 -> 63.771 | BE78: =DRE_TRI!AB16/1000 -> 62.275 | BF78: =DRE_TRI!AC16/1000 -> 113.784 | BG78: =DRE_TRI!AD16/1000 -> 95.953 | BH78: =DRE_TRI!AE16/1000 -> 110.534 | BI78: =DRE_TRI!AG16/1000 -> 90.811 | BJ78: =DRE_TRI!AH16/1000 -> 157.089 | BK78: =DRE_TRI!AI16/1000 -> 303.231 | BL78: =DRE_TRI!AJ16/1000 -> 549.583 | BM78: =DRE_TRI!AL16/1000 -> 331.66 | BN78: =DRE_TRI!AM16/1000 -> 301.359 | BO78: =DRE_TRI!AN16/1000 -> 331.739 | BP78: =DRE_TRI!AO16/1000 -> 18.856 | BQ78: =DRE_TRI!AQ16/1000 -> 252.742 | BR78: =DRE_TRI!AR16/1000 -> 265.921
A79: Despesas financeiras líquidas | B79: =DRE_ACM!C18/1000 -> -49.81 | C79: =DRE_ACM!D18/1000 -> -61.907 | D79: =DRE_ACM!E18/1000 -> -82.011 | E79: =DRE_ACM!F18/1000 -> -102.365 | F79: =DRE_ACM!G18/1000 -> -124.744 | G79: =DRE_ACM!H18/1000 -> -81.371 | H79: =DRE_ACM!I18/1000 -> -83.707 | I79: =SUM(AK79:AN79) -> -89.595 | J79: =SUM(AO79:AR79) -> -96.477 | K79: =SUM(AS79:AV79) -> -191.972 | L79: =SUM(AW79:AZ79) -> -181.526 | M79: =SUM(BA79:BD79) -> -316.282 | N79: =SUM(BE79:BH79) -> -395.516 | O79: =SUM(BI79:BL79) -> -1344.986 | P79: =SUM(BM79:BP79) -> -486.578 | R79: =SUM(AK79:AM79) -> -97.744 | S79: =SUM(AO79:AQ79) -> -72.224 | T79: =SUM(AS79:AU79) -> -151.714 | U79: =SUM(AW79:AY79) -> -151.692 | V79: =SUM(BA79:BC79) -> -240.439 | W79: =SUM(BE79:BG79) -> -317.745 | X79: -270.495 | Y79: -326.007 | AA79: =SUM(AK79:AL79) -> -74.033 | AB79: =SUM(AO79:AP79) -> -36.895 | AC79: =SUM(AS79:AT79) -> -117.382 | AD79: =SUM(AW79:AX79) -> -83.753 | AE79: =SUM(BA79:BB79) -> -179.755 | AF79: =SUM(BE79:BF79) -> -175.384 | AG79: =SUM(BI79:BJ79) -> -419.069 | AH79: =SUM(BM79:BN79) -> -371.203 | AI79: =SUM(BQ79:BR79) -> -459.937 | AK79: =DRE_TRI!C17/1000 -> -20.26 | AL79: =DRE_TRI!D17/1000 -> -53.773 | AM79: =DRE_TRI!E17/1000 -> -23.711 | AN79: =DRE_TRI!F17/1000 -> 8.149 | AO79: =DRE_TRI!H17/1000 -> -19.683 | AP79: =DRE_TRI!I17/1000 -> -17.212 | AQ79: =DRE_TRI!J17/1000 -> -35.329 | AR79: =DRE_TRI!K17/1000 -> -24.253 | AS79: =DRE_TRI!M17/1000 -> -53.873 | AT79: =DRE_TRI!N17/1000 -> -63.509 | AU79: =DRE_TRI!O17/1000 -> -34.332 | AV79: =DRE_TRI!P17/1000 -> -40.258 | AW79: =DRE_TRI!R17/1000 -> -35.555 | AX79: =DRE_TRI!S17/1000 -> -48.198 | AY79: =DRE_TRI!T17/1000 -> -67.939 | AZ79: =DRE_TRI!U17/1000 -> -29.834 | BA79: =DRE_TRI!W17/1000 -> -74.313 | BB79: =DRE_TRI!X17/1000 -> -105.442 | BC79: =DRE_TRI!Y17/1000 -> -60.684 | BD79: =DRE_TRI!Z17/1000 -> -75.843 | BE79: =DRE_TRI!AB17/1000 -> -78.730387 | BF79: =DRE_TRI!AC17/1000 -> -96.653613 | BG79: =DRE_TRI!AD17/1000 -> -142.361 | BH79: =DRE_TRI!AE17/1000 -> -77.771 | BI79: =DRE_TRI!AG17/1000 -> -99.875 | BJ79: =DRE_TRI!AH17/1000 -> -319.194 | BK79: =DRE_TRI!AI17/1000 -> -189.88 | BL79: =DRE_TRI!AJ17/1000 -> -736.037 | BM79: =DRE_TRI!AL17/1000 -> -220.075 | BN79: =DRE_TRI!AM17/1000 -> -151.128 | BO79: =DRE_TRI!AN17/1000 -> -82.532 | BP79: =DRE_TRI!AO17/1000 -> -32.843 | BQ79: =DRE_TRI!AQ17/1000 -> -263.141 | BR79: =DRE_TRI!AR17/1000 -> -196.796
A81: EBITDA | B81: =DRE_ACM!C27/1000 -> 40.128 | C81: =DRE_ACM!D27/1000 -> 35.764 | D81: =DRE_ACM!E27/1000 -> 56.985 | E81: =DRE_ACM!F27/1000 -> 89.164 | F81: =DRE_ACM!G27/1000 -> 104.093 | G81: =DRE_ACM!H27/1000 -> 80.368 | H81: =DRE_ACM!I27/1000 -> 84.768 | I81: =SUM(AK81:AN81) -> 190.918 | J81: =SUM(AO81:AR81) -> 189.605 | K81: =SUM(AS81:AV81) -> 417.437 | L81: =SUM(AW81:AZ81) -> 381.058 | M81: =SUM(BA81:BD81) -> 575.397 | N81: =SUM(BE81:BH81) -> 499.287 | O81: =SUM(BI81:BL81) -> 1340.661 | P81: =SUM(BM81:BP81) -> 658.376 | R81: =SUM(AK81:AM81) -> 128.031 | S81: =SUM(AO81:AQ81) -> 76.997 | T81: =SUM(AS81:AU81) -> 244.709 | U81: =SUM(AW81:AY81) -> 297.508 | V81: =SUM(BA81:BC81) -> 326.223 | W81: =SUM(BE81:BG81) -> 353.679 | X81: =SUM(BI81:BK81) -> 974.7 | Y81: =SUM(BM81:BO81) -> 528.871 | AA81: =SUM(AK81:AL81) -> 88.651 | AB81: =SUM(AO81:AP81) -> 34.421 | AC81: =SUM(AS81:AT81) -> 113.171 | AD81: =SUM(AW81:AX81) -> 178.072 | AE81: =SUM(BA81:BB81) -> 217.23493 | AF81: =SUM(BE81:BF81) -> 175.991 | AG81: =SUM(BI81:BJ81) -> 609.303 | AH81: =SUM(BM81:BN81) -> 494.874 | AI81: =SUM(BQ81:BR81) -> 343.309 | AK81: =DRE_TRI!C26/1000 -> 32.426 | AL81: =DRE_TRI!D26/1000 -> 56.225 | AM81: =DRE_TRI!E26/1000 -> 39.38 | AN81: =DRE_TRI!F26/1000 -> 62.887 | AO81: =DRE_TRI!H26/1000 -> 17.843 | AP81: =DRE_TRI!I26/1000 -> 16.578 | AQ81: =DRE_TRI!J26/1000 -> 42.576 | AR81: =DRE_TRI!K26/1000 -> 112.608 | AS81: =DRE_TRI!M26/1000 -> 34.526 | AT81: =DRE_TRI!N26/1000 -> 78.645 | AU81: =DRE_TRI!O26/1000 -> 131.538 | AV81: =DRE_TRI!P26/1000 -> 172.728 | AW81: =DRE_TRI!R26/1000 -> 55.733 | AX81: =DRE_TRI!S26/1000 -> 122.339 | AY81: =DRE_TRI!T26/1000 -> 119.436 | AZ81: =DRE_TRI!U26/1000 -> 83.55 | BA81: =DRE_TRI!W26/1000 -> 54.56 | BB81: =DRE_TRI!X26/1000 -> 162.67493 | BC81: =DRE_TRI!Y26/1000 -> 108.98807 | BD81: =DRE_TRI!Z26/1000 -> 249.174 | BE81: =DRE_TRI!AB26/1000 -> 122.48495 | BF81: =DRE_TRI!AC26/1000 -> 53.506045 | BG81: =DRE_TRI!AD26/1000 -> 177.688 | BH81: =DRE_TRI!AE26/1000 -> 145.608 | BI81: =DRE_TRI!AG26/1000 -> 208.771 | BJ81: =DRE_TRI!AH26/1000 -> 400.532 | BK81: =DRE_TRI!AI26/1000 -> 365.397 | BL81: =DRE_TRI!AJ26/1000 -> 365.961 | BM81: =DRE_TRI!AL26/1000 -> 164.721 | BN81: =DRE_TRI!AM26/1000 -> 330.153 | BO81: =DRE_TRI!AN26/1000 -> 33.997 | BP81: =DRE_TRI!AO26/1000 -> 129.505 | BQ81: =DRE_TRI!AQ26/1000 -> 138.713 | BR81: =DRE_TRI!AR26/1000 -> 204.596
A82: Margem EBITDA | B82: =B81/B20 -> 0.10244209 | C82: =C81/C20 -> 0.074356368 | D82: =D81/D20 -> 0.063197855 | E82: =E81/E20 -> 0.097202448 | F82: =F81/F20 -> 0.093462735 | G82: =G81/G20 -> 0.070491938 | H82: =H81/H20 -> 0.063922914 | I82: =I81/I20 -> 0.099355164 | ... P82: =P81/P20 -> 0.040086962 | R82: =R81/R20 -> 0.0959725 | S82: =S81/S20 -> 0.049577343 | T82: =T81/T20 -> 0.11639709 | U82: =U81/U20 -> 0.080316441 | V82: =V81/V20 -> 0.0713829 | W82: =W81/W20 -> 0.059248721 | X82: =X81/X20 -> 0.10863494 | Y82: =Y81/Y20 -> 0.043864723 | AA82: =AA81/AA20 -> 0.11028531 | AB82: =AB81/AB20 -> 0.03582868 | AC82: =AC81/AC20 -> 0.090224215 | AD82: =AD81/AD20 -> 0.090178882 | AE82: =AE81/AE20 -> 0.078408923 | AF82: =AF81/AF20 -> 0.049365584 | AG82: =AG81/AG20 -> 0.11127417 | AH82: =AH81/AH20 -> 0.070075764 | AI82: =AI81/AI20 -> 0.038542226 | AK82: =AK81/AK20 -> 0.096899538 | AL82: =AL81/AL20 -> 0.11983213 | AM82: =AM81/AM20 -> 0.074273144 | AN82: =AN81/AN20 -> 0.10703576 | AO82: =AO81/AO20 -> 0.039765416 | AP82: =AP81/AP20 -> 0.032378633 | AQ82: =AQ81/AQ20 -> 0.071875516 | AR82: =AR81/AR20 -> 0.1640314 | ... BR82: =BR81/BR20 -> 0.043527365
A84: EBITDA Ajustado | B84: =DRE_ACM!C29/1000 -> 34.979 | C84: =DRE_ACM!D29/1000 -> 38.944 | D84: =DRE_ACM!E29/1000 -> 52.04 | E84: =DRE_ACM!F29/1000 -> 97.822 | F84: =DRE_ACM!G29/1000 -> 111.716 | G84: =DRE_ACM!H29/1000 -> 94.334 | H84: =DRE_ACM!I29/1000 -> 76.78 | I84: =SUM(AK84:AN84) -> 223.453 | J84: =SUM(AO84:AR84) -> 189.934 | K84: =SUM(AS84:AV84) -> 401.614 | L84: =SUM(AW84:AZ84) -> 494.929 | M84: =SUM(BA84:BD84) -> 623.097 | N84: =SUM(BE84:BH84) -> 483.415 | O84: =SUM(BI84:BL84) -> 973.59791 | P84: =SUM(BM84:BP84) -> 718.836 | R84: =SUM(AK84:AM84) -> 128.031 | S84: =SUM(AO84:AQ84) -> 76.997 | T84: =SUM(AS84:AU84) -> 216.673 | U84: =SUM(AW84:AY84) -> 317.655 | V84: =SUM(BA84:BC84) -> 328.38004 | W84: =SUM(BE84:BG84) -> 267.929 | X84: =SUM(BI84:BK84) -> 563.286 | Y84: =SUM(BM84:BO84) -> 637.541 | AA84: =SUM(AK84:AL84) -> 88.651 | AB84: =SUM(AO84:AP84) -> 30.957 | AC84: =SUM(AS84:AT84) -> 100.113 | AD84: =SUM(AW84:AX84) -> 170.098 | AE84: =SUM(BA84:BB84) -> 193.20493 | AF84: =SUM(BE84:BF84) -> 151.582 | AG84: =SUM(BI84:BJ84) -> 221.257 | AH84: =SUM(BM84:BN84) -> 471.257 | AI84: =SUM(BQ84:BR84) -> 234.703 | AK84: =DRE_TRI!C28/1000 -> 32.426 | AL84: =DRE_TRI!D28/1000 -> 56.225 | AM84: =DRE_TRI!E28/1000 -> 39.38 | AN84: =DRE_TRI!F28/1000 -> 95.422 | AO84: =DRE_TRI!H28/1000 -> 19.293 | AP84: =DRE_TRI!I28/1000 -> 11.664 | AQ84: =DRE_TRI!J28/1000 -> 46.04 | AR84: =DRE_TRI!K28/1000 -> 112.937 | AS84: =DRE_TRI!M28/1000 -> 42.952 | AT84: =DRE_TRI!N28/1000 -> 57.161 | AU84: =DRE_TRI!O28/1000 -> 116.56 | AV84: =DRE_TRI!P28/1000 -> 184.941 | AW84: =DRE_TRI!R28/1000 -> 70.386 | AX84: =DRE_TRI!S28/1000 -> 99.712 | AY84: =DRE_TRI!T28/1000 -> 147.557 | AZ84: =DRE_TRI!U28/1000 -> 177.274 | BA84: =DRE_TRI!W28/1000 -> 96.119 | BB84: =DRE_TRI!X28/1000 -> 97.085926 | BC84: =DRE_TRI!Y28/1000 -> 135.17511 | BD84: =DRE_TRI!Z28/1000 -> 294.71696 | BE84: =DRE_TRI!AB28/1000 -> 107.73018 | BF84: =DRE_TRI!AC28/1000 -> 43.851824 | BG84: =DRE_TRI!AD28/1000 -> 116.347 | BH84: =DRE_TRI!AE28/1000 -> 215.486 | BI84: =DRE_TRI!AG28/1000 -> 137.851 | BJ84: =DRE_TRI!AH28/1000 -> 83.406 | BK84: =DRE_TRI!AI28/1000 -> 342.029 | BL84: =DRE_TRI!AJ28/1000 -> 410.31191 | BM84: =DRE_TRI!AL28/1000 -> 288.86988 | BN84: =DRE_TRI!AM28/1000 -> 182.38712 | BO84: =DRE_TRI!AN28/1000 -> 166.284 | BP84: =DRE_TRI!AO28/1000 -> 81.295 | BQ84: =DRE_TRI!AQ28/1000 -> 295.837 | BR84: =DRE_TRI!AR28/1000 -> -61.134
A85: Margem EBITDA Ajustado | B85: =B84/B20 -> 0.089297293 | C85: =C84/C20 -> 0.080967855 | D85: =D84/D20 -> 0.05771372 | E85: =E84/E20 -> 0.106641 | F85: =F84/F20 -> 0.10030725 | G85: =G84/G20 -> 0.08274172 | H85: =H84/H20 -> 0.057899223 | I85: =I84/I20 -> 0.11628662 | ... P85: =P84/P20 -> 0.043768229 | R85: =R84/R20 -> 0.0959725 | S85: =S84/S20 -> 0.049577343 | T85: =T84/T20 -> 0.10306162 | U85: =U84/U20 -> 0.085755405 | V85: =V84/V20 -> 0.071854895 | W85: =W84/W20 -> 0.04488378 | X85: =X84/X20 -> 0.062780899 | Y85: =Y84/Y20 -> 0.052877846 | AA85: =AA84/AA20 -> 0.11028531 | AB85: =AB84/AB20 -> 0.032223017 | AC85: =AC84/AC20 -> 0.079813882 | AD85: =AD84/AD20 -> 0.086140704 | AE85: =AE84/AE20 -> 0.069735518 | AF85: =AF84/AF20 -> 0.042518844 | AG85: =AG84/AG20 -> 0.040407135 | AH85: =AH84/AH20 -> 0.06673152 | AI85: =AI84/AI20 -> 0.02634937 | AK85: =AK84/AK20 -> 0.096899538 | AL85: =AL84/AL20 -> 0.11983213 | AM85: =AM84/AM20 -> 0.074273144 | AN85: =AN84/AN20 -> 0.16241141 | AO85: =AO84/AO20 -> 0.042996928 | AP85: =AP84/AP20 -> 0.022781058 | AQ85: =AQ84/AQ20 -> 0.077723336 | AR85: =AR84/AR20 -> 0.16451064 | ... BR85: =BR84/BR20 -> -0.013006129
A87: EBITDA Ajustado c/ Hedge | B87: =B84+B65 -> 34.979 | C87: =C84+C65 -> 38.944 | D87: =D84+D65 -> 52.04 | E87: =E84+E65 -> 97.822 | F87: =F84+F65 -> 111.716 | G87: =G84+G65 -> 94.334 | H87: =H84+H65 -> 76.78 | I87: =I84+I65 -> 223.453 | ... P87: =P84+P65 -> 1024.656 | R87: 0 | S87: 0 | T87: 0 | U87: 0 | V87: 0 | W87: =W84+W65 -> 267.929 | X87: =X84+X65 -> 599.648 | Y87: =Y84+Y65 -> 787.984 | AA87: 0 | AB87: 0 | AC87: 0 | AD87: 0 | AE87: 0 | AF87: =AF84+AF65 -> 151.582 | AG87: =AG84+AG65 -> 243.484 | AH87: =AH84+AH65 -> 419.125 | AI87: =AI84+AI65 -> 472.933 | AK87: 0 | AL87: 0 | AM87: 0 | AN87: 0 | AO87: 0 | AP87: 0 | AQ87: 0 | AR87: 0 | AS87: 0 | AT87: 0 | AU87: 0 | AV87: 0 | AW87: 0 | AX87: 0 | AY87: 0 | AZ87: 0 | BA87: 0 | BB87: 0 | BC87: 0 | BD87: 0 | BE87: =BE84+BE65 -> 107.73018 | BF87: =BF84+BF65 -> 43.851824 | BG87: =BG84+BG65 -> 116.347 | BH87: =BH84+BH65 -> 215.486 | BI87: =BI84+BI65 -> 167.723 | BJ87: =BJ84+BJ65 -> 75.761 | BK87: =BK84+BK65 -> 356.164 | BL87: =BL84+BL65 -> 402.34191 | ... BR87: =BR84+BR65 -> 78.678
A88: Margem EBITDA Ajustado c/ Hedge | B88: =B87/B20 -> 0.089297293 | C88: =C87/C20 -> 0.080967855 | D88: =D87/D20 -> 0.05771372 | E88: =E87/E20 -> 0.106641 | F88: =F87/F20 -> 0.10030725 | G88: =G87/G20 -> 0.08274172 | H88: =H87/H20 -> 0.057899223 | I88: =I87/I20 -> 0.11628662 | ... P88: =P87/P20 -> 0.062388887 | R88: 0 | S88: 0 | T88: 0 | U88: 0 | V88: 0 | W88: =W87/W20 -> 0.04488378 | X88: =X87/X20 -> 0.066833616 | Y88: =Y87/Y20 -> 0.065355634 | AA88: 0 | AB88: 0 | AC88: 0 | AD88: 0 | AE88: 0 | AF88: =AF87/AF20 -> 0.042518844 | AG88: =AG87/AG20 -> 0.044466348 | AH88: =AH87/AH20 -> 0.05934946 | AI88: =AI87/AI20 -> 0.053094706 | AK88: 0 | AL88: 0 | AM88: 0 | AN88: 0 | AO88: 0 | AP88: 0 | AQ88: 0 | AR88: 0 | AS88: 0 | AT88: 0 | AU88: 0 | AV88: 0 | AW88: 0 | AX88: 0 | AY88: 0 | AZ88: 0 | BA88: 0 | BB88: 0 | BC88: 0 | BD88: 0 | BE88: =BE87/BE20 -> 0.059694362 | BF88: =BF87/BF20 -> 0.024910734 | BG88: =BG87/BG20 -> 0.048390408 | BH88: =BH87/BH20 -> 0.071127111 | BI88: =BI87/BI20 -> 0.062601373 | BJ88: =BJ87/BJ20 -> 0.027091665 | BK88: =BK87/BK20 -> 0.10186126 | BL88: =BL87/BL20 -> 0.10440893 | ... BR88: =BR87/BR20 -> 0.016738578
A90: IR | B90: =DRE_ACM!C20/1000 -> -3.294 | C90: =DRE_ACM!D20/1000 -> -2.242 | D90: =DRE_ACM!E20/1000 -> -2.022 | E90: =DRE_ACM!F20/1000 -> -12.469 | F90: =DRE_ACM!G20/1000 -> -3.772 | G90: =DRE_ACM!H20/1000 -> -16.017 | H90: =DRE_ACM!I20/1000 -> 21.168 | I90: =SUM(AK90:AN90) -> 5.572 | J90: =SUM(AO90:AR90) -> -7.913 | K90: =SUM(AS90:AV90) -> -29.056 | L90: =SUM(AW90:AZ90) -> 50.469 | M90: =SUM(BA90:BD90) -> 30.853 | N90: =SUM(BE90:BH90) -> 145.082 | O90: =SUM(BI90:BL90) -> -244.661 | P90: =SUM(BM90:BP90) -> -227.325 | R90: =SUM(AK90:AM90) -> 0 | S90: =SUM(AO90:AQ90) -> -4.846 | T90: =SUM(AS90:AU90) -> -13.599 | U90: =SUM(AW90:AY90) -> -18.58 | V90: =SUM(BA90:BC90) -> 33.113 | W90: =SUM(BE90:BG90) -> 130.658 | X90: =SUM(BI90:BK90) -> -227.445 | Y90: =SUM(BM90:BO90) -> -226.314 | AA90: =SUM(AK90:AL90) -> 0 | AB90: =SUM(AO90:AP90) -> -7.163 | AC90: =SUM(AS90:AT90) -> 1.401 | AD90: =SUM(AW90:AX90) -> -19.55 | AE90: =SUM(BA90:BB90) -> -34.448 | AF90: =SUM(BE90:BF90) -> 28.111 | AG90: =SUM(BI90:BJ90) -> -91.267 | AH90: =SUM(BM90:BN90) -> -176.404 | AI90: =SUM(BQ90:BR90) -> -28.72 | AK90: =DRE_TRI!C19/1000 -> 0 | AL90: =DRE_TRI!D19/1000 -> 0 | AM90: =DRE_TRI!E19/1000 -> 0 | AN90: =DRE_TRI!F19/1000 -> 5.572 | AO90: =DRE_TRI!H19/1000 -> 0 | AP90: =DRE_TRI!I19/1000 -> -7.163 | AQ90: =DRE_TRI!J19/1000 -> 2.317 | AR90: =DRE_TRI!K19/1000 -> -3.067 | AS90: =DRE_TRI!M19/1000 -> 2.585 | AT90: =DRE_TRI!N19/1000 -> -1.184 | AU90: =DRE_TRI!O19/1000 -> -15 | AV90: =DRE_TRI!P19/1000 -> -15.457 | AW90: =DRE_TRI!R19/1000 -> 6.15 | AX90: =DRE_TRI!S19/1000 -> -25.7 | AY90: =DRE_TRI!T19/1000 -> 0.97 | AZ90: =DRE_TRI!U19/1000 -> 69.049 | BA90: =DRE_TRI!W19/1000 -> 4.518 | BB90: =DRE_TRI!X19/1000 -> -38.966 | BC90: =DRE_TRI!Y19/1000 -> 67.561 | BD90: =DRE_TRI!Z19/1000 -> -2.26 | BE90: =DRE_TRI!AB19/1000 -> 9.1321158 | BF90: =DRE_TRI!AC19/1000 -> 18.978884 | BG90: =DRE_TRI!AD19/1000 -> 102.547 | BH90: =DRE_TRI!AE19/1000 -> 14.424 | BI90: =DRE_TRI!AG19/1000 -> -20.402 | BJ90: =DRE_TRI!AH19/1000 -> -70.865 | BK90: =DRE_TRI!AI19/1000 -> -136.178 | BL90: =DRE_TRI!AJ19/1000 -> -17.216 | BM90: =DRE_TRI!AL19/1000 -> -56.103 | BN90: =DRE_TRI!AM19/1000 -> -120.301 | BO90: =DRE_TRI!AN19/1000 -> -49.91 | BP90: =DRE_TRI!AO19/1000 -> -1.011 | BQ90: =DRE_TRI!AQ19/1000 -> -7.04 | BR90: =DRE_TRI!AR19/1000 -> -21.68
